Workbook
Name Azua: Prov!$C$3:$C$12
Name Bahoruco: Prov!$C$13:$C$17
Name Barahona: Prov!$C$18:$C$28
Name CodigoActividad: 'Formulario PPGR2'!$H$9:$H$721
Name Dajabon: Prov!$C$29:$C$33
Name Dajabón: Prov!$C$29:$C$33
Name Distrito_Nacional: Prov!$C$2
Name Duarte: Prov!$C$34:$C$40
Name El_Seibo: Prov!$C$41:$C$42
Name Elias_Pina: Prov!$C$43:$C$48
Name Elías_Piña: Prov!$C$43:$C$48
Name Espaillat: Prov!$C$49:$C$52
Name Hato_Mayor: Prov!$C$53:$C$55
Name Hermanas_Mirabal: Prov!$C$56:$C$58
Name Independencia: Prov!$C$59:$C$64
Name La_Altagracia: Prov!$C$65:$C$66
Name La_Romana: Prov!$C$67:$C$69
Name La_Vega: Prov!$C$70:$C$73
Name Le.1: Obj!$D$122:$D$124
Name Le.2: Obj!$D$125:$D$127
Name Le.3: Obj!$D$128:$D$134
Name Le.4: Obj!$D$134
Name ls_ComprayAlquiler: Catalogo!$G$34:$G$42
Name ls_Departamento: Catalogo!$D$37:$D$97
Name Ls_DepartamentosSRS: Catalogo!$G$170:$G$182
Name Ls_DependenciasSRS: Catalogo!$B$137:$B$142
Name ls_Direccion: Catalogo!$D$33:$D$34
Name Ls_DivisionesSRS: Catalogo!$E$145:$E$161
Name Ls_Estructura: Catalogo!$B$24:$B$29
Name Ls_GerenciasSRS: Catalogo!$E$164:$E$166
Name Ls_LinesEstategica: Obj!$B$6:$B$8
Name Ls_Medio_Verificacion: Catalogo!$B$188:$B$207
Name Ls_ObjEstrategico: Obj!$G$6:$G$21
Name Ls_Oficina: Catalogo!$D$127:$D$130
Name Ls_OficinasSRS: Catalogo!$E$179:$E$181
Name ls_Regiones: Catalogo!$B$10:$B$20
Name ls_SubDireccion: Catalogo!$D$100:$D$120
Name ls_TiposAcciones: Catalogo!$G$11:$G$14
Name ls_UnidadesSRS: Catalogo!$B$145:$B$173
Name lsAcabadosTextiles: Insumos!$C$2:$C$3
Name lsAireAcondicionado: Insumos!$C$333:$C$334
Name lsAlimentosyBebidas: Insumos!$C$4:$C$23
Name lsArticulosdePlastico: Insumos!$C$24:$C$30
Name lsElectrodomesticos: Insumos!$C$31:$C$35
Name lsEquiposComputos: Insumos!$C$132:$C$136
Name lsEquiposMedicos: Insumos!$C$44:$C$131
Name lsEquiposSeguridad: Insumos!$C$137:$C$138
Name lsEquiposTransporte: Insumos!$C$526:$C$528
Name lsEventosGenerales: Insumos!$C$139:$C$141
Name lsFuentesFinanciamiento: LSIns!$F$5:$F$8
Name lsGasoil: Insumos!$C$142:$C$149
Name lsHerramientasMenores: Insumos!$C$150:$C$179
Name lsImpresionyEncuadernacion: Insumos!$C$180
Name lsInsumos: LSIns!$B$5:$B$45
Name lsInsumosEquipos: LSIns!$F$16:$F$31
Name lsLlantasyNeumaticos: Insumos!$C$181:$C$188
Name lsMantenimiento: Insumos!$C$189:$C$202
Name lsMantenimientoyReparacion: Catalogo!$G$28:$G$31
Name lsMaterialesdeLimpieza: Insumos!$C$203:$C$217
Name lsMueblesdeAlojamiento: Insumos!$C$218:$C$219

Sheet Resumen
I1: Siglas Dependencias DC-SNS
A2: Servicio Nacional de Salud | I2: Dirección Ejecutiva (DE)
A3: Dirección de Planificación y Desarrollo | I3: Atención a Usuarios (DAU)
I4: Laboratorio e Imágenes (LCI)
A5: Cantidad acciones/actividades/trimestre | I5: Cooperación Internacional (COP)
A6: Primer Trimestre | B6: =+'Formulario PPGR2'!$J$722+'Formulario PPGR2'!$K$722+'Formulario PPGR2'!$L$722 -> 53 | I6: Calidad Institucional (DCG)
A7: Segundo Trimestre | B7: =+'Formulario PPGR2'!$M$722+'Formulario PPGR2'!$N$722+'Formulario PPGR2'!$O$722 -> 75 | I7: Administración (ADM)
A8: Tercer Trimestre | B8: =+'Formulario PPGR2'!$P$722+'Formulario PPGR2'!$Q$722+'Formulario PPGR2'!$R$722 -> 79 | I8: Dirección Centros Hospitalarios (DCH)
A9: Cuarto Trimestre | B9: =+'Formulario PPGR2'!$S$722+'Formulario PPGR2'!$T$722+'Formulario PPGR2'!$U$722 -> 78 | I9: Servicios de Atención Emergencias Extrahospitalaria (DAEH)
A10: Total actividades del año | B10: =SUM(B6:B9) -> 285 | I10: Comunicaciones (DCE)
I11: Financiero (DFI)
I12: Gestión Clínica (DGC)
I13: Proyectos Institucionales (DPI)
I14: Cuidados de Enfermería (ENF)
I15: Desarrollo Institucional (DDI)
I16: Seguimiento, Evaluación y Calidad de los Servicios de Salud (GCSS)
A17: Tabla Resumen POA | B17: {=+'Formulario PPGR1'!M2:O2} -> 2025 | C17: 0 | D17: 0 | I17: Oficina Equidad Género (OEG)
A18: Área Organizacional | B18: Presupuesto | C18: Nº Productos | D18: Nº Actividades | E18: % (Productos) | F18: % (Actividades) | G18: % (Presupuesto) | I18: Recursos Humanos (DRH)
A19: Departamento Seguridad Física | B19: Pend. validación ADM | C19: 1 | D19: 383 | E19: =+C19/$C$41 -> 0.010416667 | F19: =+D19/$D$41 -> 0.094288528 | G19: =+B19/$B$41 -> #VALUE! | I19: Infraestructura y Equipos (DIE)
A20: Dirección Comunicaciones | B20: Pend. validación ADM | C20: 3 | D20: 118 | E20: =+C20/$C$41 -> 0.03125 | F20: =+D20/$D$41 -> 0.029049729 | G20: =+B20/$B$41 -> #VALUE! | I20: Jurídica (DCJ)
A21: Dirección Jurídica | B21: Pend. validación ADM | C21: 3 | D21: 33 | E21: =+C21/$C$41 -> 0.03125 | F21: =+D21/$D$41 -> 0.0081240768 | G21: =+B21/$B$41 -> #VALUE! | I21: Formulación, Monitoreo y Evaluación de PPP (FME)
A22: Dirección Control y Fiscalización | B22: Pend. validación ADM | C22: 1 | D22: 69 | E22: =+C22/$C$41 -> 0.010416667 | F22: =+D22/$D$41 -> 0.016986706 | G22: =+B22/$B$41 -> #VALUE! | I22: Planificación (DPD)
A23: Dirección Planificación y Desarrollo | B23: Pend. validación ADM | C23: 11 | D23: 253 | E23: =+C23/$C$41 -> 0.11458333 | F23: =+D23/$D$41 -> 0.062284589 | G23: =+B23/$B$41 -> #VALUE! | I23: Dirección Primer Nivel (DPN)
A24: Dirección Recursos Humanos | B24: Pend. validación ADM | C24: 7 | D24: 154 | E24: =+C24/$C$41 -> 0.072916667 | F24: =+D24/$D$41 -> 0.037912358 | G24: =+B24/$B$41 -> #VALUE! | I24: Asistencia a la Red (DAR)
A25: Oficina Acceso a la Información | B25: Pend. validación ADM | C25: 1 | D25: 35 | E25: =+C25/$C$41 -> 0.010416667 | F25: =+D25/$D$41 -> 0.0086164451 | G25: =+B25/$B$41 -> #VALUE! | I25: Seguridad Física (DSF)
A26: Dirección Administrativa | B26: Pend. validación ADM | C26: 4 | D26: 79 | E26: =+C26/$C$41 -> 0.041666667 | F26: =+D26/$D$41 -> 0.019448548 | G26: =+B26/$B$41 -> #VALUE! | I26: Sistema de Información (DGI)
A27: Dirección de Tecnología de la Información | B27: Pend. validación ADM | C27: 1 | D27: 57 | E27: =+C27/$C$41 -> 0.010416667 | F27: =+D27/$D$41 -> 0.014032496 | G27: =+B27/$B$41 -> #VALUE! | I27: Tecnología de la Información (DTI)
A28: Dirección Financiera | B28: Pend. validación ADM | C28: 2 | D28: 39 | E28: =+C28/$C$41 -> 0.020833333 | F28: =+D28/$D$41 -> 0.0096011817 | G28: =+B28/$B$41 -> #VALUE! | I28: Monitoreo Calidad de los Servicios de Salud (MCS)
A29: Dirección Infraestructura y Equipos | B29: Pend. validación ADM | C29: 4 | D29: 838 | E29: =+C29/$C$41 -> 0.041666667 | F29: =+D29/$D$41 -> 0.20630231 | G29: =+B29/$B$41 -> #VALUE! | I29: Materno-Infantil (MIA)
A30: Dirección Primer Nivel | B30: Pend. validación ADM | C30: 11 | D30: 165 | E30: =+C30/$C$41 -> 0.11458333 | F30: =+D30/$D$41 -> 0.040620384 | G30: =+B30/$B$41 -> #VALUE! | I30: Oficina de Acceso a la Información (OAI)
... A40: Coordinación Programas de Salud | B40: Pend. validación ADM | C40: 1 | D40: 12 | E40: =+C40/$C$41 -> 0.010416667 | F40: =+D40/$D$41 -> 0.0029542097 | G40: =+B40/$B$41 -> #VALUE! | I40: Activo Fijo (DAF)
A41: Total | B41: =SUM(B23:B40) -> 0 | C41: =SUM(C19:C40) -> 96 | D41: =SUM(D19:D40) -> 4062 | E41: =SUM(E19:E40) -> 1 | F41: =SUM(F19:F40) -> 1 | G41: =SUM(G19:G40) -> #VALUE! | I41: Almacén y Suministros (DAS)
I42: Litigios (LIT)
I43: Elaboración de Documentos Legales (EDL)
I44: Gestión de Servicios de Laboratorio y Sangre (GLS)
I45: Gestión Servicios de Imágenes (GSI)
I46: Desarrollo Laboratorios e Imágenes (DLI)
I47: Desarrollo Servicios de Emergencias Médicas (DSE)
I48: Prevención y Gestión de Riesgos y Desastres (GRD-DAEH)
I49: Operaciones de Emergencias de Centros de Salud (OEC)
I50: Gestión de Emergencias Extrahospitalaria (GEE-DAEH)
I51: Registro, Control y Nómina (RCN)
I52: Evaluación Desempeño y Capacitación (EDC)
I53: Relaciones Laborales y Seguridad Social (RLS)
... I73: Coordinación Programas de Salud (CPS)

Sheet Formulario PPGR1
G2: Servicio Nacional de Salud | L2: Año del POA: | M2: 2025
G3: Dirección de Planificación y Desarrollo | L3: Servicio Regional de Salud: | M3: SNS - Dirección Central | Q3: =VLOOKUP(M3,Catalogo!$B$10:$C$20,2,FALSE) -> Ls_Estructura
G4: Plan Operativo Anual | L4: Estructura: | M4: Dirección | Q4: =IF(Q3="Ls_Estructura",VLOOKUP(M4,Catalogo!B24:C28,2,FALSE),VLOOKUP(M4,Catalogo!$B$137:$C$141,2,FALSE)) -> Ls_Direccion
G5: Identificación de Productos/Resultados | L5: =IF(Q3="Ls_Estructura",VLOOKUP($M$4,Catalogo!$B$24:$D$29,3,FALSE),VLOOKUP($M$4,Catalogo!$B$137:$D$141,3,FALSE)) -> Dirección: | M5: SNS - Dirección Central
B8: ID_Dependendencia | C8: POA | D8: SRS | E8: AREA | F8: Eje Estratégico | G8: Cod_LE | H8: Objetivo | I8: Cod_Obj | J8: Resultado esperado | K8: Productos | L8: Indicador | M8: Unidad de medida | N8: Línea Base | O8: Meta | P8: Supuestos | Q8: Dependencia responsable
B9: =IF('Formulario PPGR1'!$F9="","",CONCATENATE('Formulario PPGR1'!$C9,".",'Formulario PPGR1'!$D9,".",'Formulario PPGR1'!$E9,".",#REF!)) -> #REF! | C9: =IF('Formulario PPGR1'!$F9="","",#REF!) -> #REF! | D9: =IF('Formulario PPGR1'!$F9="","",#REF!) -> #REF! | E9: =IF('Formulario PPGR1'!$F9="","",#REF!) -> #REF! | F9: LE.1 - Desarrollo y fortalecimiento de las redes integradas de servicios de salud fundamentada en el Modelo de Atención | G9: {=_xlfn.XLOOKUP($F9,LE_tbl[[#All],[Ls_LinesEstategica]],LE_tbl[[#All],[Le_code]],"",0)} -> LE.1 | H9: 1.1 Fortalecer los niveles de atención priorizando el Primer Nivel de Atención, incrementando su capacidad de resolución para satisfacer eficientemente las necesidades de salud de la población. | I9: =_xlfn.XLOOKUP($H9,Obj!$D$122:$D$134,Obj!$E$122:$E$134,"",0) -> Obj1.1 | J9: 1.1.1 Primer Nivel de Atención fortalecido y con alta resolución para garantizar la prestación de servicios integrales de promoción de la salud, prevención de la enfermedad, diagnóstico, tratamiento, rehabilitación y cuidados paliativos; condicionada a la necesidades de salud y características de la población | K9: 1.1.1.1 Fortalecimiento del cumplimiento de buenas prácticas de almacenamiento, recepción, distribución y dispensación de medicamentos e insumos en los establecimientos del Primer Nivel | L9: Porcentaje de disponibilidad de medicamentos trazadores en el PNA | M9: Porcentaje | N9: 86% (2023) | O9: 0.95 | Q9: Dirección Medicamentos e Insumos
B10: =IF('Formulario PPGR1'!$F10="","",CONCATENATE('Formulario PPGR1'!$C10,".",'Formulario PPGR1'!$D10,".",'Formulario PPGR1'!$E10,".",#REF!)) -> #REF! | C10: =IF('Formulario PPGR1'!$F10="","",#REF!) -> #REF! | D10: =IF('Formulario PPGR1'!$F10="","",#REF!) -> #REF! | E10: =IF('Formulario PPGR1'!$F10="","",#REF!) -> #REF! | F10: LE.1 - Desarrollo y fortalecimiento de las redes integradas de servicios de salud fundamentada en el Modelo de Atención | G10: {=_xlfn.XLOOKUP($F10,LE_tbl[[#All],[Ls_LinesEstategica]],LE_tbl[[#All],[Le_code]],"",0)} -> LE.1 | H10: 1.1 Fortalecer los niveles de atención priorizando el Primer Nivel de Atención, incrementando su capacidad de resolución para satisfacer eficientemente las necesidades de salud de la población. | I10: =_xlfn.XLOOKUP($H10,Obj!$D$122:$D$134,Obj!$E$122:$E$134,"",0) -> Obj1.1 | J10: 1.1.1 Primer Nivel de Atención fortalecido y con alta resolución para garantizar la prestación de servicios integrales de promoción de la salud, prevención de la enfermedad, diagnóstico, tratamiento, rehabilitación y cuidados paliativos; condicionada a la necesidades de salud y características de la población | K10: 1.1.1.2 Proyecto de Fortalecimiento de la provisión de los servicios de Salud para la prevención y gestión de las Enfermedades Crónicas No Transmisibles: Diabetes y Enfermedades Cardiovasculares. HEARTS | L10: Porcentaje de individuos diagnosticados con hipertensión arterial en seguimiento y tratamiento, según protocolo | M10: Porcentaje | N10: 61% (2023) | O10: 0.75 | Q10: Dirección Asistencia a la Red Dirección Primer Nivel
B11: =IF('Formulario PPGR1'!$F11="","",CONCATENATE('Formulario PPGR1'!$C11,".",'Formulario PPGR1'!$D11,".",'Formulario PPGR1'!$E11,".",#REF!)) -> #REF! | C11: =IF('Formulario PPGR1'!$F11="","",#REF!) -> #REF! | D11: =IF('Formulario PPGR1'!$F11="","",#REF!) -> #REF! | E11: =IF('Formulario PPGR1'!$F11="","",#REF!) -> #REF! | F11: LE.1 - Desarrollo y fortalecimiento de las redes integradas de servicios de salud fundamentada en el Modelo de Atención | G11: {=_xlfn.XLOOKUP($F11,LE_tbl[[#All],[Ls_LinesEstategica]],LE_tbl[[#All],[Le_code]],"",0)} -> LE.1 | H11: 1.1 Fortalecer los niveles de atención priorizando el Primer Nivel de Atención, incrementando su capacidad de resolución para satisfacer eficientemente las necesidades de salud de la población. | I11: =_xlfn.XLOOKUP($H11,Obj!$D$122:$D$134,Obj!$E$122:$E$134,"",0) -> Obj1.1 | J11: 1.1.1 Primer Nivel de Atención fortalecido y con alta resolución para garantizar la prestación de servicios integrales de promoción de la salud, prevención de la enfermedad, diagnóstico, tratamiento, rehabilitación y cuidados paliativos; condicionada a la necesidades de salud y características de la población | K11: 1.1.1.2 Proyecto de Fortalecimiento de la provisión de los servicios de Salud para la prevención y gestión de las Enfermedades Crónicas No Transmisibles: Diabetes y Enfermedades Cardiovasculares. HEARTS | L11: Porcentaje de individuos diagnosticados con Diabetes tipo II en seguimiento y tratamiento, según protocolo | M11: Porcentaje | N11: 52% (2023) | O11: 0.65 | Q11: Dirección Asistencia a la Red Dirección Primer Nivel
B12: =IF('Formulario PPGR1'!$F12="","",CONCATENATE('Formulario PPGR1'!$C12,".",'Formulario PPGR1'!$D12,".",'Formulario PPGR1'!$E12,".",#REF!)) -> #REF! | C12: =IF('Formulario PPGR1'!$F12="","",#REF!) -> #REF! | D12: =IF('Formulario PPGR1'!$F12="","",#REF!) -> #REF! | E12: =IF('Formulario PPGR1'!$F12="","",#REF!) -> #REF! | F12: LE.1 - Desarrollo y fortalecimiento de las redes integradas de servicios de salud fundamentada en el Modelo de Atención | G12: {=_xlfn.XLOOKUP($F12,LE_tbl[[#All],[Ls_LinesEstategica]],LE_tbl[[#All],[Le_code]],"",0)} -> LE.1 | H12: 1.1 Fortalecer los niveles de atención priorizando el Primer Nivel de Atención, incrementando su capacidad de resolución para satisfacer eficientemente las necesidades de salud de la población. | I12: =_xlfn.XLOOKUP($H12,Obj!$D$122:$D$134,Obj!$E$122:$E$134,"",0) -> Obj1.1 | J12: 1.1.1 Primer Nivel de Atención fortalecido y con alta resolución para garantizar la prestación de servicios integrales de promoción de la salud, prevención de la enfermedad, diagnóstico, tratamiento, rehabilitación y cuidados paliativos; condicionada a la necesidades de salud y características de la población | K12: 1.1.1.3 Mejora de la adscripción de las Fichas Familiares | L12: Porcentaje de población adscrita al primer nivel de atención | M12: Porcentaje | N12: 9% (2023) | O12: 0.1 | Q12: Dirección Primer Nivel
B13: =IF('Formulario PPGR1'!$F13="","",CONCATENATE('Formulario PPGR1'!$C13,".",'Formulario PPGR1'!$D13,".",'Formulario PPGR1'!$E13,".",#REF!)) -> #REF! | C13: =IF('Formulario PPGR1'!$F13="","",#REF!) -> #REF! | D13: =IF('Formulario PPGR1'!$F13="","",#REF!) -> #REF! | E13: =IF('Formulario PPGR1'!$F13="","",#REF!) -> #REF! | F13: LE.1 - Desarrollo y fortalecimiento de las redes integradas de servicios de salud fundamentada en el Modelo de Atención | G13: {=_xlfn.XLOOKUP($F13,LE_tbl[[#All],[Ls_LinesEstategica]],LE_tbl[[#All],[Le_code]],"",0)} -> LE.1 | H13: 1.1 Fortalecer los niveles de atención priorizando el Primer Nivel de Atención, incrementando su capacidad de resolución para satisfacer eficientemente las necesidades de salud de la población. | I13: =_xlfn.XLOOKUP($H13,Obj!$D$122:$D$134,Obj!$E$122:$E$134,"",0) -> Obj1.1 | J13: 1.1.1 Primer Nivel de Atención fortalecido y con alta resolución para garantizar la prestación de servicios integrales de promoción de la salud, prevención de la enfermedad, diagnóstico, tratamiento, rehabilitación y cuidados paliativos; condicionada a la necesidades de salud y características de la población | K13: 1.1.1.3 Mejora de la adscripción de las Fichas Familiares | L13: Proporción de consultas del SNS realizadas en el primer nivel de atención | M13: Porcentaje | N13: S/D | O13: 0.4 | Q13: Dirección Primer Nivel
B14: =IF('Formulario PPGR1'!$F14="","",CONCATENATE('Formulario PPGR1'!$C14,".",'Formulario PPGR1'!$D14,".",'Formulario PPGR1'!$E14,".",#REF!)) -> #REF! | C14: =IF('Formulario PPGR1'!$F14="","",#REF!) -> #REF! | D14: =IF('Formulario PPGR1'!$F14="","",#REF!) -> #REF! | E14: =IF('Formulario PPGR1'!$F14="","",#REF!) -> #REF! | F14: LE.1 - Desarrollo y fortalecimiento de las redes integradas de servicios de salud fundamentada en el Modelo de Atención | G14: {=_xlfn.XLOOKUP($F14,LE_tbl[[#All],[Ls_LinesEstategica]],LE_tbl[[#All],[Le_code]],"",0)} -> LE.1 | H14: 1.1 Fortalecer los niveles de atención priorizando el Primer Nivel de Atención, incrementando su capacidad de resolución para satisfacer eficientemente las necesidades de salud de la población. | I14: =_xlfn.XLOOKUP($H14,Obj!$D$122:$D$134,Obj!$E$122:$E$134,"",0) -> Obj1.1 | J14: 1.1.2 Reducida la carga de las enfermedades crónicas incluidos los diferentes tipos de cáncer, los trastornos de salud mental, así como ante discapacidad, violencia y traumatismos, a través de servicios de atención que faciliten la detección temprana y la continuidad de la atención, eliminando las brechas en el acceso y utilización de los servicios de salud. | K14: 1.1.2.1 Ampliación de la cobertura y acceso a servicios de salud mental | L14: Porcentaje de Consultas de Salud Mental en la Red Pública | M14: Porcentaje | N14: 2.22% (2023) | O14: 0.03 | Q14: Dirección Asistencia a la Red
B15: =IF('Formulario PPGR1'!$F15="","",CONCATENATE('Formulario PPGR1'!$C15,".",'Formulario PPGR1'!$D15,".",'Formulario PPGR1'!$E15,".",#REF!)) -> #REF! | C15: =IF('Formulario PPGR1'!$F15="","",#REF!) -> #REF! | D15: =IF('Formulario PPGR1'!$F15="","",#REF!) -> #REF! | E15: =IF('Formulario PPGR1'!$F15="","",#REF!) -> #REF! | F15: LE.1 - Desarrollo y fortalecimiento de las redes integradas de servicios de salud fundamentada en el Modelo de Atención | G15: {=_xlfn.XLOOKUP($F15,LE_tbl[[#All],[Ls_LinesEstategica]],LE_tbl[[#All],[Le_code]],"",0)} -> LE.1 | H15: 1.1 Fortalecer los niveles de atención priorizando el Primer Nivel de Atención, incrementando su capacidad de resolución para satisfacer eficientemente las necesidades de salud de la población. | I15: =_xlfn.XLOOKUP($H15,Obj!$D$122:$D$134,Obj!$E$122:$E$134,"",0) -> Obj1.1 | J15: 1.1.2 Reducida la carga de las enfermedades crónicas incluidos los diferentes tipos de cáncer, los trastornos de salud mental, así como ante discapacidad, violencia y traumatismos, a través de servicios de atención que faciliten la detección temprana y la continuidad de la atención, eliminando las brechas en el acceso y utilización de los servicios de salud. | K15: 1.1.2.2 Implementación del Programa Orientado a Resultados Detección Oportuna y Atención del Cáncer de Mama, Cervix y Próstata | L15: Porcentaje de mujeres mayores de 40 años que han realizado mamografía en el último año | M15: Porcentaje | N15: 1.8% (2023) | O15: 0.02 | Q15: Coordinación Programas de Salud Dirección Asistencia a la Red Dirección Materno Infantil y Adolescente Dirección Laboratorio e Imágenes Dirección Centros Hospitalarios
B16: =IF('Formulario PPGR1'!$F16="","",CONCATENATE('Formulario PPGR1'!$C16,".",'Formulario PPGR1'!$D16,".",'Formulario PPGR1'!$E16,".",#REF!)) -> #REF! | C16: =IF('Formulario PPGR1'!$F16="","",#REF!) -> #REF! | D16: =IF('Formulario PPGR1'!$F16="","",#REF!) -> #REF! | E16: =IF('Formulario PPGR1'!$F16="","",#REF!) -> #REF! | F16: LE.1 - Desarrollo y fortalecimiento de las redes integradas de servicios de salud fundamentada en el Modelo de Atención | G16: {=_xlfn.XLOOKUP($F16,LE_tbl[[#All],[Ls_LinesEstategica]],LE_tbl[[#All],[Le_code]],"",0)} -> LE.1 | H16: 1.1 Fortalecer los niveles de atención priorizando el Primer Nivel de Atención, incrementando su capacidad de resolución para satisfacer eficientemente las necesidades de salud de la población. | I16: =_xlfn.XLOOKUP($H16,Obj!$D$122:$D$134,Obj!$E$122:$E$134,"",0) -> Obj1.1 | J16: 1.1.2 Reducida la carga de las enfermedades crónicas incluidos los diferentes tipos de cáncer, los trastornos de salud mental, así como ante discapacidad, violencia y traumatismos, a través de servicios de atención que faciliten la detección temprana y la continuidad de la atención, eliminando las brechas en el acceso y utilización de los servicios de salud. | K16: 1.1.2.2 Implementación del Programa Orientado a Resultados Detección Oportuna y Atención del Cáncer de Mama, Cervix y Próstata | L16: Porcentaje de mujeres que han realizado Papanicolaou en el último año | M16: Porcentaje | N16: 3.78% (2023) | O16: 0.0471 | Q16: Coordinación Programas de Salud Dirección Asistencia a la Red Dirección Materno Infantil y Adolescente Dirección Laboratorio e Imágenes Dirección Centros Hospitalarios Dirección Primer Nivel
B17: =IF('Formulario PPGR1'!$F17="","",CONCATENATE('Formulario PPGR1'!$C17,".",'Formulario PPGR1'!$D17,".",'Formulario PPGR1'!$E17,".",#REF!)) -> #REF! | C17: =IF('Formulario PPGR1'!$F17="","",#REF!) -> #REF! | D17: =IF('Formulario PPGR1'!$F17="","",#REF!) -> #REF! | E17: =IF('Formulario PPGR1'!$F17="","",#REF!) -> #REF! | F17: LE.1 - Desarrollo y fortalecimiento de las redes integradas de servicios de salud fundamentada en el Modelo de Atención | G17: {=_xlfn.XLOOKUP($F17,LE_tbl[[#All],[Ls_LinesEstategica]],LE_tbl[[#All],[Le_code]],"",0)} -> LE.1 | H17: 1.1 Fortalecer los niveles de atención priorizando el Primer Nivel de Atención, incrementando su capacidad de resolución para satisfacer eficientemente las necesidades de salud de la población. | I17: =_xlfn.XLOOKUP($H17,Obj!$D$122:$D$134,Obj!$E$122:$E$134,"",0) -> Obj1.1 | J17: 1.1.2 Reducida la carga de las enfermedades crónicas incluidos los diferentes tipos de cáncer, los trastornos de salud mental, así como ante discapacidad, violencia y traumatismos, a través de servicios de atención que faciliten la detección temprana y la continuidad de la atención, eliminando las brechas en el acceso y utilización de los servicios de salud. | K17: 1.1.2.2 Implementación del Programa Orientado a Resultados Detección Oportuna y Atención del Cáncer de Mama, Cervix y Próstata | L17: Porcentaje de hombres que han realizado examen de próstata en el último año | M17: Porcentaje | N17: 1.12% (2023) | O17: 0.0116 | Q17: Coordinación Programas de Salud Dirección Asistencia a la Red Dirección Laboratorio e Imágenes Dirección Centros Hospitalarios
B18: =IF('Formulario PPGR1'!$F18="","",CONCATENATE('Formulario PPGR1'!$C18,".",'Formulario PPGR1'!$D18,".",'Formulario PPGR1'!$E18,".",#REF!)) -> #REF! | C18: =IF('Formulario PPGR1'!$F18="","",#REF!) -> #REF! | D18: =IF('Formulario PPGR1'!$F18="","",#REF!) -> #REF! | E18: =IF('Formulario PPGR1'!$F18="","",#REF!) -> #REF! | F18: LE.1 - Desarrollo y fortalecimiento de las redes integradas de servicios de salud fundamentada en el Modelo de Atención | G18: {=_xlfn.XLOOKUP($F18,LE_tbl[[#All],[Ls_LinesEstategica]],LE_tbl[[#All],[Le_code]],"",0)} -> LE.1 | H18: 1.1 Fortalecer los niveles de atención priorizando el Primer Nivel de Atención, incrementando su capacidad de resolución para satisfacer eficientemente las necesidades de salud de la población. | I18: =_xlfn.XLOOKUP($H18,Obj!$D$122:$D$134,Obj!$E$122:$E$134,"",0) -> Obj1.1 | J18: 1.1.2 Reducida la carga de las enfermedades crónicas incluidos los diferentes tipos de cáncer, los trastornos de salud mental, así como ante discapacidad, violencia y traumatismos, a través de servicios de atención que faciliten la detección temprana y la continuidad de la atención, eliminando las brechas en el acceso y utilización de los servicios de salud. | K18: 1.1.2.3 Implementación del Programa Orientado a Resultados Detección Temprana de Déficit Auditivo | L18: Porcentaje de ejecución metas físicas del PoR Déficit Auditivo | M18: Porcentaje | N18: S/D | O18: 0.95 | Q18: Dirección Materno Infantil y Adolescente Dirección Centros Hospitalarios
B19: =IF('Formulario PPGR1'!$F19="","",CONCATENATE('Formulario PPGR1'!$C19,".",'Formulario PPGR1'!$D19,".",'Formulario PPGR1'!$E19,".",#REF!)) -> #REF! | C19: =IF('Formulario PPGR1'!$F19="","",#REF!) -> #REF! | D19: =IF('Formulario PPGR1'!$F19="","",#REF!) -> #REF! | E19: =IF('Formulario PPGR1'!$F19="","",#REF!) -> #REF! | F19: LE.1 - Desarrollo y fortalecimiento de las redes integradas de servicios de salud fundamentada en el Modelo de Atención | G19: {=_xlfn.XLOOKUP($F19,LE_tbl[[#All],[Ls_LinesEstategica]],LE_tbl[[#All],[Le_code]],"",0)} -> LE.1 | H19: 1.1 Fortalecer los niveles de atención priorizando el Primer Nivel de Atención, incrementando su capacidad de resolución para satisfacer eficientemente las necesidades de salud de la población. | I19: =_xlfn.XLOOKUP($H19,Obj!$D$122:$D$134,Obj!$E$122:$E$134,"",0) -> Obj1.1 | J19: 1.1.3 Reducida la morbi-mortalidad de las enfermedades transmisibles, incluidas la infección por el VIH/SIDA, la Tuberculosis, las infecciones de transmisión sexual, las hepatitis virales, enfermedades transmitidas por vectores, enfermedades desatendidas, tropicales y zoonóticas, y las enfermedades prevenibles mediante vacunación; con especial atención en las poblaciones vulnerables | K19: 1.1.3.1 Proyecto sobre la Iniciativa Regional para la Eliminación de la Malaria (IREM) | L19: Porcentaje de implementación del proyecto IREM segpun la programación del periodo | M19: Porcentaje | N19: S/D | O19: 0.85 | Q19: Dirección Asistencia a la Red Dirección Laboratorio e Imágenes Dirección Primer Nivel de Atención
B20: =IF('Formulario PPGR1'!$F20="","",CONCATENATE('Formulario PPGR1'!$C20,".",'Formulario PPGR1'!$D20,".",'Formulario PPGR1'!$E20,".",#REF!)) -> #REF! | C20: =IF('Formulario PPGR1'!$F20="","",#REF!) -> #REF! | D20: =IF('Formulario PPGR1'!$F20="","",#REF!) -> #REF! | E20: =IF('Formulario PPGR1'!$F20="","",#REF!) -> #REF! | F20: LE.1 - Desarrollo y fortalecimiento de las redes integradas de servicios de salud fundamentada en el Modelo de Atención | G20: {=_xlfn.XLOOKUP($F20,LE_tbl[[#All],[Ls_LinesEstategica]],LE_tbl[[#All],[Le_code]],"",0)} -> LE.1 | H20: 1.1 Fortalecer los niveles de atención priorizando el Primer Nivel de Atención, incrementando su capacidad de resolución para satisfacer eficientemente las necesidades de salud de la población. | I20: =_xlfn.XLOOKUP($H20,Obj!$D$122:$D$134,Obj!$E$122:$E$134,"",0) -> Obj1.1 | J20: 1.1.3 Reducida la morbi-mortalidad de las enfermedades transmisibles, incluidas la infección por el VIH/SIDA, la Tuberculosis, las infecciones de transmisión sexual, las hepatitis virales, enfermedades transmitidas por vectores, enfermedades desatendidas, tropicales y zoonóticas, y las enfermedades prevenibles mediante vacunación; con especial atención en las poblaciones vulnerables | K20: 1.1.3.2 Programa de fortalecimiento de la gestión de los Servicios de Atención Integral (SAIs) para el VIH-SIDA en todos sus componentes | L20: Al menos el 95 % de las personas que viven con el VIH conocen su estado serológico | M20: Porcentaje | N20: 100% (2024) | O20: 0.95 | Q20: Dirección Asistencia a la Red Dirección Laboratorio e Imágenes
... B26: =IF('Formulario PPGR1'!$F26="","",CONCATENATE('Formulario PPGR1'!$C26,".",'Formulario PPGR1'!$D26,".",'Formulario PPGR1'!$E26,".",#REF!)) -> #REF! | C26: =IF('Formulario PPGR1'!$F26="","",#REF!) -> #REF! | D26: =IF('Formulario PPGR1'!$F26="","",#REF!) -> #REF! | E26: =IF('Formulario PPGR1'!$F26="","",#REF!) -> #REF! | F26: LE.1 - Desarrollo y fortalecimiento de las redes integradas de servicios de salud fundamentada en el Modelo de Atención | G26: {=_xlfn.XLOOKUP($F26,LE_tbl[[#All],[Ls_LinesEstategica]],LE_tbl[[#All],[Le_code]],"",0)} -> LE.1 | H26: 1.1 Fortalecer los niveles de atención priorizando el Primer Nivel de Atención, incrementando su capacidad de resolución para satisfacer eficientemente las necesidades de salud de la población. | I26: =_xlfn.XLOOKUP($H26,Obj!$D$122:$D$134,Obj!$E$122:$E$134,"",0) -> Obj1.1 | J26: 1.1.4 Garantizado el cierre de brecha según cartera de servicios y Modelo de Atención en términos de recursos, a través del adecuado financiamiento del PN con las metas de la Red Pública | K26: 1.1.1.4 Direccionalizado los planes de desarrollo e inversión de los SRS hacia el fortalecimiento del PNA | L26: Porcentaje de ejecuión de los planes de inversión | M26: Porcentaje | N26: 25% (2023) | O26: 0.6 | Q26: Dirección Primer Nivel
B27: =IF('Formulario PPGR1'!$F27="","",CONCATENATE('Formulario PPGR1'!$C27,".",'Formulario PPGR1'!$D27,".",'Formulario PPGR1'!$E27,".",#REF!)) -> #REF! | C27: =IF('Formulario PPGR1'!$F27="","",#REF!) -> #REF! | D27: =IF('Formulario PPGR1'!$F27="","",#REF!) -> #REF! | E27: =IF('Formulario PPGR1'!$F27="","",#REF!) -> #REF! | F27: LE.1 - Desarrollo y fortalecimiento de las redes integradas de servicios de salud fundamentada en el Modelo de Atención | G27: {=_xlfn.XLOOKUP($F27,LE_tbl[[#All],[Ls_LinesEstategica]],LE_tbl[[#All],[Le_code]],"",0)} -> LE.1 | H27: 1.2 Avanzar en la articulación de las redes de servicios, asegurando que la atención sea integral y acorde con las necesidades territoriales de la población. | I27: =_xlfn.XLOOKUP($H27,Obj!$D$122:$D$134,Obj!$E$122:$E$134,"",0) -> Obj1.2 | J27: 1.2.1 Redes de servicios integradas y con mayor resolución para coordinar la prestación de servicios integrales de promoción de la salud, prevención de la enfermedad, diagnóstico, tratamiento, rehabilitación y cuidados paliativos; condicionada a la necesidades de salud y características de la población, con miras hacia la consecución progresiva del acceso universal a la salud y la cobertura universal de salud | K27: 1.2.1.1 Fortalecimiento del cumplimiento de buenas prácticas de almacenamiento, recepción, distribución y dispensación de medicamentos e insumos en los CEAS | L27: Porcentaje de disponibilidad de medicamentos trazadores en los CEAS | M27: Porcentaje | N27: 86% (2023) | O27: 0.95 | Q27: Dirección Medicamentos e Insumos | V27: Gestión Integral de Información
B28: =IF('Formulario PPGR1'!$F28="","",CONCATENATE('Formulario PPGR1'!$C28,".",'Formulario PPGR1'!$D28,".",'Formulario PPGR1'!$E28,".",#REF!)) -> #REF! | C28: =IF('Formulario PPGR1'!$F28="","",#REF!) -> #REF! | D28: =IF('Formulario PPGR1'!$F28="","",#REF!) -> #REF! | E28: =IF('Formulario PPGR1'!$F28="","",#REF!) -> #REF! | F28: LE.1 - Desarrollo y fortalecimiento de las redes integradas de servicios de salud fundamentada en el Modelo de Atención | G28: {=_xlfn.XLOOKUP($F28,LE_tbl[[#All],[Ls_LinesEstategica]],LE_tbl[[#All],[Le_code]],"",0)} -> LE.1 | H28: 1.2 Avanzar en la articulación de las redes de servicios, asegurando que la atención sea integral y acorde con las necesidades territoriales de la población. | I28: =_xlfn.XLOOKUP($H28,Obj!$D$122:$D$134,Obj!$E$122:$E$134,"",0) -> Obj1.2 | J28: 1.2.1 Redes de servicios integradas y con mayor resolución para coordinar la prestación de servicios integrales de promoción de la salud, prevención de la enfermedad, diagnóstico, tratamiento, rehabilitación y cuidados paliativos; condicionada a la necesidades de salud y características de la población, con miras hacia la consecución progresiva del acceso universal a la salud y la cobertura universal de salud | K28: 1.2.1.2 Expansión de Sistema de administración logística de medicamentos e insumos (SALMI) | L28: Porcentaje de establecimientos programados (expansión) que utilizan SALMI | M28: Porcentaje | N28: 50% (2023) | O28: 0.8 | Q28: Dirección Medicamentos e Insumos
B29: =IF('Formulario PPGR1'!$F29="","",CONCATENATE('Formulario PPGR1'!$C29,".",'Formulario PPGR1'!$D29,".",'Formulario PPGR1'!$E29,".",#REF!)) -> #REF! | C29: =IF('Formulario PPGR1'!$F29="","",#REF!) -> #REF! | D29: =IF('Formulario PPGR1'!$F29="","",#REF!) -> #REF! | E29: =IF('Formulario PPGR1'!$F29="","",#REF!) -> #REF! | F29: LE.1 - Desarrollo y fortalecimiento de las redes integradas de servicios de salud fundamentada en el Modelo de Atención | G29: {=_xlfn.XLOOKUP($F29,LE_tbl[[#All],[Ls_LinesEstategica]],LE_tbl[[#All],[Le_code]],"",0)} -> LE.1 | H29: 1.2 Avanzar en la articulación de las redes de servicios, asegurando que la atención sea integral y acorde con las necesidades territoriales de la población. | I29: =_xlfn.XLOOKUP($H29,Obj!$D$122:$D$134,Obj!$E$122:$E$134,"",0) -> Obj1.2 | J29: 1.2.1 Redes de servicios integradas y con mayor resolución para coordinar la prestación de servicios integrales de promoción de la salud, prevención de la enfermedad, diagnóstico, tratamiento, rehabilitación y cuidados paliativos; condicionada a la necesidades de salud y características de la población, con miras hacia la consecución progresiva del acceso universal a la salud y la cobertura universal de salud | K29: 1.2.1.3 Desarrollo del Programa de Salud Bucal (PPI 16) | L29: Porcentaje de ejecución de las metas físicas del PPI 16 | M29: Porcentaje | N29: S/D | O29: 0.9 | Q29: Dirección Odontología | V29: Gestión y Control de la Planificación Institucional
B30: =IF('Formulario PPGR1'!$F30="","",CONCATENATE('Formulario PPGR1'!$C30,".",'Formulario PPGR1'!$D30,".",'Formulario PPGR1'!$E30,".",#REF!)) -> #REF! | C30: =IF('Formulario PPGR1'!$F30="","",#REF!) -> #REF! | D30: =IF('Formulario PPGR1'!$F30="","",#REF!) -> #REF! | E30: =IF('Formulario PPGR1'!$F30="","",#REF!) -> #REF! | F30: LE.1 - Desarrollo y fortalecimiento de las redes integradas de servicios de salud fundamentada en el Modelo de Atención | G30: {=_xlfn.XLOOKUP($F30,LE_tbl[[#All],[Ls_LinesEstategica]],LE_tbl[[#All],[Le_code]],"",0)} -> LE.1 | H30: 1.2 Avanzar en la articulación de las redes de servicios, asegurando que la atención sea integral y acorde con las necesidades territoriales de la población. | I30: =_xlfn.XLOOKUP($H30,Obj!$D$122:$D$134,Obj!$E$122:$E$134,"",0) -> Obj1.2 | J30: 1.2.1 Redes de servicios integradas y con mayor resolución para coordinar la prestación de servicios integrales de promoción de la salud, prevención de la enfermedad, diagnóstico, tratamiento, rehabilitación y cuidados paliativos; condicionada a la necesidades de salud y características de la población, con miras hacia la consecución progresiva del acceso universal a la salud y la cobertura universal de salud | K30: 1.2.1.3 Desarrollo del Programa de Salud Bucal (PPI 16) | L30: Incremento porcentual de los servicios odontologicos en los diferentes EES | M30: Porcentaje | N30: 12.25% (2023) | O30: 0.25 | Q30: Dirección Odontología
B31: =IF('Formulario PPGR1'!$F31="","",CONCATENATE('Formulario PPGR1'!$C31,".",'Formulario PPGR1'!$D31,".",'Formulario PPGR1'!$E31,".",#REF!)) -> #REF! | C31: =IF('Formulario PPGR1'!$F31="","",#REF!) -> #REF! | D31: =IF('Formulario PPGR1'!$F31="","",#REF!) -> #REF! | E31: =IF('Formulario PPGR1'!$F31="","",#REF!) -> #REF! | F31: LE.1 - Desarrollo y fortalecimiento de las redes integradas de servicios de salud fundamentada en el Modelo de Atención | G31: {=_xlfn.XLOOKUP($F31,LE_tbl[[#All],[Ls_LinesEstategica]],LE_tbl[[#All],[Le_code]],"",0)} -> LE.1 | H31: 1.2 Avanzar en la articulación de las redes de servicios, asegurando que la atención sea integral y acorde con las necesidades territoriales de la población. | I31: =_xlfn.XLOOKUP($H31,Obj!$D$122:$D$134,Obj!$E$122:$E$134,"",0) -> Obj1.2 | J31: 1.2.1 Redes de servicios integradas y con mayor resolución para coordinar la prestación de servicios integrales de promoción de la salud, prevención de la enfermedad, diagnóstico, tratamiento, rehabilitación y cuidados paliativos; condicionada a la necesidades de salud y características de la población, con miras hacia la consecución progresiva del acceso universal a la salud y la cobertura universal de salud | K31: 1.2.1.4 Ampliación y mejora de la provisión de servicios de apoyo diagnóstico y laboratorio | L31: Incremento porcentual de los servicios diagnósticos en los diferentes EES | M31: Porcentaje | N31: 27% (2023) | O31: 0.3 | Q31: Dirección Laboratorio e Imágenes | V31: Promoción y Cultura de Innovación
B32: =IF('Formulario PPGR1'!$F32="","",CONCATENATE('Formulario PPGR1'!$C32,".",'Formulario PPGR1'!$D32,".",'Formulario PPGR1'!$E32,".",#REF!)) -> #REF! | C32: =IF('Formulario PPGR1'!$F32="","",#REF!) -> #REF! | D32: =IF('Formulario PPGR1'!$F32="","",#REF!) -> #REF! | E32: =IF('Formulario PPGR1'!$F32="","",#REF!) -> #REF! | F32: LE.1 - Desarrollo y fortalecimiento de las redes integradas de servicios de salud fundamentada en el Modelo de Atención | G32: {=_xlfn.XLOOKUP($F32,LE_tbl[[#All],[Ls_LinesEstategica]],LE_tbl[[#All],[Le_code]],"",0)} -> LE.1 | H32: 1.2 Avanzar en la articulación de las redes de servicios, asegurando que la atención sea integral y acorde con las necesidades territoriales de la población. | I32: =_xlfn.XLOOKUP($H32,Obj!$D$122:$D$134,Obj!$E$122:$E$134,"",0) -> Obj1.2 | J32: 1.2.1 Redes de servicios integradas y con mayor resolución para coordinar la prestación de servicios integrales de promoción de la salud, prevención de la enfermedad, diagnóstico, tratamiento, rehabilitación y cuidados paliativos; condicionada a la necesidades de salud y características de la población, con miras hacia la consecución progresiva del acceso universal a la salud y la cobertura universal de salud | K32: 1.2.1.5 Programa de Fortalecimiento del Nivel Especializado a través del Modelo de Atención Integral en Salud | L32: Tasa de mortalidad hospitalaria neta | M32: Porcentaje | N32: 3.69% (2023) | O32: <3.5% | Q32: Dirección Centros Hospitalarios
B33: =IF('Formulario PPGR1'!$F33="","",CONCATENATE('Formulario PPGR1'!$C33,".",'Formulario PPGR1'!$D33,".",'Formulario PPGR1'!$E33,".",#REF!)) -> #REF! | C33: =IF('Formulario PPGR1'!$F33="","",#REF!) -> #REF! | D33: =IF('Formulario PPGR1'!$F33="","",#REF!) -> #REF! | E33: =IF('Formulario PPGR1'!$F33="","",#REF!) -> #REF! | F33: LE.1 - Desarrollo y fortalecimiento de las redes integradas de servicios de salud fundamentada en el Modelo de Atención | G33: {=_xlfn.XLOOKUP($F33,LE_tbl[[#All],[Ls_LinesEstategica]],LE_tbl[[#All],[Le_code]],"",0)} -> LE.1 | H33: 1.2 Avanzar en la articulación de las redes de servicios, asegurando que la atención sea integral y acorde con las necesidades territoriales de la población. | I33: =_xlfn.XLOOKUP($H33,Obj!$D$122:$D$134,Obj!$E$122:$E$134,"",0) -> Obj1.2 | J33: 1.2.1 Redes de servicios integradas y con mayor resolución para coordinar la prestación de servicios integrales de promoción de la salud, prevención de la enfermedad, diagnóstico, tratamiento, rehabilitación y cuidados paliativos; condicionada a la necesidades de salud y características de la población, con miras hacia la consecución progresiva del acceso universal a la salud y la cobertura universal de salud | K33: 1.2.1.5 Programa de Fortalecimiento del Nivel Especializado a través del Modelo de Atención Integral en Salud | L33: Índice de ocupación | M33: Porcentaje | N33: 52.71% (2023) | O33: 0.6 | Q33: Dirección Centros Hospitalarios
B34: =IF('Formulario PPGR1'!$F34="","",CONCATENATE('Formulario PPGR1'!$C34,".",'Formulario PPGR1'!$D34,".",'Formulario PPGR1'!$E34,".",#REF!)) -> #REF! | C34: =IF('Formulario PPGR1'!$F34="","",#REF!) -> #REF! | D34: =IF('Formulario PPGR1'!$F34="","",#REF!) -> #REF! | E34: =IF('Formulario PPGR1'!$F34="","",#REF!) -> #REF! | F34: LE.1 - Desarrollo y fortalecimiento de las redes integradas de servicios de salud fundamentada en el Modelo de Atención | G34: {=_xlfn.XLOOKUP($F34,LE_tbl[[#All],[Ls_LinesEstategica]],LE_tbl[[#All],[Le_code]],"",0)} -> LE.1 | H34: 1.2 Avanzar en la articulación de las redes de servicios, asegurando que la atención sea integral y acorde con las necesidades territoriales de la población. | I34: =_xlfn.XLOOKUP($H34,Obj!$D$122:$D$134,Obj!$E$122:$E$134,"",0) -> Obj1.2 | J34: 1.2.1 Redes de servicios integradas y con mayor resolución para coordinar la prestación de servicios integrales de promoción de la salud, prevención de la enfermedad, diagnóstico, tratamiento, rehabilitación y cuidados paliativos; condicionada a la necesidades de salud y características de la población, con miras hacia la consecución progresiva del acceso universal a la salud y la cobertura universal de salud | K34: 1.2.1.5 Programa de Fortalecimiento del Nivel Especializado a través del Modelo de Atención Integral en Salud | L34: Razón de emergencias vs consultas | M34: Porcentaje | N34: 75.19% (2023) | O34: <50% | Q34: Dirección Centros Hospitalarios
B35: =IF('Formulario PPGR1'!$F35="","",CONCATENATE('Formulario PPGR1'!$C35,".",'Formulario PPGR1'!$D35,".",'Formulario PPGR1'!$E35,".",#REF!)) -> #REF! | C35: =IF('Formulario PPGR1'!$F35="","",#REF!) -> #REF! | D35: =IF('Formulario PPGR1'!$F35="","",#REF!) -> #REF! | E35: =IF('Formulario PPGR1'!$F35="","",#REF!) -> #REF! | F35: LE.1 - Desarrollo y fortalecimiento de las redes integradas de servicios de salud fundamentada en el Modelo de Atención | G35: {=_xlfn.XLOOKUP($F35,LE_tbl[[#All],[Ls_LinesEstategica]],LE_tbl[[#All],[Le_code]],"",0)} -> LE.1 | H35: 1.2 Avanzar en la articulación de las redes de servicios, asegurando que la atención sea integral y acorde con las necesidades territoriales de la población. | I35: =_xlfn.XLOOKUP($H35,Obj!$D$122:$D$134,Obj!$E$122:$E$134,"",0) -> Obj1.2 | J35: 1.2.2 Garantizada la atención integral con calidad y oportunidad, mediante la coordinación clínica y asistencial de los servicios de salud | K35: 1.2.2.1 Articulación de la Red: Referencia y Contrarreferencia | L35: Porcentaje de referencias válidas | M35: Porcentaje | N35: S/D | O35: 0.6 | Q35: Dirección Asistencia a la Red
B36: =IF('Formulario PPGR1'!$F36="","",CONCATENATE('Formulario PPGR1'!$C36,".",'Formulario PPGR1'!$D36,".",'Formulario PPGR1'!$E36,".",#REF!)) -> #REF! | C36: =IF('Formulario PPGR1'!$F36="","",#REF!) -> #REF! | D36: =IF('Formulario PPGR1'!$F36="","",#REF!) -> #REF! | E36: =IF('Formulario PPGR1'!$F36="","",#REF!) -> #REF! | F36: LE.1 - Desarrollo y fortalecimiento de las redes integradas de servicios de salud fundamentada en el Modelo de Atención | G36: {=_xlfn.XLOOKUP($F36,LE_tbl[[#All],[Ls_LinesEstategica]],LE_tbl[[#All],[Le_code]],"",0)} -> LE.1 | H36: 1.2 Avanzar en la articulación de las redes de servicios, asegurando que la atención sea integral y acorde con las necesidades territoriales de la población. | I36: =_xlfn.XLOOKUP($H36,Obj!$D$122:$D$134,Obj!$E$122:$E$134,"",0) -> Obj1.2 | J36: 1.2.2 Garantizada la atención integral con calidad y oportunidad, mediante la coordinación clínica y asistencial de los servicios de salud | K36: 1.2.2.1 Articulación de la Red: Referencia y Contrarreferencia | L36: Porcentaje de contrareferencias efectivas | M36: Porcentaje | N36: S/D | O36: 0.45 | Q36: Dirección Asistencia a la Red
B37: =IF('Formulario PPGR1'!$F37="","",CONCATENATE('Formulario PPGR1'!$C37,".",'Formulario PPGR1'!$D37,".",'Formulario PPGR1'!$E37,".",#REF!)) -> #REF! | C37: =IF('Formulario PPGR1'!$F37="","",#REF!) -> #REF! | D37: =IF('Formulario PPGR1'!$F37="","",#REF!) -> #REF! | E37: =IF('Formulario PPGR1'!$F37="","",#REF!) -> #REF! | F37: LE.1 - Desarrollo y fortalecimiento de las redes integradas de servicios de salud fundamentada en el Modelo de Atención | G37: {=_xlfn.XLOOKUP($F37,LE_tbl[[#All],[Ls_LinesEstategica]],LE_tbl[[#All],[Le_code]],"",0)} -> LE.1 | H37: 1.2 Avanzar en la articulación de las redes de servicios, asegurando que la atención sea integral y acorde con las necesidades territoriales de la población. | I37: =_xlfn.XLOOKUP($H37,Obj!$D$122:$D$134,Obj!$E$122:$E$134,"",0) -> Obj1.2 | J37: 1.2.3 Gestión integrada y articulada de las redes públicas de servicios de salud, con actores involucrados en la organización, gestión y atención de servicios de salud con enfoque y participación intra e intersectorial y participación social y de comités de salud, que promueva un ambiente favorable para la cobertura y acceso a los servicios de salud | K37: 1.2.3.1 Programa Salud Escolar en territorios priorizados (SRS Metropolitano (Santo Domingo Este y Oeste) y SRS Norcentral, Santiago) | L37: Porcentaje de ejecución de las metas programáticas del PoR Salud Escolar | M37: Porcentaje | N37: S/D | O37: 0.9 | Q37: Dirección Primer Nivel Dirección Laboratorio e Imágenes
B38: =IF('Formulario PPGR1'!$F38="","",CONCATENATE('Formulario PPGR1'!$C38,".",'Formulario PPGR1'!$D38,".",'Formulario PPGR1'!$E38,".",#REF!)) -> #REF! | C38: =IF('Formulario PPGR1'!$F38="","",#REF!) -> #REF! | D38: =IF('Formulario PPGR1'!$F38="","",#REF!) -> #REF! | E38: =IF('Formulario PPGR1'!$F38="","",#REF!) -> #REF! | F38: LE.1 - Desarrollo y fortalecimiento de las redes integradas de servicios de salud fundamentada en el Modelo de Atención | G38: {=_xlfn.XLOOKUP($F38,LE_tbl[[#All],[Ls_LinesEstategica]],LE_tbl[[#All],[Le_code]],"",0)} -> LE.1 | H38: 1.2 Avanzar en la articulación de las redes de servicios, asegurando que la atención sea integral y acorde con las necesidades territoriales de la población. | I38: =_xlfn.XLOOKUP($H38,Obj!$D$122:$D$134,Obj!$E$122:$E$134,"",0) -> Obj1.2 | J38: 1.2.3 Gestión integrada y articulada de las redes públicas de servicios de salud, con actores involucrados en la organización, gestión y atención de servicios de salud con enfoque y participación intra e intersectorial y participación social y de comités de salud, que promueva un ambiente favorable para la cobertura y acceso a los servicios de salud | K38: 1.2.3.2 Conformación de los comités del Primer Nivel y Nivel Especializado | L38: Porcentaje de UNAPs con comité de salud conformado | M38: Porcentaje | N38: 51% (2023) | O38: 0.75 | Q38: Dirección Primer Nivel
B39: =IF('Formulario PPGR1'!$F39="","",CONCATENATE('Formulario PPGR1'!$C39,".",'Formulario PPGR1'!$D39,".",'Formulario PPGR1'!$E39,".",#REF!)) -> #REF! | C39: =IF('Formulario PPGR1'!$F39="","",#REF!) -> #REF! | D39: =IF('Formulario PPGR1'!$F39="","",#REF!) -> #REF! | E39: =IF('Formulario PPGR1'!$F39="","",#REF!) -> #REF! | F39: LE.1 - Desarrollo y fortalecimiento de las redes integradas de servicios de salud fundamentada en el Modelo de Atención | G39: {=_xlfn.XLOOKUP($F39,LE_tbl[[#All],[Ls_LinesEstategica]],LE_tbl[[#All],[Le_code]],"",0)} -> LE.1 | H39: 1.2 Avanzar en la articulación de las redes de servicios, asegurando que la atención sea integral y acorde con las necesidades territoriales de la población. | I39: =_xlfn.XLOOKUP($H39,Obj!$D$122:$D$134,Obj!$E$122:$E$134,"",0) -> Obj1.2 | J39: 1.2.3 Gestión integrada y articulada de las redes públicas de servicios de salud, con actores involucrados en la organización, gestión y atención de servicios de salud con enfoque y participación intra e intersectorial y participación social y de comités de salud, que promueva un ambiente favorable para la cobertura y acceso a los servicios de salud | K39: 1.2.3.2 Conformación de los comités del Primer Nivel y Nivel Especializado | L39: Porcentaje de hospitales con comités priorizados (reglamento 434-07) conformados | M39: Porcentaje | N39: 80% (2023) | O39: 0.9 | Q39: Dirección Centros Hospitalarios
B40: =IF('Formulario PPGR1'!$F40="","",CONCATENATE('Formulario PPGR1'!$C40,".",'Formulario PPGR1'!$D40,".",'Formulario PPGR1'!$E40,".",#REF!)) -> #REF! | C40: =IF('Formulario PPGR1'!$F40="","",#REF!) -> #REF! | D40: =IF('Formulario PPGR1'!$F40="","",#REF!) -> #REF! | E40: =IF('Formulario PPGR1'!$F40="","",#REF!) -> #REF! | F40: LE.1 - Desarrollo y fortalecimiento de las redes integradas de servicios de salud fundamentada en el Modelo de Atención | G40: {=_xlfn.XLOOKUP($F40,LE_tbl[[#All],[Ls_LinesEstategica]],LE_tbl[[#All],[Le_code]],"",0)} -> LE.1 | H40: 1.2 Avanzar en la articulación de las redes de servicios, asegurando que la atención sea integral y acorde con las necesidades territoriales de la población. | I40: =_xlfn.XLOOKUP($H40,Obj!$D$122:$D$134,Obj!$E$122:$E$134,"",0) -> Obj1.2 | J40: 1.2.4 Redes de servicios ofertando servicios de promoción de la salud y prevención de la enfermedad, acorde a sus carteras de servicios por nivel de atención | K40: 1.2.4.1 Gestión y despliegue de la Cartera de Servicios de Salud en la Red SNS | L40: Porcentaje de establecimientos del nivel especializado que brindan atención conforme cartera de servicios | M40: Porcentaje | N40: S/D | O40: 0.5 | Q40: Dirección Asistencia a la Red Dirección Centros Hospitalarios
B41: =IF('Formulario PPGR1'!$F41="","",CONCATENATE('Formulario PPGR1'!$C41,".",'Formulario PPGR1'!$D41,".",'Formulario PPGR1'!$E41,".",#REF!)) -> #REF! | C41: =IF('Formulario PPGR1'!$F41="","",#REF!) -> #REF! | D41: =IF('Formulario PPGR1'!$F41="","",#REF!) -> #REF! | E41: =IF('Formulario PPGR1'!$F41="","",#REF!) -> #REF! | F41: LE.1 - Desarrollo y fortalecimiento de las redes integradas de servicios de salud fundamentada en el Modelo de Atención | G41: {=_xlfn.XLOOKUP($F41,LE_tbl[[#All],[Ls_LinesEstategica]],LE_tbl[[#All],[Le_code]],"",0)} -> LE.1 | H41: 1.2 Avanzar en la articulación de las redes de servicios, asegurando que la atención sea integral y acorde con las necesidades territoriales de la población. | I41: =_xlfn.XLOOKUP($H41,Obj!$D$122:$D$134,Obj!$E$122:$E$134,"",0) -> Obj1.2 | J41: 1.2.4 Redes de servicios ofertando servicios de promoción de la salud y prevención de la enfermedad, acorde a sus carteras de servicios por nivel de atención | K41: 1.2.4.1 Gestión y despliegue de la Cartera de Servicios de Salud en la Red SNS | L41: Porcentaje de establecimientos del primer nivel que brindan atención conforme cartera de servicios | M41: Porcentaje | N41: S/D | O41: 0.6 | Q41: Dirección Asistencia a la Red Dirección Primer Nivel
B42: =IF('Formulario PPGR1'!$F42="","",CONCATENATE('Formulario PPGR1'!$C42,".",'Formulario PPGR1'!$D42,".",'Formulario PPGR1'!$E42,".",#REF!)) -> #REF! | C42: =IF('Formulario PPGR1'!$F42="","",#REF!) -> #REF! | D42: =IF('Formulario PPGR1'!$F42="","",#REF!) -> #REF! | E42: =IF('Formulario PPGR1'!$F42="","",#REF!) -> #REF! | F42: LE.1 - Desarrollo y fortalecimiento de las redes integradas de servicios de salud fundamentada en el Modelo de Atención | G42: {=_xlfn.XLOOKUP($F42,LE_tbl[[#All],[Ls_LinesEstategica]],LE_tbl[[#All],[Le_code]],"",0)} -> LE.1 | H42: 1.2 Avanzar en la articulación de las redes de servicios, asegurando que la atención sea integral y acorde con las necesidades territoriales de la población. | I42: =_xlfn.XLOOKUP($H42,Obj!$D$122:$D$134,Obj!$E$122:$E$134,"",0) -> Obj1.2 | J42: 1.2.4 Redes de servicios ofertando servicios de promoción de la salud y prevención de la enfermedad, acorde a sus carteras de servicios por nivel de atención | K42: 1.2.4.2 Plan de Gestión de Listas de Espera Quirúrgica | L42: Porcentaje de implementación del plan de gestión de lista de espera quirúrgica | M42: Porcentaje | N42: S/D | O42: 0.85 | Q42: Dirección Centros Hospitalarios
B43: =IF('Formulario PPGR1'!$F43="","",CONCATENATE('Formulario PPGR1'!$C43,".",'Formulario PPGR1'!$D43,".",'Formulario PPGR1'!$E43,".",#REF!)) -> #REF! | C43: =IF('Formulario PPGR1'!$F43="","",#REF!) -> #REF! | D43: =IF('Formulario PPGR1'!$F43="","",#REF!) -> #REF! | E43: =IF('Formulario PPGR1'!$F43="","",#REF!) -> #REF! | F43: LE.1 - Desarrollo y fortalecimiento de las redes integradas de servicios de salud fundamentada en el Modelo de Atención | G43: {=_xlfn.XLOOKUP($F43,LE_tbl[[#All],[Ls_LinesEstategica]],LE_tbl[[#All],[Le_code]],"",0)} -> LE.1 | H43: 1.2 Avanzar en la articulación de las redes de servicios, asegurando que la atención sea integral y acorde con las necesidades territoriales de la población. | I43: =_xlfn.XLOOKUP($H43,Obj!$D$122:$D$134,Obj!$E$122:$E$134,"",0) -> Obj1.2 | J43: 1.2.5 Aumentada la eficacia, eficiencia y equidad de la prestación de los servicios de salud a través de la reorganización y transformación de las estructuras de redes de servicios | K43: 1.2.5.1 Actualización de la zonificación y sectorización en territorio | L43: Cobertura de UNAP respecto a la sectorización vigente | M43: Porcentaje | N43: 0.689 | O43: 0.7 | Q43: Dirección Primer Nivel
B44: =IF('Formulario PPGR1'!$F44="","",CONCATENATE('Formulario PPGR1'!$C44,".",'Formulario PPGR1'!$D44,".",'Formulario PPGR1'!$E44,".",#REF!)) -> #REF! | C44: =IF('Formulario PPGR1'!$F44="","",#REF!) -> #REF! | D44: =IF('Formulario PPGR1'!$F44="","",#REF!) -> #REF! | E44: =IF('Formulario PPGR1'!$F44="","",#REF!) -> #REF! | F44: LE.1 - Desarrollo y fortalecimiento de las redes integradas de servicios de salud fundamentada en el Modelo de Atención | G44: {=_xlfn.XLOOKUP($F44,LE_tbl[[#All],[Ls_LinesEstategica]],LE_tbl[[#All],[Le_code]],"",0)} -> LE.1 | H44: 1.3 Asegurar la calidad de la atención y la seguridad del paciente, en el marco de los derechos de las personas, con el fin de aumentar la confianza y satisfacción de los usuarios de los servicios de salud. | I44: =_xlfn.XLOOKUP($H44,Obj!$D$122:$D$134,Obj!$E$122:$E$134,"",0) -> Obj1.3 | J44: 1.3.3 Desarrollo y mantenimiento de un modelo de evaluación de la entrega de servicios sanitarios con carácter igualitario y libre de discriminación, que promueva mediante la continua retroalimentación, la generación de mejores resultados en materia de salud lo que se traduzca en el aumento de la satisfacción de las personas con respecto a los servicios públicos de salud | K44: 1.3.3.1 Desarrollo del diagnóstico de brechas de género | L44: Promedio de cumplimiento de la Política Transversal de Género | M44: Porcentaje | N44: 100% (2023) | O44: 1 | Q44: Dirección Planificación y Desarrollo
B45: =IF('Formulario PPGR1'!$F45="","",CONCATENATE('Formulario PPGR1'!$C45,".",'Formulario PPGR1'!$D45,".",'Formulario PPGR1'!$E45,".",#REF!)) -> #REF! | C45: =IF('Formulario PPGR1'!$F45="","",#REF!) -> #REF! | D45: =IF('Formulario PPGR1'!$F45="","",#REF!) -> #REF! | E45: =IF('Formulario PPGR1'!$F45="","",#REF!) -> #REF! | F45: LE.1 - Desarrollo y fortalecimiento de las redes integradas de servicios de salud fundamentada en el Modelo de Atención | G45: {=_xlfn.XLOOKUP($F45,LE_tbl[[#All],[Ls_LinesEstategica]],LE_tbl[[#All],[Le_code]],"",0)} -> LE.1 | H45: 1.3 Asegurar la calidad de la atención y la seguridad del paciente, en el marco de los derechos de las personas, con el fin de aumentar la confianza y satisfacción de los usuarios de los servicios de salud. | I45: =_xlfn.XLOOKUP($H45,Obj!$D$122:$D$134,Obj!$E$122:$E$134,"",0) -> Obj1.3 | J45: 1.3.3 Desarrollo y mantenimiento de un modelo de evaluación de la entrega de servicios sanitarios con carácter igualitario y libre de discriminación, que promueva mediante la continua retroalimentación, la generación de mejores resultados en materia de salud lo que se traduzca en el aumento de la satisfacción de las personas con respecto a los servicios públicos de salud | K45: 1.3.3.2 Plan de abordaje efectivo para la atención de las victimas de violencia de género e intrafamiliar que asisten a los establecimientos de salud | L45: Cobertura de las Unidades de Género en los EES que aplican protocolos de detección y evaluación de riesgo ante violencia | M45: Porcentaje | N45: 35% (2023) | O45: 0.45 | Q45: Dirección Asistencia a la Red
B46: =IF('Formulario PPGR1'!$F46="","",CONCATENATE('Formulario PPGR1'!$C46,".",'Formulario PPGR1'!$D46,".",'Formulario PPGR1'!$E46,".",#REF!)) -> #REF! | C46: =IF('Formulario PPGR1'!$F46="","",#REF!) -> #REF! | D46: =IF('Formulario PPGR1'!$F46="","",#REF!) -> #REF! | E46: =IF('Formulario PPGR1'!$F46="","",#REF!) -> #REF! | F46: LE.1 - Desarrollo y fortalecimiento de las redes integradas de servicios de salud fundamentada en el Modelo de Atención | G46: {=_xlfn.XLOOKUP($F46,LE_tbl[[#All],[Ls_LinesEstategica]],LE_tbl[[#All],[Le_code]],"",0)} -> LE.1 | H46: 1.3 Asegurar la calidad de la atención y la seguridad del paciente, en el marco de los derechos de las personas, con el fin de aumentar la confianza y satisfacción de los usuarios de los servicios de salud. | I46: =_xlfn.XLOOKUP($H46,Obj!$D$122:$D$134,Obj!$E$122:$E$134,"",0) -> Obj1.3 | J46: 1.3.3 Desarrollo y mantenimiento de un modelo de evaluación de la entrega de servicios sanitarios con carácter igualitario y libre de discriminación, que promueva mediante la continua retroalimentación, la generación de mejores resultados en materia de salud lo que se traduzca en el aumento de la satisfacción de las personas con respecto a los servicios públicos de salud | K46: 1.3.3.3 Monitoreo y Evaluación de la Calidad y Seguridad del Paciente: Adherencia a Protocolos, Guías de Atención y Otras Normativas | L46: Índice Global de Cumplimiento en Adherencia a Protocolos, Guías de Atención y Otras Normativas de Salud | M46: Porcentaje | N46: S/D | O46: ≥ 80% | Q46: Dirección Gestión de la Calidad de los Servicios de Salud
B47: =IF('Formulario PPGR1'!$F47="","",CONCATENATE('Formulario PPGR1'!$C47,".",'Formulario PPGR1'!$D47,".",'Formulario PPGR1'!$E47,".",#REF!)) -> #REF! | C47: =IF('Formulario PPGR1'!$F47="","",#REF!) -> #REF! | D47: =IF('Formulario PPGR1'!$F47="","",#REF!) -> #REF! | E47: =IF('Formulario PPGR1'!$F47="","",#REF!) -> #REF! | F47: LE.1 - Desarrollo y fortalecimiento de las redes integradas de servicios de salud fundamentada en el Modelo de Atención | G47: {=_xlfn.XLOOKUP($F47,LE_tbl[[#All],[Ls_LinesEstategica]],LE_tbl[[#All],[Le_code]],"",0)} -> LE.1 | H47: 1.3 Asegurar la calidad de la atención y la seguridad del paciente, en el marco de los derechos de las personas, con el fin de aumentar la confianza y satisfacción de los usuarios de los servicios de salud. | I47: =_xlfn.XLOOKUP($H47,Obj!$D$122:$D$134,Obj!$E$122:$E$134,"",0) -> Obj1.3 | J47: 1.3.3 Desarrollo y mantenimiento de un modelo de evaluación de la entrega de servicios sanitarios con carácter igualitario y libre de discriminación, que promueva mediante la continua retroalimentación, la generación de mejores resultados en materia de salud lo que se traduzca en el aumento de la satisfacción de las personas con respecto a los servicios públicos de salud | K47: 1.3.3.4 Monitoreo y Evaluación de la Calidad y Seguridad del Paciente: Control de Infecciones Asociadas a la Atención de la Salud (IAAS) y Bioseguridad | L47: Índice Global de Cumplimiento de los Procesos de Bioseguridad | M47: Porcentaje | N47: S/D | O47: ≥ 60% | Q47: Dirección Gestión de la Calidad de los Servicios de Salud
B48: =IF('Formulario PPGR1'!$F48="","",CONCATENATE('Formulario PPGR1'!$C48,".",'Formulario PPGR1'!$D48,".",'Formulario PPGR1'!$E48,".",#REF!)) -> #REF! | C48: =IF('Formulario PPGR1'!$F48="","",#REF!) -> #REF! | D48: =IF('Formulario PPGR1'!$F48="","",#REF!) -> #REF! | E48: =IF('Formulario PPGR1'!$F48="","",#REF!) -> #REF! | F48: LE.1 - Desarrollo y fortalecimiento de las redes integradas de servicios de salud fundamentada en el Modelo de Atención | G48: {=_xlfn.XLOOKUP($F48,LE_tbl[[#All],[Ls_LinesEstategica]],LE_tbl[[#All],[Le_code]],"",0)} -> LE.1 | H48: 1.3 Asegurar la calidad de la atención y la seguridad del paciente, en el marco de los derechos de las personas, con el fin de aumentar la confianza y satisfacción de los usuarios de los servicios de salud. | I48: =_xlfn.XLOOKUP($H48,Obj!$D$122:$D$134,Obj!$E$122:$E$134,"",0) -> Obj1.3 | J48: 1.3.3 Desarrollo y mantenimiento de un modelo de evaluación de la entrega de servicios sanitarios con carácter igualitario y libre de discriminación, que promueva mediante la continua retroalimentación, la generación de mejores resultados en materia de salud lo que se traduzca en el aumento de la satisfacción de las personas con respecto a los servicios públicos de salud | K48: 1.3.3.5 Desarrollo del Modelo de Experiencia del Paciente | L48: Nivel de Satisfacción de Usuarios en CEAS según resultados de encuestas | M48: Porcentaje | N48: 0.87 | O48: > 80% | Q48: Dirección Gestión de la Calidad de los Servicios de Salud Dirección Centros Hospitalarios
B49: =IF('Formulario PPGR1'!$F49="","",CONCATENATE('Formulario PPGR1'!$C49,".",'Formulario PPGR1'!$D49,".",'Formulario PPGR1'!$E49,".",#REF!)) -> #REF! | C49: =IF('Formulario PPGR1'!$F49="","",#REF!) -> #REF! | D49: =IF('Formulario PPGR1'!$F49="","",#REF!) -> #REF! | E49: =IF('Formulario PPGR1'!$F49="","",#REF!) -> #REF! | F49: LE.1 - Desarrollo y fortalecimiento de las redes integradas de servicios de salud fundamentada en el Modelo de Atención | G49: {=_xlfn.XLOOKUP($F49,LE_tbl[[#All],[Ls_LinesEstategica]],LE_tbl[[#All],[Le_code]],"",0)} -> LE.1 | H49: 1.3 Asegurar la calidad de la atención y la seguridad del paciente, en el marco de los derechos de las personas, con el fin de aumentar la confianza y satisfacción de los usuarios de los servicios de salud. | I49: =_xlfn.XLOOKUP($H49,Obj!$D$122:$D$134,Obj!$E$122:$E$134,"",0) -> Obj1.3 | J49: 1.3.3 Desarrollo y mantenimiento de un modelo de evaluación de la entrega de servicios sanitarios con carácter igualitario y libre de discriminación, que promueva mediante la continua retroalimentación, la generación de mejores resultados en materia de salud lo que se traduzca en el aumento de la satisfacción de las personas con respecto a los servicios públicos de salud | K49: 1.3.3.5 Desarrollo del Modelo de Experiencia del Paciente | L49: Nivel de Satisfacción de Usuarios en PNA priorizados según resultados de encuestas | M49: Porcentaje | N49: 0.85 | O49: > 80% | Q49: Dirección Gestión de la Calidad de los Servicios de Salud Dirección Primer Nivel
B50: =IF('Formulario PPGR1'!$F50="","",CONCATENATE('Formulario PPGR1'!$C50,".",'Formulario PPGR1'!$D50,".",'Formulario PPGR1'!$E50,".",#REF!)) -> #REF! | C50: =IF('Formulario PPGR1'!$F50="","",#REF!) -> #REF! | D50: =IF('Formulario PPGR1'!$F50="","",#REF!) -> #REF! | E50: =IF('Formulario PPGR1'!$F50="","",#REF!) -> #REF! | F50: LE.1 - Desarrollo y fortalecimiento de las redes integradas de servicios de salud fundamentada en el Modelo de Atención | G50: {=_xlfn.XLOOKUP($F50,LE_tbl[[#All],[Ls_LinesEstategica]],LE_tbl[[#All],[Le_code]],"",0)} -> LE.1 | H50: 1.3 Asegurar la calidad de la atención y la seguridad del paciente, en el marco de los derechos de las personas, con el fin de aumentar la confianza y satisfacción de los usuarios de los servicios de salud. | I50: =_xlfn.XLOOKUP($H50,Obj!$D$122:$D$134,Obj!$E$122:$E$134,"",0) -> Obj1.3 | J50: 1.3.3 Desarrollo y mantenimiento de un modelo de evaluación de la entrega de servicios sanitarios con carácter igualitario y libre de discriminación, que promueva mediante la continua retroalimentación, la generación de mejores resultados en materia de salud lo que se traduzca en el aumento de la satisfacción de las personas con respecto a los servicios públicos de salud | K50: 1.3.3.5 Desarrollo del Modelo de Experiencia del Paciente | L50: Nivel de Cumplimiento del Programa de Experiencia del Paciente en los SRS | M50: Porcentaje | N50: S/D | O50: > 80% | Q50: Dirección Gestión de la Calidad de los Servicios de Salud
B51: =IF('Formulario PPGR1'!$F51="","",CONCATENATE('Formulario PPGR1'!$C51,".",'Formulario PPGR1'!$D51,".",'Formulario PPGR1'!$E51,".",#REF!)) -> #REF! | C51: =IF('Formulario PPGR1'!$F51="","",#REF!) -> #REF! | D51: =IF('Formulario PPGR1'!$F51="","",#REF!) -> #REF! | E51: =IF('Formulario PPGR1'!$F51="","",#REF!) -> #REF! | F51: LE.1 - Desarrollo y fortalecimiento de las redes integradas de servicios de salud fundamentada en el Modelo de Atención | G51: {=_xlfn.XLOOKUP($F51,LE_tbl[[#All],[Ls_LinesEstategica]],LE_tbl[[#All],[Le_code]],"",0)} -> LE.1 | H51: 1.3 Asegurar la calidad de la atención y la seguridad del paciente, en el marco de los derechos de las personas, con el fin de aumentar la confianza y satisfacción de los usuarios de los servicios de salud. | I51: =_xlfn.XLOOKUP($H51,Obj!$D$122:$D$134,Obj!$E$122:$E$134,"",0) -> Obj1.3 | J51: 1.3.4 Fortalecida la calidad de la atención en salud como resultado del seguimiento a los aspectos técnicos y no técnicos de la atención, que disminuya el riesgo de la seguridad del paciente y de los resultados esperados de salud | K51: 1.3.4.1 Continuidad de la implementación de los siete (7) estándares de calidad de los Cuidados de Enfermería | L51: Porcentaje de satisfacción del servicio de enfermería en los EES | M51: Porcentaje | N51: S/D | O51: 0.9 | Q51: Dirección Cuidados de Enfermería
B52: =IF('Formulario PPGR1'!$F52="","",CONCATENATE('Formulario PPGR1'!$C52,".",'Formulario PPGR1'!$D52,".",'Formulario PPGR1'!$E52,".",#REF!)) -> #REF! | C52: =IF('Formulario PPGR1'!$F52="","",#REF!) -> #REF! | D52: =IF('Formulario PPGR1'!$F52="","",#REF!) -> #REF! | E52: =IF('Formulario PPGR1'!$F52="","",#REF!) -> #REF! | F52: LE.1 - Desarrollo y fortalecimiento de las redes integradas de servicios de salud fundamentada en el Modelo de Atención | G52: {=_xlfn.XLOOKUP($F52,LE_tbl[[#All],[Ls_LinesEstategica]],LE_tbl[[#All],[Le_code]],"",0)} -> LE.1 | H52: 1.3 Asegurar la calidad de la atención y la seguridad del paciente, en el marco de los derechos de las personas, con el fin de aumentar la confianza y satisfacción de los usuarios de los servicios de salud. | I52: =_xlfn.XLOOKUP($H52,Obj!$D$122:$D$134,Obj!$E$122:$E$134,"",0) -> Obj1.3 | J52: 1.3.4 Fortalecida la calidad de la atención en salud como resultado del seguimiento a los aspectos técnicos y no técnicos de la atención, que disminuya el riesgo de la seguridad del paciente y de los resultados esperados de salud | K52: 1.3.4.2 Monitoreo y Evaluación de la Calidad y Seguridad del Paciente: Gestión de la Habilitación de los Servicios de salud en Primer Nivel de Atención y Nivel Especializado | L52: Porcentaje de CPN que han sometido su solicitud de habilitación habilitados | M52: Porcentaje | N52: S/D | O52: ≥ 10 % | Q52: Dirección Gestión de la Calidad de los Servicios de Salud Dirección Primer Nivel
B53: =IF('Formulario PPGR1'!$F53="","",CONCATENATE('Formulario PPGR1'!$C53,".",'Formulario PPGR1'!$D53,".",'Formulario PPGR1'!$E53,".",#REF!)) -> #REF! | C53: =IF('Formulario PPGR1'!$F53="","",#REF!) -> #REF! | D53: =IF('Formulario PPGR1'!$F53="","",#REF!) -> #REF! | E53: =IF('Formulario PPGR1'!$F53="","",#REF!) -> #REF! | F53: LE.1 - Desarrollo y fortalecimiento de las redes integradas de servicios de salud fundamentada en el Modelo de Atención | G53: {=_xlfn.XLOOKUP($F53,LE_tbl[[#All],[Ls_LinesEstategica]],LE_tbl[[#All],[Le_code]],"",0)} -> LE.1 | H53: 1.3 Asegurar la calidad de la atención y la seguridad del paciente, en el marco de los derechos de las personas, con el fin de aumentar la confianza y satisfacción de los usuarios de los servicios de salud. | I53: =_xlfn.XLOOKUP($H53,Obj!$D$122:$D$134,Obj!$E$122:$E$134,"",0) -> Obj1.3 | J53: 1.3.4 Fortalecida la calidad de la atención en salud como resultado del seguimiento a los aspectos técnicos y no técnicos de la atención, que disminuya el riesgo de la seguridad del paciente y de los resultados esperados de salud | K53: 1.3.4.2 Monitoreo y Evaluación de la Calidad y Seguridad del Paciente: Gestión de la Habilitación de los Servicios de salud en Primer Nivel de Atención y Nivel Especializado | L53: Porcentaje de hospitales que han sometido su solicitud de habilitación habilitados | M53: Porcentaje | N53: S/D | O53: ≥ 85% | Q53: Dirección Gestión de la Calidad de los Servicios de Salud Dirección Centros Hospitalarios
B54: =IF('Formulario PPGR1'!$F54="","",CONCATENATE('Formulario PPGR1'!$C54,".",'Formulario PPGR1'!$D54,".",'Formulario PPGR1'!$E54,".",#REF!)) -> #REF! | C54: =IF('Formulario PPGR1'!$F54="","",#REF!) -> #REF! | D54: =IF('Formulario PPGR1'!$F54="","",#REF!) -> #REF! | E54: =IF('Formulario PPGR1'!$F54="","",#REF!) -> #REF! | F54: LE.1 - Desarrollo y fortalecimiento de las redes integradas de servicios de salud fundamentada en el Modelo de Atención | G54: {=_xlfn.XLOOKUP($F54,LE_tbl[[#All],[Ls_LinesEstategica]],LE_tbl[[#All],[Le_code]],"",0)} -> LE.1 | H54: 1.3 Asegurar la calidad de la atención y la seguridad del paciente, en el marco de los derechos de las personas, con el fin de aumentar la confianza y satisfacción de los usuarios de los servicios de salud. | I54: =_xlfn.XLOOKUP($H54,Obj!$D$122:$D$134,Obj!$E$122:$E$134,"",0) -> Obj1.3 | J54: 1.3.4 Fortalecida la calidad de la atención en salud como resultado del seguimiento a los aspectos técnicos y no técnicos de la atención, que disminuya el riesgo de la seguridad del paciente y de los resultados esperados de salud | K54: 1.3.4.3 Programa de Humanización y Calidad de los Servicios | L54: Índice de Implementación del Programa de Humanización y Calidad de los Servicios | M54: Porcentaje | N54: S/D | O54: ≥ 25% | Q54: Dirección Gestión de la Calidad de los Servicios de Salud
B55: =IF('Formulario PPGR1'!$F55="","",CONCATENATE('Formulario PPGR1'!$C55,".",'Formulario PPGR1'!$D55,".",'Formulario PPGR1'!$E55,".",#REF!)) -> #REF! | C55: =IF('Formulario PPGR1'!$F55="","",#REF!) -> #REF! | D55: =IF('Formulario PPGR1'!$F55="","",#REF!) -> #REF! | E55: =IF('Formulario PPGR1'!$F55="","",#REF!) -> #REF! | F55: LE.1 - Desarrollo y fortalecimiento de las redes integradas de servicios de salud fundamentada en el Modelo de Atención | G55: {=_xlfn.XLOOKUP($F55,LE_tbl[[#All],[Ls_LinesEstategica]],LE_tbl[[#All],[Le_code]],"",0)} -> LE.1 | H55: 1.3 Asegurar la calidad de la atención y la seguridad del paciente, en el marco de los derechos de las personas, con el fin de aumentar la confianza y satisfacción de los usuarios de los servicios de salud. | I55: =_xlfn.XLOOKUP($H55,Obj!$D$122:$D$134,Obj!$E$122:$E$134,"",0) -> Obj1.3 | J55: 1.3.4 Fortalecida la calidad de la atención en salud como resultado del seguimiento a los aspectos técnicos y no técnicos de la atención, que disminuya el riesgo de la seguridad del paciente y de los resultados esperados de salud | K55: 1.3.4.4 Calidad de la Atención a la Salud Materna, Neonatal, Infantil y Adolescente | L55: Razón de mortalidad materna (por 100,000 nacidos vivos) | M55: Razón | N55: 127.33 (2023) | O55: 99.86 | Q55: Dirección Materno Infantil y Adolescente
B56: =IF('Formulario PPGR1'!$F56="","",CONCATENATE('Formulario PPGR1'!$C56,".",'Formulario PPGR1'!$D56,".",'Formulario PPGR1'!$E56,".",#REF!)) -> #REF! | C56: =IF('Formulario PPGR1'!$F56="","",#REF!) -> #REF! | D56: =IF('Formulario PPGR1'!$F56="","",#REF!) -> #REF! | E56: =IF('Formulario PPGR1'!$F56="","",#REF!) -> #REF! | F56: LE.1 - Desarrollo y fortalecimiento de las redes integradas de servicios de salud fundamentada en el Modelo de Atención | G56: {=_xlfn.XLOOKUP($F56,LE_tbl[[#All],[Ls_LinesEstategica]],LE_tbl[[#All],[Le_code]],"",0)} -> LE.1 | H56: 1.3 Asegurar la calidad de la atención y la seguridad del paciente, en el marco de los derechos de las personas, con el fin de aumentar la confianza y satisfacción de los usuarios de los servicios de salud. | I56: =_xlfn.XLOOKUP($H56,Obj!$D$122:$D$134,Obj!$E$122:$E$134,"",0) -> Obj1.3 | J56: 1.3.4 Fortalecida la calidad de la atención en salud como resultado del seguimiento a los aspectos técnicos y no técnicos de la atención, que disminuya el riesgo de la seguridad del paciente y de los resultados esperados de salud | K56: 1.3.4.4 Calidad de la Atención a la Salud Materna, Neonatal, Infantil y Adolescente | L56: Tasa de mortalidad, neonatal (por cada 1.000 nacidos vivos) | M56: Tasa | N56: 14.36 (2023) | O56: 13.94 | Q56: Dirección Materno Infantil y Adolescente
B57: =IF('Formulario PPGR1'!$F57="","",CONCATENATE('Formulario PPGR1'!$C57,".",'Formulario PPGR1'!$D57,".",'Formulario PPGR1'!$E57,".",#REF!)) -> #REF! | C57: =IF('Formulario PPGR1'!$F57="","",#REF!) -> #REF! | D57: =IF('Formulario PPGR1'!$F57="","",#REF!) -> #REF! | E57: =IF('Formulario PPGR1'!$F57="","",#REF!) -> #REF! | F57: LE.1 - Desarrollo y fortalecimiento de las redes integradas de servicios de salud fundamentada en el Modelo de Atención | G57: {=_xlfn.XLOOKUP($F57,LE_tbl[[#All],[Ls_LinesEstategica]],LE_tbl[[#All],[Le_code]],"",0)} -> LE.1 | H57: 1.3 Asegurar la calidad de la atención y la seguridad del paciente, en el marco de los derechos de las personas, con el fin de aumentar la confianza y satisfacción de los usuarios de los servicios de salud. | I57: =_xlfn.XLOOKUP($H57,Obj!$D$122:$D$134,Obj!$E$122:$E$134,"",0) -> Obj1.3 | J57: 1.3.4 Fortalecida la calidad de la atención en salud como resultado del seguimiento a los aspectos técnicos y no técnicos de la atención, que disminuya el riesgo de la seguridad del paciente y de los resultados esperados de salud | K57: 1.3.4.5 Mejora de la calidad de la provisión integral de los servicios de salud sexual y reproductiva | L57: Partos en Adolescentes en establecimientos de la red pública (%) | M57: Porcentaje | N57: 18.42 (2023) | O57: 18 | Q57: Dirección Materno Infantil y Adolescente
B58: =IF('Formulario PPGR1'!$F58="","",CONCATENATE('Formulario PPGR1'!$C58,".",'Formulario PPGR1'!$D58,".",'Formulario PPGR1'!$E58,".",#REF!)) -> #REF! | C58: =IF('Formulario PPGR1'!$F58="","",#REF!) -> #REF! | D58: =IF('Formulario PPGR1'!$F58="","",#REF!) -> #REF! | E58: =IF('Formulario PPGR1'!$F58="","",#REF!) -> #REF! | F58: LE.1 - Desarrollo y fortalecimiento de las redes integradas de servicios de salud fundamentada en el Modelo de Atención | G58: {=_xlfn.XLOOKUP($F58,LE_tbl[[#All],[Ls_LinesEstategica]],LE_tbl[[#All],[Le_code]],"",0)} -> LE.1 | H58: 1.3 Asegurar la calidad de la atención y la seguridad del paciente, en el marco de los derechos de las personas, con el fin de aumentar la confianza y satisfacción de los usuarios de los servicios de salud. | I58: =_xlfn.XLOOKUP($H58,Obj!$D$122:$D$134,Obj!$E$122:$E$134,"",0) -> Obj1.3 | J58: 1.3.4 Fortalecida la calidad de la atención en salud como resultado del seguimiento a los aspectos técnicos y no técnicos de la atención, que disminuya el riesgo de la seguridad del paciente y de los resultados esperados de salud | K58: 1.3.4.5 Mejora de la calidad de la provisión integral de los servicios de salud sexual y reproductiva | L58: Porcentaje de partos Vía Cesárea en el sector público | M58: Porcentaje | N58: 48.83% (2023) | O58: ≤44.4% | Q58: Dirección Materno Infantil y Adolescente
B59: =IF('Formulario PPGR1'!$F59="","",CONCATENATE('Formulario PPGR1'!$C59,".",'Formulario PPGR1'!$D59,".",'Formulario PPGR1'!$E59,".",#REF!)) -> #REF! | C59: =IF('Formulario PPGR1'!$F59="","",#REF!) -> #REF! | D59: =IF('Formulario PPGR1'!$F59="","",#REF!) -> #REF! | E59: =IF('Formulario PPGR1'!$F59="","",#REF!) -> #REF! | F59: LE.1 - Desarrollo y fortalecimiento de las redes integradas de servicios de salud fundamentada en el Modelo de Atención | G59: {=_xlfn.XLOOKUP($F59,LE_tbl[[#All],[Ls_LinesEstategica]],LE_tbl[[#All],[Le_code]],"",0)} -> LE.1 | H59: 1.3 Asegurar la calidad de la atención y la seguridad del paciente, en el marco de los derechos de las personas, con el fin de aumentar la confianza y satisfacción de los usuarios de los servicios de salud. | I59: =_xlfn.XLOOKUP($H59,Obj!$D$122:$D$134,Obj!$E$122:$E$134,"",0) -> Obj1.3 | J59: 1.3.4 Fortalecida la calidad de la atención en salud como resultado del seguimiento a los aspectos técnicos y no técnicos de la atención, que disminuya el riesgo de la seguridad del paciente y de los resultados esperados de salud | K59: 1.3.4.5 Mejora de la calidad de la provisión integral de los servicios de salud sexual y reproductiva | L59: Porcentaje de puérperas que recibió visita domiciliaria en las primeras 72 horas de regresar a su casa | M59: Porcentaje | N59: S/D | O59: 0.35 | Q59: Dirección Primer Nivel
B60: =IF('Formulario PPGR1'!$F60="","",CONCATENATE('Formulario PPGR1'!$C60,".",'Formulario PPGR1'!$D60,".",'Formulario PPGR1'!$E60,".",#REF!)) -> #REF! | C60: =IF('Formulario PPGR1'!$F60="","",#REF!) -> #REF! | D60: =IF('Formulario PPGR1'!$F60="","",#REF!) -> #REF! | E60: =IF('Formulario PPGR1'!$F60="","",#REF!) -> #REF! | F60: LE.1 - Desarrollo y fortalecimiento de las redes integradas de servicios de salud fundamentada en el Modelo de Atención | G60: {=_xlfn.XLOOKUP($F60,LE_tbl[[#All],[Ls_LinesEstategica]],LE_tbl[[#All],[Le_code]],"",0)} -> LE.1 | H60: 1.3 Asegurar la calidad de la atención y la seguridad del paciente, en el marco de los derechos de las personas, con el fin de aumentar la confianza y satisfacción de los usuarios de los servicios de salud. | I60: =_xlfn.XLOOKUP($H60,Obj!$D$122:$D$134,Obj!$E$122:$E$134,"",0) -> Obj1.3 | J60: 1.3.4 Fortalecida la calidad de la atención en salud como resultado del seguimiento a los aspectos técnicos y no técnicos de la atención, que disminuya el riesgo de la seguridad del paciente y de los resultados esperados de salud | K60: 1.3.4.5 Mejora de la calidad de la provisión integral de los servicios de salud sexual y reproductiva | L60: Porcentaje de recién nacidos que recibió visita domiciliaria en las primeras 72 horas de regresar a su casa | M60: Porcentaje | N60: S/D | O60: 0.35 | Q60: Dirección Primer Nivel
B61: =IF('Formulario PPGR1'!$F61="","",CONCATENATE('Formulario PPGR1'!$C61,".",'Formulario PPGR1'!$D61,".",'Formulario PPGR1'!$E61,".",#REF!)) -> #REF! | C61: =IF('Formulario PPGR1'!$F61="","",#REF!) -> #REF! | D61: =IF('Formulario PPGR1'!$F61="","",#REF!) -> #REF! | E61: =IF('Formulario PPGR1'!$F61="","",#REF!) -> #REF! | F61: LE.1 - Desarrollo y fortalecimiento de las redes integradas de servicios de salud fundamentada en el Modelo de Atención | G61: {=_xlfn.XLOOKUP($F61,LE_tbl[[#All],[Ls_LinesEstategica]],LE_tbl[[#All],[Le_code]],"",0)} -> LE.1 | H61: 1.3 Asegurar la calidad de la atención y la seguridad del paciente, en el marco de los derechos de las personas, con el fin de aumentar la confianza y satisfacción de los usuarios de los servicios de salud. | I61: =_xlfn.XLOOKUP($H61,Obj!$D$122:$D$134,Obj!$E$122:$E$134,"",0) -> Obj1.3 | J61: 1.3.4 Fortalecida la calidad de la atención en salud como resultado del seguimiento a los aspectos técnicos y no técnicos de la atención, que disminuya el riesgo de la seguridad del paciente y de los resultados esperados de salud | K61: 1.3.4.6 Fortalecimiento de los servicios pediátricos | L61: Tasa de mortalidad infantil (por 1,000 nacidos vivos) | M61: Tasa | N61: 18.44 (2023) | O61: 18.08 | Q61: Dirección Materno Infantil y Adolescente
B62: =IF('Formulario PPGR1'!$F62="","",CONCATENATE('Formulario PPGR1'!$C62,".",'Formulario PPGR1'!$D62,".",'Formulario PPGR1'!$E62,".",#REF!)) -> #REF! | C62: =IF('Formulario PPGR1'!$F62="","",#REF!) -> #REF! | D62: =IF('Formulario PPGR1'!$F62="","",#REF!) -> #REF! | E62: =IF('Formulario PPGR1'!$F62="","",#REF!) -> #REF! | F62: LE.1 - Desarrollo y fortalecimiento de las redes integradas de servicios de salud fundamentada en el Modelo de Atención | G62: {=_xlfn.XLOOKUP($F62,LE_tbl[[#All],[Ls_LinesEstategica]],LE_tbl[[#All],[Le_code]],"",0)} -> LE.1 | H62: 1.3 Asegurar la calidad de la atención y la seguridad del paciente, en el marco de los derechos de las personas, con el fin de aumentar la confianza y satisfacción de los usuarios de los servicios de salud. | I62: =_xlfn.XLOOKUP($H62,Obj!$D$122:$D$134,Obj!$E$122:$E$134,"",0) -> Obj1.3 | J62: 1.3.4 Fortalecida la calidad de la atención en salud como resultado del seguimiento a los aspectos técnicos y no técnicos de la atención, que disminuya el riesgo de la seguridad del paciente y de los resultados esperados de salud | K62: 1.3.4.7 Implementación del Plan de Gestión de los Servicios de Hostelería Hospitalaria | L62: Promedio del cumplimeinto de la higiene y ornato hospitalario | M62: Porcentaje | N62: 86.88% (2023) | O62: 0.9 | Q62: Dirección Centros Hospitalarios
B63: =IF('Formulario PPGR1'!$F63="","",CONCATENATE('Formulario PPGR1'!$C63,".",'Formulario PPGR1'!$D63,".",'Formulario PPGR1'!$E63,".",#REF!)) -> #REF! | C63: =IF('Formulario PPGR1'!$F63="","",#REF!) -> #REF! | D63: =IF('Formulario PPGR1'!$F63="","",#REF!) -> #REF! | E63: =IF('Formulario PPGR1'!$F63="","",#REF!) -> #REF! | F63: LE.2 - Fortalecimiento de la gestión y desarrollo de los recursos humanos. | G63: {=_xlfn.XLOOKUP($F63,LE_tbl[[#All],[Ls_LinesEstategica]],LE_tbl[[#All],[Le_code]],"",0)} -> LE.2 | H63: 2.1 Desarrollar capacidades en los colaboradores de la red de salud, mediante la formación continua, para mejorar el desempeño laboral y alinearlo con las necesidades identificadas en cada nivel de atención. | I63: =_xlfn.XLOOKUP($H63,Obj!$D$122:$D$134,Obj!$E$122:$E$134,"",0) -> Obj2.1 | J63: 2.1.1 Incrementada las competencias y resolutividad de los colaboradores, de acuerdo a la complejidad de sus funciones, las necesidades de salud de la población y los compromisos del sector | K63: 2.1.1.1 Programa de capacitación al personal de enfermería basado en liderazgo, diagnóstico e instrumentos de atención | L63: Porcentaje de ejecución del plan de capacitación de enfermería | M63: Porcentaje | N63: S/D | O63: 0.9 | Q63: Dirección Cuidados de Enfermería | V63: Desarrollo y Gestión de la Red de Servicios
B64: =IF('Formulario PPGR1'!$F64="","",CONCATENATE('Formulario PPGR1'!$C64,".",'Formulario PPGR1'!$D64,".",'Formulario PPGR1'!$E64,".",#REF!)) -> #REF! | C64: =IF('Formulario PPGR1'!$F64="","",#REF!) -> #REF! | D64: =IF('Formulario PPGR1'!$F64="","",#REF!) -> #REF! | E64: =IF('Formulario PPGR1'!$F64="","",#REF!) -> #REF! | F64: LE.2 - Fortalecimiento de la gestión y desarrollo de los recursos humanos. | G64: {=_xlfn.XLOOKUP($F64,LE_tbl[[#All],[Ls_LinesEstategica]],LE_tbl[[#All],[Le_code]],"",0)} -> LE.2 | H64: 2.1 Desarrollar capacidades en los colaboradores de la red de salud, mediante la formación continua, para mejorar el desempeño laboral y alinearlo con las necesidades identificadas en cada nivel de atención. | I64: =_xlfn.XLOOKUP($H64,Obj!$D$122:$D$134,Obj!$E$122:$E$134,"",0) -> Obj2.1 | J64: 2.1.1 Incrementada las competencias y resolutividad de los colaboradores, de acuerdo a la complejidad de sus funciones, las necesidades de salud de la población y los compromisos del sector | K64: 2.1.1.2 Programas de desarrollo de competencias técnicas y habilidades blandas | L64: Porcentaje de ejecución del plan de capacitación DCSNS | M64: Porcentaje | N64: 95% (2023) | O64: 0.97 | Q64: Dirección Recursos Humanos
B65: =IF('Formulario PPGR1'!$F65="","",CONCATENATE('Formulario PPGR1'!$C65,".",'Formulario PPGR1'!$D65,".",'Formulario PPGR1'!$E65,".",#REF!)) -> #REF! | C65: =IF('Formulario PPGR1'!$F65="","",#REF!) -> #REF! | D65: =IF('Formulario PPGR1'!$F65="","",#REF!) -> #REF! | E65: =IF('Formulario PPGR1'!$F65="","",#REF!) -> #REF! | F65: LE.2 - Fortalecimiento de la gestión y desarrollo de los recursos humanos. | G65: {=_xlfn.XLOOKUP($F65,LE_tbl[[#All],[Ls_LinesEstategica]],LE_tbl[[#All],[Le_code]],"",0)} -> LE.2 | H65: 2.1 Desarrollar capacidades en los colaboradores de la red de salud, mediante la formación continua, para mejorar el desempeño laboral y alinearlo con las necesidades identificadas en cada nivel de atención. | I65: =_xlfn.XLOOKUP($H65,Obj!$D$122:$D$134,Obj!$E$122:$E$134,"",0) -> Obj2.1 | J65: 2.1.1 Incrementada las competencias y resolutividad de los colaboradores, de acuerdo a la complejidad de sus funciones, las necesidades de salud de la población y los compromisos del sector | K65: 2.1.1.3 Evaluación del desempeño laboral | L65: Promedio cumplimiento Evaluación Desempeño Laboral | M65: Porcentaje | N65: 82.8% (2023) | O65: 0.9 | Q65: Dirección Recursos Humanos
B66: =IF('Formulario PPGR1'!$F66="","",CONCATENATE('Formulario PPGR1'!$C66,".",'Formulario PPGR1'!$D66,".",'Formulario PPGR1'!$E66,".",#REF!)) -> #REF! | C66: =IF('Formulario PPGR1'!$F66="","",#REF!) -> #REF! | D66: =IF('Formulario PPGR1'!$F66="","",#REF!) -> #REF! | E66: =IF('Formulario PPGR1'!$F66="","",#REF!) -> #REF! | F66: LE.2 - Fortalecimiento de la gestión y desarrollo de los recursos humanos. | G66: {=_xlfn.XLOOKUP($F66,LE_tbl[[#All],[Ls_LinesEstategica]],LE_tbl[[#All],[Le_code]],"",0)} -> LE.2 | H66: 2.2 Mejorar los subsistemas de Recursos Humanos con el objetivo de optimizar la provisión de servicios de salud, garantizando una gestión más eficiente del personal. | I66: =_xlfn.XLOOKUP($H66,Obj!$D$122:$D$134,Obj!$E$122:$E$134,"",0) -> Obj2.2 | J66: 2.2.1 Personal trabaja bajo un clima de satisfacción, realización personal y sentido de pertenencia hacia la institución | K66: 2.2.1.1 Programa de bienestar y retención de talento | L66: Índice de rotación RRHH | M66: Porcentaje | N66: S/D | O66: <15% | Q66: Dirección Recursos Humanos
B67: =IF('Formulario PPGR1'!$F67="","",CONCATENATE('Formulario PPGR1'!$C67,".",'Formulario PPGR1'!$D67,".",'Formulario PPGR1'!$E67,".",#REF!)) -> #REF! | C67: =IF('Formulario PPGR1'!$F67="","",#REF!) -> #REF! | D67: =IF('Formulario PPGR1'!$F67="","",#REF!) -> #REF! | E67: =IF('Formulario PPGR1'!$F67="","",#REF!) -> #REF! | F67: LE.2 - Fortalecimiento de la gestión y desarrollo de los recursos humanos. | G67: {=_xlfn.XLOOKUP($F67,LE_tbl[[#All],[Ls_LinesEstategica]],LE_tbl[[#All],[Le_code]],"",0)} -> LE.2 | H67: 2.2 Mejorar los subsistemas de Recursos Humanos con el objetivo de optimizar la provisión de servicios de salud, garantizando una gestión más eficiente del personal. | I67: =_xlfn.XLOOKUP($H67,Obj!$D$122:$D$134,Obj!$E$122:$E$134,"",0) -> Obj2.2 | J67: 2.2.1 Personal trabaja bajo un clima de satisfacción, realización personal y sentido de pertenencia hacia la institución | K67: 2.2.1.2 Fortalecimiento de la Cultura Organizacional | L67: Porcentaje de implementación del plan de mejora de la encuesta de Clima Organizacional | M67: Porcentaje | N67: S/D | O67: 0.85 | Q67: Dirección Recursos Humanos
B68: =IF('Formulario PPGR1'!$F68="","",CONCATENATE('Formulario PPGR1'!$C68,".",'Formulario PPGR1'!$D68,".",'Formulario PPGR1'!$E68,".",#REF!)) -> #REF! | C68: =IF('Formulario PPGR1'!$F68="","",#REF!) -> #REF! | D68: =IF('Formulario PPGR1'!$F68="","",#REF!) -> #REF! | E68: =IF('Formulario PPGR1'!$F68="","",#REF!) -> #REF! | F68: LE.2 - Fortalecimiento de la gestión y desarrollo de los recursos humanos. | G68: {=_xlfn.XLOOKUP($F68,LE_tbl[[#All],[Ls_LinesEstategica]],LE_tbl[[#All],[Le_code]],"",0)} -> LE.2 | H68: 2.3 Fortalecer las capacidades de planificación estratégica de la fuerza laboral, incluyendo el análisis de la movilidad profesional y la implementación de un sistema nacional de recursos humanos, para proyectar y responder a las necesidades de personal de salud a mediano y largo plazo. | I68: =_xlfn.XLOOKUP($H68,Obj!$D$122:$D$134,Obj!$E$122:$E$134,"",0) -> Obj2.3 | J68: 2.3.1 Reducida las disparidades en la disponibilidad de personal de salud en los diferentes niveles de atención | K68: 2.3.1.1 Análisis de la demanda de recursos humanos en salud por nivel de atención | L68: Porcentaje de oportunidad del envío al MAP de la Planificación Recursos Humanos en Salud | M68: Porcentaje | N68: S/D | O68: 1 | Q68: Dirección Recursos Humanos
B69: =IF('Formulario PPGR1'!$F69="","",CONCATENATE('Formulario PPGR1'!$C69,".",'Formulario PPGR1'!$D69,".",'Formulario PPGR1'!$E69,".",#REF!)) -> #REF! | C69: =IF('Formulario PPGR1'!$F69="","",#REF!) -> #REF! | D69: =IF('Formulario PPGR1'!$F69="","",#REF!) -> #REF! | E69: =IF('Formulario PPGR1'!$F69="","",#REF!) -> #REF! | F69: LE.2 - Fortalecimiento de la gestión y desarrollo de los recursos humanos. | G69: {=_xlfn.XLOOKUP($F69,LE_tbl[[#All],[Ls_LinesEstategica]],LE_tbl[[#All],[Le_code]],"",0)} -> LE.2 | H69: 2.3 Fortalecer las capacidades de planificación estratégica de la fuerza laboral, incluyendo el análisis de la movilidad profesional y la implementación de un sistema nacional de recursos humanos, para proyectar y responder a las necesidades de personal de salud a mediano y largo plazo. | I69: =_xlfn.XLOOKUP($H69,Obj!$D$122:$D$134,Obj!$E$122:$E$134,"",0) -> Obj2.3 | J69: 2.3.1 Reducida las disparidades en la disponibilidad de personal de salud en los diferentes niveles de atención | K69: 2.3.1.1 Análisis de la demanda de recursos humanos en salud por nivel de atención | L69: Proporción de médicos(as) del sector público por 10,000 habitantes | M69: Porcentaje | N69: 0.2016 | O69: 0.207 | Q69: Dirección Recursos Humanos
B70: =IF('Formulario PPGR1'!$F70="","",CONCATENATE('Formulario PPGR1'!$C70,".",'Formulario PPGR1'!$D70,".",'Formulario PPGR1'!$E70,".",#REF!)) -> #REF! | C70: =IF('Formulario PPGR1'!$F70="","",#REF!) -> #REF! | D70: =IF('Formulario PPGR1'!$F70="","",#REF!) -> #REF! | E70: =IF('Formulario PPGR1'!$F70="","",#REF!) -> #REF! | F70: LE.2 - Fortalecimiento de la gestión y desarrollo de los recursos humanos. | G70: {=_xlfn.XLOOKUP($F70,LE_tbl[[#All],[Ls_LinesEstategica]],LE_tbl[[#All],[Le_code]],"",0)} -> LE.2 | H70: 2.3 Fortalecer las capacidades de planificación estratégica de la fuerza laboral, incluyendo el análisis de la movilidad profesional y la implementación de un sistema nacional de recursos humanos, para proyectar y responder a las necesidades de personal de salud a mediano y largo plazo. | I70: =_xlfn.XLOOKUP($H70,Obj!$D$122:$D$134,Obj!$E$122:$E$134,"",0) -> Obj2.3 | J70: 2.3.1 Reducida las disparidades en la disponibilidad de personal de salud en los diferentes niveles de atención | K70: 2.3.1.1 Análisis de la demanda de recursos humanos en salud por nivel de atención | L70: Proporción de enfermeras(os) profesionales del sector público por 10,000 habitantes | M70: Porcentaje | N70: 0.0651 | O70: 0.0678 | Q70: Dirección Recursos Humanos
B71: =IF('Formulario PPGR1'!$F71="","",CONCATENATE('Formulario PPGR1'!$C71,".",'Formulario PPGR1'!$D71,".",'Formulario PPGR1'!$E71,".",#REF!)) -> #REF! | C71: =IF('Formulario PPGR1'!$F71="","",#REF!) -> #REF! | D71: =IF('Formulario PPGR1'!$F71="","",#REF!) -> #REF! | E71: =IF('Formulario PPGR1'!$F71="","",#REF!) -> #REF! | F71: LE.2 - Fortalecimiento de la gestión y desarrollo de los recursos humanos. | G71: {=_xlfn.XLOOKUP($F71,LE_tbl[[#All],[Ls_LinesEstategica]],LE_tbl[[#All],[Le_code]],"",0)} -> LE.2 | H71: 2.3 Fortalecer las capacidades de planificación estratégica de la fuerza laboral, incluyendo el análisis de la movilidad profesional y la implementación de un sistema nacional de recursos humanos, para proyectar y responder a las necesidades de personal de salud a mediano y largo plazo. | I71: =_xlfn.XLOOKUP($H71,Obj!$D$122:$D$134,Obj!$E$122:$E$134,"",0) -> Obj2.3 | J71: 2.3.1 Reducida las disparidades en la disponibilidad de personal de salud en los diferentes niveles de atención | K71: 2.3.1.1 Análisis de la demanda de recursos humanos en salud por nivel de atención | L71: Razón de enfermeras certificadas por cada 100 médicos | M71: Porcentaje | N71: 0.0031 | O71: 0.0031 | Q71: Dirección Recursos Humanos
B72: =IF('Formulario PPGR1'!$F72="","",CONCATENATE('Formulario PPGR1'!$C72,".",'Formulario PPGR1'!$D72,".",'Formulario PPGR1'!$E72,".",#REF!)) -> #REF! | C72: =IF('Formulario PPGR1'!$F72="","",#REF!) -> #REF! | D72: =IF('Formulario PPGR1'!$F72="","",#REF!) -> #REF! | E72: =IF('Formulario PPGR1'!$F72="","",#REF!) -> #REF! | F72: LE.2 - Fortalecimiento de la gestión y desarrollo de los recursos humanos. | G72: {=_xlfn.XLOOKUP($F72,LE_tbl[[#All],[Ls_LinesEstategica]],LE_tbl[[#All],[Le_code]],"",0)} -> LE.2 | H72: 2.3 Fortalecer las capacidades de planificación estratégica de la fuerza laboral, incluyendo el análisis de la movilidad profesional y la implementación de un sistema nacional de recursos humanos, para proyectar y responder a las necesidades de personal de salud a mediano y largo plazo. | I72: =_xlfn.XLOOKUP($H72,Obj!$D$122:$D$134,Obj!$E$122:$E$134,"",0) -> Obj2.3 | J72: 2.3.1 Reducida las disparidades en la disponibilidad de personal de salud en los diferentes niveles de atención | K72: 2.3.1.1 Análisis de la demanda de recursos humanos en salud por nivel de atención | L72: Odontólogos(as) profesionales por 10,000 habitantes | M72: Porcentaje | N72: 0.0261 | O72: 0.0268 | Q72: Dirección Recursos Humanos
B73: =IF('Formulario PPGR1'!$F73="","",CONCATENATE('Formulario PPGR1'!$C73,".",'Formulario PPGR1'!$D73,".",'Formulario PPGR1'!$E73,".",#REF!)) -> #REF! | C73: =IF('Formulario PPGR1'!$F73="","",#REF!) -> #REF! | D73: =IF('Formulario PPGR1'!$F73="","",#REF!) -> #REF! | E73: =IF('Formulario PPGR1'!$F73="","",#REF!) -> #REF! | F73: LE.2 - Fortalecimiento de la gestión y desarrollo de los recursos humanos. | G73: {=_xlfn.XLOOKUP($F73,LE_tbl[[#All],[Ls_LinesEstategica]],LE_tbl[[#All],[Le_code]],"",0)} -> LE.2 | H73: 2.3 Fortalecer las capacidades de planificación estratégica de la fuerza laboral, incluyendo el análisis de la movilidad profesional y la implementación de un sistema nacional de recursos humanos, para proyectar y responder a las necesidades de personal de salud a mediano y largo plazo. | I73: =_xlfn.XLOOKUP($H73,Obj!$D$122:$D$134,Obj!$E$122:$E$134,"",0) -> Obj2.3 | J73: 2.3.1 Reducida las disparidades en la disponibilidad de personal de salud en los diferentes niveles de atención | K73: 2.3.1.1 Análisis de la demanda de recursos humanos en salud por nivel de atención | L73: Enfermeras(os) auxiliares del sector público por 10,000 habitantes | M73: Porcentaje | N73: 0.1169 | O73: 0.1192 | Q73: Dirección Recursos Humanos
B74: =IF('Formulario PPGR1'!$F74="","",CONCATENATE('Formulario PPGR1'!$C74,".",'Formulario PPGR1'!$D74,".",'Formulario PPGR1'!$E74,".",#REF!)) -> #REF! | C74: =IF('Formulario PPGR1'!$F74="","",#REF!) -> #REF! | D74: =IF('Formulario PPGR1'!$F74="","",#REF!) -> #REF! | E74: =IF('Formulario PPGR1'!$F74="","",#REF!) -> #REF! | F74: LE.2 - Fortalecimiento de la gestión y desarrollo de los recursos humanos. | G74: {=_xlfn.XLOOKUP($F74,LE_tbl[[#All],[Ls_LinesEstategica]],LE_tbl[[#All],[Le_code]],"",0)} -> LE.2 | H74: 2.3 Fortalecer las capacidades de planificación estratégica de la fuerza laboral, incluyendo el análisis de la movilidad profesional y la implementación de un sistema nacional de recursos humanos, para proyectar y responder a las necesidades de personal de salud a mediano y largo plazo. | I74: =_xlfn.XLOOKUP($H74,Obj!$D$122:$D$134,Obj!$E$122:$E$134,"",0) -> Obj2.3 | J74: 2.3.1 Reducida las disparidades en la disponibilidad de personal de salud en los diferentes niveles de atención | K74: 2.3.1.1 Análisis de la demanda de recursos humanos en salud por nivel de atención | L74: Bioanalistas del sector público por 10,000 habitantes | M74: Porcentaje | N74: 0.029 | O74: 0.0296 | Q74: Dirección Recursos Humanos
B75: =IF('Formulario PPGR1'!$F75="","",CONCATENATE('Formulario PPGR1'!$C75,".",'Formulario PPGR1'!$D75,".",'Formulario PPGR1'!$E75,".",#REF!)) -> #REF! | C75: =IF('Formulario PPGR1'!$F75="","",#REF!) -> #REF! | D75: =IF('Formulario PPGR1'!$F75="","",#REF!) -> #REF! | E75: =IF('Formulario PPGR1'!$F75="","",#REF!) -> #REF! | F75: LE.2 - Fortalecimiento de la gestión y desarrollo de los recursos humanos. | G75: {=_xlfn.XLOOKUP($F75,LE_tbl[[#All],[Ls_LinesEstategica]],LE_tbl[[#All],[Le_code]],"",0)} -> LE.2 | H75: 2.3 Fortalecer las capacidades de planificación estratégica de la fuerza laboral, incluyendo el análisis de la movilidad profesional y la implementación de un sistema nacional de recursos humanos, para proyectar y responder a las necesidades de personal de salud a mediano y largo plazo. | I75: =_xlfn.XLOOKUP($H75,Obj!$D$122:$D$134,Obj!$E$122:$E$134,"",0) -> Obj2.3 | J75: 2.3.1 Reducida las disparidades en la disponibilidad de personal de salud en los diferentes niveles de atención | K75: 2.3.1.1 Análisis de la demanda de recursos humanos en salud por nivel de atención | L75: Farmacéuticos(as) del sector público por 10,000 habitantes | M75: Porcentaje | N75: 0.0013 | O75: 0.0014 | Q75: Dirección Recursos Humanos
B76: =IF('Formulario PPGR1'!$F76="","",CONCATENATE('Formulario PPGR1'!$C76,".",'Formulario PPGR1'!$D76,".",'Formulario PPGR1'!$E76,".",#REF!)) -> #REF! | C76: =IF('Formulario PPGR1'!$F76="","",#REF!) -> #REF! | D76: =IF('Formulario PPGR1'!$F76="","",#REF!) -> #REF! | E76: =IF('Formulario PPGR1'!$F76="","",#REF!) -> #REF! | F76: LE.2 - Fortalecimiento de la gestión y desarrollo de los recursos humanos. | G76: {=_xlfn.XLOOKUP($F76,LE_tbl[[#All],[Ls_LinesEstategica]],LE_tbl[[#All],[Le_code]],"",0)} -> LE.2 | H76: 2.3 Fortalecer las capacidades de planificación estratégica de la fuerza laboral, incluyendo el análisis de la movilidad profesional y la implementación de un sistema nacional de recursos humanos, para proyectar y responder a las necesidades de personal de salud a mediano y largo plazo. | I76: =_xlfn.XLOOKUP($H76,Obj!$D$122:$D$134,Obj!$E$122:$E$134,"",0) -> Obj2.3 | J76: 2.3.1 Reducida las disparidades en la disponibilidad de personal de salud en los diferentes niveles de atención | K76: 2.3.1.1 Análisis de la demanda de recursos humanos en salud por nivel de atención | L76: Psicólogos(as) del sector público por 10,000 habitantes | M76: Porcentaje | N76: 0.0082 | O76: 0.0094 | Q76: Dirección Recursos Humanos
B77: =IF('Formulario PPGR1'!$F77="","",CONCATENATE('Formulario PPGR1'!$C77,".",'Formulario PPGR1'!$D77,".",'Formulario PPGR1'!$E77,".",#REF!)) -> #REF! | C77: =IF('Formulario PPGR1'!$F77="","",#REF!) -> #REF! | D77: =IF('Formulario PPGR1'!$F77="","",#REF!) -> #REF! | E77: =IF('Formulario PPGR1'!$F77="","",#REF!) -> #REF! | F77: LE.2 - Fortalecimiento de la gestión y desarrollo de los recursos humanos. | G77: {=_xlfn.XLOOKUP($F77,LE_tbl[[#All],[Ls_LinesEstategica]],LE_tbl[[#All],[Le_code]],"",0)} -> LE.2 | H77: 2.3 Fortalecer las capacidades de planificación estratégica de la fuerza laboral, incluyendo el análisis de la movilidad profesional y la implementación de un sistema nacional de recursos humanos, para proyectar y responder a las necesidades de personal de salud a mediano y largo plazo. | I77: =_xlfn.XLOOKUP($H77,Obj!$D$122:$D$134,Obj!$E$122:$E$134,"",0) -> Obj2.3 | J77: 2.3.1 Reducida las disparidades en la disponibilidad de personal de salud en los diferentes niveles de atención | K77: 2.3.1.1 Análisis de la demanda de recursos humanos en salud por nivel de atención | L77: Razón de médicos por enfermeras profesionales | M77: Porcentaje | N77: 0.0327 | O77: 0.0328 | Q77: Dirección Recursos Humanos
B78: =IF('Formulario PPGR1'!$F78="","",CONCATENATE('Formulario PPGR1'!$C78,".",'Formulario PPGR1'!$D78,".",'Formulario PPGR1'!$E78,".",#REF!)) -> #REF! | C78: =IF('Formulario PPGR1'!$F78="","",#REF!) -> #REF! | D78: =IF('Formulario PPGR1'!$F78="","",#REF!) -> #REF! | E78: =IF('Formulario PPGR1'!$F78="","",#REF!) -> #REF! | F78: LE.3 - Fortalecimiento Institucional | G78: {=_xlfn.XLOOKUP($F78,LE_tbl[[#All],[Ls_LinesEstategica]],LE_tbl[[#All],[Le_code]],"",0)} -> LE.3 | H78: 3.1 Fortalecer los procesos de gestión institucional para mejorar la eficiencia, transparencia y efectividad en la administración de los recursos y servicios. | I78: =_xlfn.XLOOKUP($H78,Obj!$D$122:$D$134,Obj!$E$122:$E$134,"",0) -> Obj3.1 | J78: 3.1.1 Fortalecida la gestión institucional y productiva mediante la mejora de la transparencia, efectividad de la administración de recursos y servicios. | K78: 3.1.1.1 Fortalecimiento del sistema de control interno y auditoria de la gestión | L78: Índice de Control Interno | M78: Porcentaje | N78: 54% (2023) | O78: 0.95 | Q78: Dirección Control y Fiscalización
B79: =IF('Formulario PPGR1'!$F79="","",CONCATENATE('Formulario PPGR1'!$C79,".",'Formulario PPGR1'!$D79,".",'Formulario PPGR1'!$E79,".",#REF!)) -> #REF! | C79: =IF('Formulario PPGR1'!$F79="","",#REF!) -> #REF! | D79: =IF('Formulario PPGR1'!$F79="","",#REF!) -> #REF! | E79: =IF('Formulario PPGR1'!$F79="","",#REF!) -> #REF! | F79: LE.3 - Fortalecimiento Institucional | G79: {=_xlfn.XLOOKUP($F79,LE_tbl[[#All],[Ls_LinesEstategica]],LE_tbl[[#All],[Le_code]],"",0)} -> LE.3 | H79: 3.1 Fortalecer los procesos de gestión institucional para mejorar la eficiencia, transparencia y efectividad en la administración de los recursos y servicios. | I79: =_xlfn.XLOOKUP($H79,Obj!$D$122:$D$134,Obj!$E$122:$E$134,"",0) -> Obj3.1 | J79: 3.1.1 Fortalecida la gestión institucional y productiva mediante la mejora de la transparencia, efectividad de la administración de recursos y servicios. | K79: 3.1.1.2 Transparencia de la Gestión y Participación Ciudadana | L79: Índice del Sistema Único de Solicitud de Información Pública (SAIP) | M79: Porcentaje | N79: 99.78% (2023) | O79: 1 | Q79: Oficina Acceso a la Información
B80: =IF('Formulario PPGR1'!$F80="","",CONCATENATE('Formulario PPGR1'!$C80,".",'Formulario PPGR1'!$D80,".",'Formulario PPGR1'!$E80,".",#REF!)) -> #REF! | C80: =IF('Formulario PPGR1'!$F80="","",#REF!) -> #REF! | D80: =IF('Formulario PPGR1'!$F80="","",#REF!) -> #REF! | E80: =IF('Formulario PPGR1'!$F80="","",#REF!) -> #REF! | F80: LE.3 - Fortalecimiento Institucional | G80: {=_xlfn.XLOOKUP($F80,LE_tbl[[#All],[Ls_LinesEstategica]],LE_tbl[[#All],[Le_code]],"",0)} -> LE.3 | H80: 3.1 Fortalecer los procesos de gestión institucional para mejorar la eficiencia, transparencia y efectividad en la administración de los recursos y servicios. | I80: =_xlfn.XLOOKUP($H80,Obj!$D$122:$D$134,Obj!$E$122:$E$134,"",0) -> Obj3.1 | J80: 3.1.1 Fortalecida la gestión institucional y productiva mediante la mejora de la transparencia, efectividad de la administración de recursos y servicios. | K80: 3.1.1.3 Programa de Seguridad Integral y Gestión de Riesgos de los establecimientos de la Red SNS | L80: Porcentaje de implementación del programa en la Red SNS | M80: Porcentaje | N80: S/D | O80: 0.85 | Q80: Departamento Seguridad Física
B81: =IF('Formulario PPGR1'!$F81="","",CONCATENATE('Formulario PPGR1'!$C81,".",'Formulario PPGR1'!$D81,".",'Formulario PPGR1'!$E81,".",#REF!)) -> #REF! | C81: =IF('Formulario PPGR1'!$F81="","",#REF!) -> #REF! | D81: =IF('Formulario PPGR1'!$F81="","",#REF!) -> #REF! | E81: =IF('Formulario PPGR1'!$F81="","",#REF!) -> #REF! | F81: LE.3 - Fortalecimiento Institucional | G81: {=_xlfn.XLOOKUP($F81,LE_tbl[[#All],[Ls_LinesEstategica]],LE_tbl[[#All],[Le_code]],"",0)} -> LE.3 | H81: 3.1 Fortalecer los procesos de gestión institucional para mejorar la eficiencia, transparencia y efectividad en la administración de los recursos y servicios. | I81: =_xlfn.XLOOKUP($H81,Obj!$D$122:$D$134,Obj!$E$122:$E$134,"",0) -> Obj3.1 | J81: 3.1.1 Fortalecida la gestión institucional y productiva mediante la mejora de la transparencia, efectividad de la administración de recursos y servicios. | K81: 3.1.1.4 Fortalecimiento del Sistema de Administracion de Bienes | L81: Porcentaje de registro en el Sistema de Administración de Bienes (SIAB) | M81: Porcentaje | N81: 55% (2023) | O81: 0.6 | Q81: Dirección Administrativa
B82: =IF('Formulario PPGR1'!$F82="","",CONCATENATE('Formulario PPGR1'!$C82,".",'Formulario PPGR1'!$D82,".",'Formulario PPGR1'!$E82,".",#REF!)) -> #REF! | C82: =IF('Formulario PPGR1'!$F82="","",#REF!) -> #REF! | D82: =IF('Formulario PPGR1'!$F82="","",#REF!) -> #REF! | E82: =IF('Formulario PPGR1'!$F82="","",#REF!) -> #REF! | F82: LE.3 - Fortalecimiento Institucional | G82: {=_xlfn.XLOOKUP($F82,LE_tbl[[#All],[Ls_LinesEstategica]],LE_tbl[[#All],[Le_code]],"",0)} -> LE.3 | H82: 3.1 Fortalecer los procesos de gestión institucional para mejorar la eficiencia, transparencia y efectividad en la administración de los recursos y servicios. | I82: =_xlfn.XLOOKUP($H82,Obj!$D$122:$D$134,Obj!$E$122:$E$134,"",0) -> Obj3.1 | J82: 3.1.1 Fortalecida la gestión institucional y productiva mediante la mejora de la transparencia, efectividad de la administración de recursos y servicios. | K82: 3.1.1.5 Fortalecimiento del Sistema de Gestion documental Red SNS | L82: Porcentaje de implementacion del Sistema Gestion Documental | M82: Porcentaje | N82: 45% (2023) | O82: 0.55 | Q82: Dirección Administrativa
B83: =IF('Formulario PPGR1'!$F83="","",CONCATENATE('Formulario PPGR1'!$C83,".",'Formulario PPGR1'!$D83,".",'Formulario PPGR1'!$E83,".",#REF!)) -> #REF! | C83: =IF('Formulario PPGR1'!$F83="","",#REF!) -> #REF! | D83: =IF('Formulario PPGR1'!$F83="","",#REF!) -> #REF! | E83: =IF('Formulario PPGR1'!$F83="","",#REF!) -> #REF! | F83: LE.3 - Fortalecimiento Institucional | G83: {=_xlfn.XLOOKUP($F83,LE_tbl[[#All],[Ls_LinesEstategica]],LE_tbl[[#All],[Le_code]],"",0)} -> LE.3 | H83: 3.1 Fortalecer los procesos de gestión institucional para mejorar la eficiencia, transparencia y efectividad en la administración de los recursos y servicios. | I83: =_xlfn.XLOOKUP($H83,Obj!$D$122:$D$134,Obj!$E$122:$E$134,"",0) -> Obj3.1 | J83: 3.1.1 Fortalecida la gestión institucional y productiva mediante la mejora de la transparencia, efectividad de la administración de recursos y servicios. | K83: 3.1.1.6 Implementacion del Plan de Mantenimiento preventivo de vehiculos, equipos e infraestructura sede central | L83: Porcentaje de cumplimiento del plan de mantenimiento SNS | M83: Porcentaje | N83: S/D | O83: 0.85 | Q83: Dirección Administrativa
B84: =IF('Formulario PPGR1'!$F84="","",CONCATENATE('Formulario PPGR1'!$C84,".",'Formulario PPGR1'!$D84,".",'Formulario PPGR1'!$E84,".",#REF!)) -> #REF! | C84: =IF('Formulario PPGR1'!$F84="","",#REF!) -> #REF! | D84: =IF('Formulario PPGR1'!$F84="","",#REF!) -> #REF! | E84: =IF('Formulario PPGR1'!$F84="","",#REF!) -> #REF! | F84: LE.3 - Fortalecimiento Institucional | G84: {=_xlfn.XLOOKUP($F84,LE_tbl[[#All],[Ls_LinesEstategica]],LE_tbl[[#All],[Le_code]],"",0)} -> LE.3 | H84: 3.1 Fortalecer los procesos de gestión institucional para mejorar la eficiencia, transparencia y efectividad en la administración de los recursos y servicios. | I84: =_xlfn.XLOOKUP($H84,Obj!$D$122:$D$134,Obj!$E$122:$E$134,"",0) -> Obj3.1 | J84: 3.1.1 Fortalecida la gestión institucional y productiva mediante la mejora de la transparencia, efectividad de la administración de recursos y servicios. | K84: 3.1.1.7 Implementación continua de la Metodología de la Gestión Productiva | L84: Porcentaje de hospitales implementando la MGPSS | M84: Porcentaje | N84: S/D | O84: 0.6 | Q84: Dirección Centros Hospitalarios
B85: =IF('Formulario PPGR1'!$F85="","",CONCATENATE('Formulario PPGR1'!$C85,".",'Formulario PPGR1'!$D85,".",'Formulario PPGR1'!$E85,".",#REF!)) -> #REF! | C85: =IF('Formulario PPGR1'!$F85="","",#REF!) -> #REF! | D85: =IF('Formulario PPGR1'!$F85="","",#REF!) -> #REF! | E85: =IF('Formulario PPGR1'!$F85="","",#REF!) -> #REF! | F85: LE.3 - Fortalecimiento Institucional | G85: {=_xlfn.XLOOKUP($F85,LE_tbl[[#All],[Ls_LinesEstategica]],LE_tbl[[#All],[Le_code]],"",0)} -> LE.3 | H85: 3.2 Aumentar la sostenibilidad financiera de la institución, mediante la optimización de recursos y la implementación de estrategias de financiamiento a mediano y largo plazo. | I85: =_xlfn.XLOOKUP($H85,Obj!$D$122:$D$134,Obj!$E$122:$E$134,"",0) -> Obj3.2 | J85: 3.2.1 Mejorada la sostenibilidad financiera del SNS mediante el control de gastos, saneamiento de las deudas e incremento de las distintas fuentes de financiamiento con el fin de garantizar la prestación de servicios en salud con oportunidad y eficiencia | K85: 3.2.1.1 Eficientización de la gestión de las compras y contrataciones | L85: Índice del SISCOMPRA | M85: Porcentaje | N85: 86.01% (2023) | O85: 0.95 | Q85: Dirección Administrativa
B86: =IF('Formulario PPGR1'!$F86="","",CONCATENATE('Formulario PPGR1'!$C86,".",'Formulario PPGR1'!$D86,".",'Formulario PPGR1'!$E86,".",#REF!)) -> #REF! | C86: =IF('Formulario PPGR1'!$F86="","",#REF!) -> #REF! | D86: =IF('Formulario PPGR1'!$F86="","",#REF!) -> #REF! | E86: =IF('Formulario PPGR1'!$F86="","",#REF!) -> #REF! | F86: LE.3 - Fortalecimiento Institucional | G86: {=_xlfn.XLOOKUP($F86,LE_tbl[[#All],[Ls_LinesEstategica]],LE_tbl[[#All],[Le_code]],"",0)} -> LE.3 | H86: 3.2 Aumentar la sostenibilidad financiera de la institución, mediante la optimización de recursos y la implementación de estrategias de financiamiento a mediano y largo plazo. | I86: =_xlfn.XLOOKUP($H86,Obj!$D$122:$D$134,Obj!$E$122:$E$134,"",0) -> Obj3.2 | J86: 3.2.1 Mejorada la sostenibilidad financiera del SNS mediante el control de gastos, saneamiento de las deudas e incremento de las distintas fuentes de financiamiento con el fin de garantizar la prestación de servicios en salud con oportunidad y eficiencia | K86: 3.2.1.2 Fortalecimiento de la Gestión Financiera del SNS | L86: Promedio de cumplimiento reporte estados financieros de las Oficinas Regionales de Salud | M86: Porcentaje | N86: 63% (2023) | O86: 0.9 | Q86: Dirección Financiera
B87: =IF('Formulario PPGR1'!$F87="","",CONCATENATE('Formulario PPGR1'!$C87,".",'Formulario PPGR1'!$D87,".",'Formulario PPGR1'!$E87,".",#REF!)) -> #REF! | C87: =IF('Formulario PPGR1'!$F87="","",#REF!) -> #REF! | D87: =IF('Formulario PPGR1'!$F87="","",#REF!) -> #REF! | E87: =IF('Formulario PPGR1'!$F87="","",#REF!) -> #REF! | F87: LE.3 - Fortalecimiento Institucional | G87: {=_xlfn.XLOOKUP($F87,LE_tbl[[#All],[Ls_LinesEstategica]],LE_tbl[[#All],[Le_code]],"",0)} -> LE.3 | H87: 3.2 Aumentar la sostenibilidad financiera de la institución, mediante la optimización de recursos y la implementación de estrategias de financiamiento a mediano y largo plazo. | I87: =_xlfn.XLOOKUP($H87,Obj!$D$122:$D$134,Obj!$E$122:$E$134,"",0) -> Obj3.2 | J87: 3.2.1 Mejorada la sostenibilidad financiera del SNS mediante el control de gastos, saneamiento de las deudas e incremento de las distintas fuentes de financiamiento con el fin de garantizar la prestación de servicios en salud con oportunidad y eficiencia | K87: 3.2.1.2 Fortalecimiento de la Gestión Financiera del SNS | L87: Porcentaje ejecución presupuestaria SNS | M87: Porcentaje | N87: 90% (2023) | O87: 0.95 | Q87: Dirección Financiera
B88: =IF('Formulario PPGR1'!$F88="","",CONCATENATE('Formulario PPGR1'!$C88,".",'Formulario PPGR1'!$D88,".",'Formulario PPGR1'!$E88,".",#REF!)) -> #REF! | C88: =IF('Formulario PPGR1'!$F88="","",#REF!) -> #REF! | D88: =IF('Formulario PPGR1'!$F88="","",#REF!) -> #REF! | E88: =IF('Formulario PPGR1'!$F88="","",#REF!) -> #REF! | F88: LE.3 - Fortalecimiento Institucional | G88: {=_xlfn.XLOOKUP($F88,LE_tbl[[#All],[Ls_LinesEstategica]],LE_tbl[[#All],[Le_code]],"",0)} -> LE.3 | H88: 3.2 Aumentar la sostenibilidad financiera de la institución, mediante la optimización de recursos y la implementación de estrategias de financiamiento a mediano y largo plazo. | I88: =_xlfn.XLOOKUP($H88,Obj!$D$122:$D$134,Obj!$E$122:$E$134,"",0) -> Obj3.2 | J88: 3.2.1 Mejorada la sostenibilidad financiera del SNS mediante el control de gastos, saneamiento de las deudas e incremento de las distintas fuentes de financiamiento con el fin de garantizar la prestación de servicios en salud con oportunidad y eficiencia | K88: 3.2.1.2 Fortalecimiento de la Gestión Financiera del SNS | L88: Índice del Sistema de Análisis del Cumplimiento de las Normativas Contables (SISACNOC) | M88: Porcentaje | N88: 98% (2023) | O88: 1 | Q88: Dirección Financiera
B89: =IF('Formulario PPGR1'!$F89="","",CONCATENATE('Formulario PPGR1'!$C89,".",'Formulario PPGR1'!$D89,".",'Formulario PPGR1'!$E89,".",#REF!)) -> #REF! | C89: =IF('Formulario PPGR1'!$F89="","",#REF!) -> #REF! | D89: =IF('Formulario PPGR1'!$F89="","",#REF!) -> #REF! | E89: =IF('Formulario PPGR1'!$F89="","",#REF!) -> #REF! | F89: LE.3 - Fortalecimiento Institucional | G89: {=_xlfn.XLOOKUP($F89,LE_tbl[[#All],[Ls_LinesEstategica]],LE_tbl[[#All],[Le_code]],"",0)} -> LE.3 | H89: 3.2 Aumentar la sostenibilidad financiera de la institución, mediante la optimización de recursos y la implementación de estrategias de financiamiento a mediano y largo plazo. | I89: =_xlfn.XLOOKUP($H89,Obj!$D$122:$D$134,Obj!$E$122:$E$134,"",0) -> Obj3.2 | J89: 3.2.1 Mejorada la sostenibilidad financiera del SNS mediante el control de gastos, saneamiento de las deudas e incremento de las distintas fuentes de financiamiento con el fin de garantizar la prestación de servicios en salud con oportunidad y eficiencia | K89: 3.2.1.3 Fortalecimiento de la Gestión de los acuerdos y servicios contratados por las ARS | L89: Porcentaje de glosa en los CEAS | M89: Porcentaje | N89: 10% (2023) | O89: <5% | Q89: Dirección Centros Hospitalarios
B90: =IF('Formulario PPGR1'!$F90="","",CONCATENATE('Formulario PPGR1'!$C90,".",'Formulario PPGR1'!$D90,".",'Formulario PPGR1'!$E90,".",#REF!)) -> #REF! | C90: =IF('Formulario PPGR1'!$F90="","",#REF!) -> #REF! | D90: =IF('Formulario PPGR1'!$F90="","",#REF!) -> #REF! | E90: =IF('Formulario PPGR1'!$F90="","",#REF!) -> #REF! | F90: LE.3 - Fortalecimiento Institucional | G90: {=_xlfn.XLOOKUP($F90,LE_tbl[[#All],[Ls_LinesEstategica]],LE_tbl[[#All],[Le_code]],"",0)} -> LE.3 | H90: 3.2 Aumentar la sostenibilidad financiera de la institución, mediante la optimización de recursos y la implementación de estrategias de financiamiento a mediano y largo plazo. | I90: =_xlfn.XLOOKUP($H90,Obj!$D$122:$D$134,Obj!$E$122:$E$134,"",0) -> Obj3.2 | J90: 3.2.1 Mejorada la sostenibilidad financiera del SNS mediante el control de gastos, saneamiento de las deudas e incremento de las distintas fuentes de financiamiento con el fin de garantizar la prestación de servicios en salud con oportunidad y eficiencia | K90: 3.2.1.3 Fortalecimiento de la Gestión de los acuerdos y servicios contratados por las ARS | L90: Promedio de incremento de la facturación de servicios de la Red SNS | M90: Porcentaje | N90: 6% (2023) | O90: >10% | Q90: Dirección Centros Hospitalarios
B91: =IF('Formulario PPGR1'!$F91="","",CONCATENATE('Formulario PPGR1'!$C91,".",'Formulario PPGR1'!$D91,".",'Formulario PPGR1'!$E91,".",#REF!)) -> #REF! | C91: =IF('Formulario PPGR1'!$F91="","",#REF!) -> #REF! | D91: =IF('Formulario PPGR1'!$F91="","",#REF!) -> #REF! | E91: =IF('Formulario PPGR1'!$F91="","",#REF!) -> #REF! | F91: LE.3 - Fortalecimiento Institucional | G91: {=_xlfn.XLOOKUP($F91,LE_tbl[[#All],[Ls_LinesEstategica]],LE_tbl[[#All],[Le_code]],"",0)} -> LE.3 | H91: 3.3 Mejorar el posicionamiento institucional, con el objetivo de aumentar su visibilidad, reputación y liderazgo en el sector salud. | I91: =_xlfn.XLOOKUP($H91,Obj!$D$122:$D$134,Obj!$E$122:$E$134,"",0) -> Obj3.3 | J91: 3.3.1 Aumentada la conexión del SNS con los medios informativos y la población, manteniendo con ellos una comunicación ágil, fluida y de calidad; que nos permita satisfacer con rapidez las peticiones y necesidades de información sobre la institución y los servicios ofrecidos | K91: 3.3.1.1 Estrategia de comunicación y posicionamiento institucional | L91: Porcentaje de implementación Manual de Señalética e Identidad de la Red SNS. | M91: Porcentaje | N91: S/D | O91: 0.9 | Q91: Dirección Comunicaciones
B92: =IF('Formulario PPGR1'!$F92="","",CONCATENATE('Formulario PPGR1'!$C92,".",'Formulario PPGR1'!$D92,".",'Formulario PPGR1'!$E92,".",#REF!)) -> #REF! | C92: =IF('Formulario PPGR1'!$F92="","",#REF!) -> #REF! | D92: =IF('Formulario PPGR1'!$F92="","",#REF!) -> #REF! | E92: =IF('Formulario PPGR1'!$F92="","",#REF!) -> #REF! | F92: LE.3 - Fortalecimiento Institucional | G92: {=_xlfn.XLOOKUP($F92,LE_tbl[[#All],[Ls_LinesEstategica]],LE_tbl[[#All],[Le_code]],"",0)} -> LE.3 | H92: 3.3 Mejorar el posicionamiento institucional, con el objetivo de aumentar su visibilidad, reputación y liderazgo en el sector salud. | I92: =_xlfn.XLOOKUP($H92,Obj!$D$122:$D$134,Obj!$E$122:$E$134,"",0) -> Obj3.3 | J92: 3.3.1 Aumentada la conexión del SNS con los medios informativos y la población, manteniendo con ellos una comunicación ágil, fluida y de calidad; que nos permita satisfacer con rapidez las peticiones y necesidades de información sobre la institución y los servicios ofrecidos | K92: 3.3.1.2 Plan Interconexión Red Pública de Servicios de Salud | L92: Porcentaje de implementación del plan de interconexión | M92: Porcentaje | N92: S/D | O92: 0.75 | Q92: Dirección Comunicaciones
B93: =IF('Formulario PPGR1'!$F93="","",CONCATENATE('Formulario PPGR1'!$C93,".",'Formulario PPGR1'!$D93,".",'Formulario PPGR1'!$E93,".",#REF!)) -> #REF! | C93: =IF('Formulario PPGR1'!$F93="","",#REF!) -> #REF! | D93: =IF('Formulario PPGR1'!$F93="","",#REF!) -> #REF! | E93: =IF('Formulario PPGR1'!$F93="","",#REF!) -> #REF! | F93: LE.3 - Fortalecimiento Institucional | G93: {=_xlfn.XLOOKUP($F93,LE_tbl[[#All],[Ls_LinesEstategica]],LE_tbl[[#All],[Le_code]],"",0)} -> LE.3 | H93: 3.3 Mejorar el posicionamiento institucional, con el objetivo de aumentar su visibilidad, reputación y liderazgo en el sector salud. | I93: =_xlfn.XLOOKUP($H93,Obj!$D$122:$D$134,Obj!$E$122:$E$134,"",0) -> Obj3.3 | J93: 3.3.1 Aumentada la conexión del SNS con los medios informativos y la población, manteniendo con ellos una comunicación ágil, fluida y de calidad; que nos permita satisfacer con rapidez las peticiones y necesidades de información sobre la institución y los servicios ofrecidos | K93: 3.3.1.3 Plan de Gestión ambiental y Responsabilidad Social Institucional | L93: Porcentaje cumplimiento Política Transversal Gestión Ambiental | M93: Porcentaje | N93: 100% (2023) | O93: 1 | Q93: Dirección Comunicaciones
B94: =IF('Formulario PPGR1'!$F94="","",CONCATENATE('Formulario PPGR1'!$C94,".",'Formulario PPGR1'!$D94,".",'Formulario PPGR1'!$E94,".",#REF!)) -> #REF! | C94: =IF('Formulario PPGR1'!$F94="","",#REF!) -> #REF! | D94: =IF('Formulario PPGR1'!$F94="","",#REF!) -> #REF! | E94: =IF('Formulario PPGR1'!$F94="","",#REF!) -> #REF! | F94: LE.3 - Fortalecimiento Institucional | G94: {=_xlfn.XLOOKUP($F94,LE_tbl[[#All],[Ls_LinesEstategica]],LE_tbl[[#All],[Le_code]],"",0)} -> LE.3 | H94: 3.4 Fomentar alianzas interinstitucionales con actores clave, para maximizar los recursos y mejorar la calidad de los servicios de salud a través de la colaboración y el intercambio de conocimientos. | I94: =_xlfn.XLOOKUP($H94,Obj!$D$122:$D$134,Obj!$E$122:$E$134,"",0) -> Obj3.4 | J94: 3.4.1 Fomentadas las alianzas nacionales e internacionales para captación y optimización de recursos que favorezcan el fortalecimiento y calidad de los servicios | K94: 3.4.1.1 Acuerdos de cooperación nacional e interinstitucional | L94: Porcentaje de acuerdos formalizados y en seguimiento | M94: Porcentaje | N94: S/D | O94: 0.9 | Q94: Dirección Jurídica
B95: =IF('Formulario PPGR1'!$F95="","",CONCATENATE('Formulario PPGR1'!$C95,".",'Formulario PPGR1'!$D95,".",'Formulario PPGR1'!$E95,".",#REF!)) -> #REF! | C95: =IF('Formulario PPGR1'!$F95="","",#REF!) -> #REF! | D95: =IF('Formulario PPGR1'!$F95="","",#REF!) -> #REF! | E95: =IF('Formulario PPGR1'!$F95="","",#REF!) -> #REF! | F95: LE.3 - Fortalecimiento Institucional | G95: {=_xlfn.XLOOKUP($F95,LE_tbl[[#All],[Ls_LinesEstategica]],LE_tbl[[#All],[Le_code]],"",0)} -> LE.3 | H95: 3.4 Fomentar alianzas interinstitucionales con actores clave, para maximizar los recursos y mejorar la calidad de los servicios de salud a través de la colaboración y el intercambio de conocimientos. | I95: =_xlfn.XLOOKUP($H95,Obj!$D$122:$D$134,Obj!$E$122:$E$134,"",0) -> Obj3.4 | J95: 3.4.1 Fomentadas las alianzas nacionales e internacionales para captación y optimización de recursos que favorezcan el fortalecimiento y calidad de los servicios | K95: 3.4.1.2 Alianzas y Cooperación Internacional para el Fortalecimiento Institucional | L95: Porcentaje de reportes de levantamiento de proyectos de cooperación de la Red SNS realizados | M95: Porcentaje | N95: S/D | O95: 1 | Q95: Dirección Planificación y Desarrollo
B96: =IF('Formulario PPGR1'!$F96="","",CONCATENATE('Formulario PPGR1'!$C96,".",'Formulario PPGR1'!$D96,".",'Formulario PPGR1'!$E96,".",#REF!)) -> #REF! | C96: =IF('Formulario PPGR1'!$F96="","",#REF!) -> #REF! | D96: =IF('Formulario PPGR1'!$F96="","",#REF!) -> #REF! | E96: =IF('Formulario PPGR1'!$F96="","",#REF!) -> #REF! | F96: LE.3 - Fortalecimiento Institucional | G96: {=_xlfn.XLOOKUP($F96,LE_tbl[[#All],[Ls_LinesEstategica]],LE_tbl[[#All],[Le_code]],"",0)} -> LE.3 | H96: 3.5 Fortalecer el uso de tecnologías y sistemas de información en la gestión institucional, para mejorar la calidad y eficiencia operativa. | I96: =_xlfn.XLOOKUP($H96,Obj!$D$122:$D$134,Obj!$E$122:$E$134,"",0) -> Obj3.5 | J96: 3.5.1 Fortalecido el desarrollo y uso de tecnologías y sistemas de información para mejorar la calidad y eficiencia de la gestión operativa | K96: 3.5.1.1 Reestructuración y expansión de la auditoría calidad del dato en la Red | L96: Porcentaje de cumplimiento del cronograma de auditoría | M96: Porcentaje | N96: S/D | O96: 1 | Q96: Dirección Gestión de la Información
B97: =IF('Formulario PPGR1'!$F97="","",CONCATENATE('Formulario PPGR1'!$C97,".",'Formulario PPGR1'!$D97,".",'Formulario PPGR1'!$E97,".",#REF!)) -> #REF! | C97: =IF('Formulario PPGR1'!$F97="","",#REF!) -> #REF! | D97: =IF('Formulario PPGR1'!$F97="","",#REF!) -> #REF! | E97: =IF('Formulario PPGR1'!$F97="","",#REF!) -> #REF! | F97: LE.3 - Fortalecimiento Institucional | G97: {=_xlfn.XLOOKUP($F97,LE_tbl[[#All],[Ls_LinesEstategica]],LE_tbl[[#All],[Le_code]],"",0)} -> LE.3 | H97: 3.5 Fortalecer el uso de tecnologías y sistemas de información en la gestión institucional, para mejorar la calidad y eficiencia operativa. | I97: =_xlfn.XLOOKUP($H97,Obj!$D$122:$D$134,Obj!$E$122:$E$134,"",0) -> Obj3.5 | J97: 3.5.1 Fortalecido el desarrollo y uso de tecnologías y sistemas de información para mejorar la calidad y eficiencia de la gestión operativa | K97: 3.5.1.2 Estadísticas e Informaciones de Salud | L97: Porcentate de oportunidad reporte estadístico EES | M97: Porcentaje | N97: S/D | O97: 1 | Q97: Dirección Gestión de la Información
B98: =IF('Formulario PPGR1'!$F98="","",CONCATENATE('Formulario PPGR1'!$C98,".",'Formulario PPGR1'!$D98,".",'Formulario PPGR1'!$E98,".",#REF!)) -> #REF! | C98: =IF('Formulario PPGR1'!$F98="","",#REF!) -> #REF! | D98: =IF('Formulario PPGR1'!$F98="","",#REF!) -> #REF! | E98: =IF('Formulario PPGR1'!$F98="","",#REF!) -> #REF! | F98: LE.3 - Fortalecimiento Institucional | G98: {=_xlfn.XLOOKUP($F98,LE_tbl[[#All],[Ls_LinesEstategica]],LE_tbl[[#All],[Le_code]],"",0)} -> LE.3 | H98: 3.5 Fortalecer el uso de tecnologías y sistemas de información en la gestión institucional, para mejorar la calidad y eficiencia operativa. | I98: =_xlfn.XLOOKUP($H98,Obj!$D$122:$D$134,Obj!$E$122:$E$134,"",0) -> Obj3.5 | J98: 3.5.1 Fortalecido el desarrollo y uso de tecnologías y sistemas de información para mejorar la calidad y eficiencia de la gestión operativa | K98: 3.5.1.2 Estadísticas e Informaciones de Salud | L98: Porcentaje de cobertura reporte estadístico EES | M98: Porcentaje | N98: S/D | O98: 1 | Q98: Dirección Gestión de la Información
B99: =IF('Formulario PPGR1'!$F99="","",CONCATENATE('Formulario PPGR1'!$C99,".",'Formulario PPGR1'!$D99,".",'Formulario PPGR1'!$E99,".",#REF!)) -> #REF! | C99: =IF('Formulario PPGR1'!$F99="","",#REF!) -> #REF! | D99: =IF('Formulario PPGR1'!$F99="","",#REF!) -> #REF! | E99: =IF('Formulario PPGR1'!$F99="","",#REF!) -> #REF! | F99: LE.3 - Fortalecimiento Institucional | G99: {=_xlfn.XLOOKUP($F99,LE_tbl[[#All],[Ls_LinesEstategica]],LE_tbl[[#All],[Le_code]],"",0)} -> LE.3 | H99: 3.5 Fortalecer el uso de tecnologías y sistemas de información en la gestión institucional, para mejorar la calidad y eficiencia operativa. | I99: =_xlfn.XLOOKUP($H99,Obj!$D$122:$D$134,Obj!$E$122:$E$134,"",0) -> Obj3.5 | J99: 3.5.1 Fortalecido el desarrollo y uso de tecnologías y sistemas de información para mejorar la calidad y eficiencia de la gestión operativa | K99: 3.5.1.3 Transformación Digital de la Gestión Institucional | L99: Índice de Uso de las TIC e Implementación de Gobierno Digital | M99: Porcentaje | N99: 85.56% (2023) | O99: 0.95 | Q99: Dirección Tecnología de la Información
B100: =IF('Formulario PPGR1'!$F100="","",CONCATENATE('Formulario PPGR1'!$C100,".",'Formulario PPGR1'!$D100,".",'Formulario PPGR1'!$E100,".",#REF!)) -> #REF! | C100: =IF('Formulario PPGR1'!$F100="","",#REF!) -> #REF! | D100: =IF('Formulario PPGR1'!$F100="","",#REF!) -> #REF! | E100: =IF('Formulario PPGR1'!$F100="","",#REF!) -> #REF! | F100: LE.3 - Fortalecimiento Institucional | G100: {=_xlfn.XLOOKUP($F100,LE_tbl[[#All],[Ls_LinesEstategica]],LE_tbl[[#All],[Le_code]],"",0)} -> LE.3 | H100: 3.5 Fortalecer el uso de tecnologías y sistemas de información en la gestión institucional, para mejorar la calidad y eficiencia operativa. | I100: =_xlfn.XLOOKUP($H100,Obj!$D$122:$D$134,Obj!$E$122:$E$134,"",0) -> Obj3.5 | J100: 3.5.1 Fortalecido el desarrollo y uso de tecnologías y sistemas de información para mejorar la calidad y eficiencia de la gestión operativa | K100: 3.5.1.4 Implementación del Proyecto de Telediagnóstico en regiones priorizadas | L100: Porcentaje de avance de implementación del proyecto telediagnóstico | M100: Porcentaje | N100: S/D | O100: 0.3 | Q100: Dirección Laboratorio e Imágenes Dirección Infraestructura y Equipos
B101: =IF('Formulario PPGR1'!$F101="","",CONCATENATE('Formulario PPGR1'!$C101,".",'Formulario PPGR1'!$D101,".",'Formulario PPGR1'!$E101,".",#REF!)) -> #REF! | C101: =IF('Formulario PPGR1'!$F101="","",#REF!) -> #REF! | D101: =IF('Formulario PPGR1'!$F101="","",#REF!) -> #REF! | E101: =IF('Formulario PPGR1'!$F101="","",#REF!) -> #REF! | F101: LE.3 - Fortalecimiento Institucional | G101: {=_xlfn.XLOOKUP($F101,LE_tbl[[#All],[Ls_LinesEstategica]],LE_tbl[[#All],[Le_code]],"",0)} -> LE.3 | H101: 3.6 Fortalecer la infraestructura física y el equipamiento médico, asegurando que los centros de salud cuenten con recursos adecuados para ofrecer atención de calidad. | I101: =_xlfn.XLOOKUP($H101,Obj!$D$122:$D$134,Obj!$E$122:$E$134,"",0) -> Obj3.6 | J101: 3.6.1 Readecuada la infraestructura física y dotación de equipamiento médico de los establecimientos de salud acorde al nivel de atención | K101: 3.6.1.1 Implementación del Programa de Readecuación y Construccion de Infraestructuras centros de salud de la Red SNS | L101: Porcentaje de EES inaugurados según programación del periodo | M101: Porcentaje | N101: S/D | O101: 0.9 | Q101: Dirección Infraestructura y Equipos | V101: Cultura de Servicios y Gestión de Usuarios
B102: =IF('Formulario PPGR1'!$F102="","",CONCATENATE('Formulario PPGR1'!$C102,".",'Formulario PPGR1'!$D102,".",'Formulario PPGR1'!$E102,".",#REF!)) -> #REF! | C102: =IF('Formulario PPGR1'!$F102="","",#REF!) -> #REF! | D102: =IF('Formulario PPGR1'!$F102="","",#REF!) -> #REF! | E102: =IF('Formulario PPGR1'!$F102="","",#REF!) -> #REF! | F102: LE.3 - Fortalecimiento Institucional | G102: {=_xlfn.XLOOKUP($F102,LE_tbl[[#All],[Ls_LinesEstategica]],LE_tbl[[#All],[Le_code]],"",0)} -> LE.3 | H102: 3.6 Fortalecer la infraestructura física y el equipamiento médico, asegurando que los centros de salud cuenten con recursos adecuados para ofrecer atención de calidad. | I102: =_xlfn.XLOOKUP($H102,Obj!$D$122:$D$134,Obj!$E$122:$E$134,"",0) -> Obj3.6 | J102: 3.6.1 Readecuada la infraestructura física y dotación de equipamiento médico de los establecimientos de salud acorde al nivel de atención | K102: 3.6.1.2 Implementación del Programa de Equipamiento de establecimientos de salud | L102: Porcentaje de cumplimiento del cronograma de equipamiento del periodo | M102: Porcentaje | N102: S/D | O102: 0.8 | Q102: Dirección Infraestructura y Equipos | V102: Fortalecimiento de la Veeduría y participación social
B103: =IF('Formulario PPGR1'!$F103="","",CONCATENATE('Formulario PPGR1'!$C103,".",'Formulario PPGR1'!$D103,".",'Formulario PPGR1'!$E103,".",#REF!)) -> #REF! | C103: =IF('Formulario PPGR1'!$F103="","",#REF!) -> #REF! | D103: =IF('Formulario PPGR1'!$F103="","",#REF!) -> #REF! | E103: =IF('Formulario PPGR1'!$F103="","",#REF!) -> #REF! | F103: LE.3 - Fortalecimiento Institucional | G103: {=_xlfn.XLOOKUP($F103,LE_tbl[[#All],[Ls_LinesEstategica]],LE_tbl[[#All],[Le_code]],"",0)} -> LE.3 | H103: 3.6 Fortalecer la infraestructura física y el equipamiento médico, asegurando que los centros de salud cuenten con recursos adecuados para ofrecer atención de calidad. | I103: =_xlfn.XLOOKUP($H103,Obj!$D$122:$D$134,Obj!$E$122:$E$134,"",0) -> Obj3.6 | J103: 3.6.1 Readecuada la infraestructura física y dotación de equipamiento médico de los establecimientos de salud acorde al nivel de atención | K103: 3.6.1.3 Implementación del Plan de Mantenimiento Preventivo y/o Correctivo de Infraestructuras y Equipos Médicos de la Red SNS | L103: Promedio de cumplimiento del plan de mantenimiento correctivo y preventivo de los hospitales SISMAP Salud | M103: Porcentaje | N103: 69% (2023) | O103: 0.85 | Q103: Dirección Infraestructura y Equipos
B104: =IF('Formulario PPGR1'!$F104="","",CONCATENATE('Formulario PPGR1'!$C104,".",'Formulario PPGR1'!$D104,".",'Formulario PPGR1'!$E104,".",#REF!)) -> #REF! | C104: =IF('Formulario PPGR1'!$F104="","",#REF!) -> #REF! | D104: =IF('Formulario PPGR1'!$F104="","",#REF!) -> #REF! | E104: =IF('Formulario PPGR1'!$F104="","",#REF!) -> #REF! | F104: LE.3 - Fortalecimiento Institucional | G104: {=_xlfn.XLOOKUP($F104,LE_tbl[[#All],[Ls_LinesEstategica]],LE_tbl[[#All],[Le_code]],"",0)} -> LE.3 | H104: 3.7 Fortalecer las capacidades de planificación institucional para optimizar los procesos estratégicos, asegurando que los resultados esperados y el presupuesto se alineen de manera efectiva, contribuyendo a la mejora continua de la gestión institucional. | I104: =_xlfn.XLOOKUP($H104,Obj!$D$122:$D$134,Obj!$E$122:$E$134,"",0) -> Obj3.7 | J104: 3.7.1 Fortalecida la capacidad institucional mediante la optimización de los procesos, empoderamiento del talento humano y articulación interna contribuyendo a la mejora continua de la gestión institucional | K104: 3.7.1.1 Programas Orientados a Resultados (PoR), Programas Presupuestarios Institucionales (PPI) y proyectos institucionales | L104: Índice Gestión Presupuestaria | M104: Porcentaje | N104: 87.24% (2023) | O104: 0.95 | Q104: Dirección Planificación y Desarrollo Dirección Financiera
B105: =IF('Formulario PPGR1'!$F105="","",CONCATENATE('Formulario PPGR1'!$C105,".",'Formulario PPGR1'!$D105,".",'Formulario PPGR1'!$E105,".",#REF!)) -> #REF! | C105: =IF('Formulario PPGR1'!$F105="","",#REF!) -> #REF! | D105: =IF('Formulario PPGR1'!$F105="","",#REF!) -> #REF! | E105: =IF('Formulario PPGR1'!$F105="","",#REF!) -> #REF! | F105: LE.3 - Fortalecimiento Institucional | G105: {=_xlfn.XLOOKUP($F105,LE_tbl[[#All],[Ls_LinesEstategica]],LE_tbl[[#All],[Le_code]],"",0)} -> LE.3 | H105: 3.7 Fortalecer las capacidades de planificación institucional para optimizar los procesos estratégicos, asegurando que los resultados esperados y el presupuesto se alineen de manera efectiva, contribuyendo a la mejora continua de la gestión institucional. | I105: =_xlfn.XLOOKUP($H105,Obj!$D$122:$D$134,Obj!$E$122:$E$134,"",0) -> Obj3.7 | J105: 3.7.1 Fortalecida la capacidad institucional mediante la optimización de los procesos, empoderamiento del talento humano y articulación interna contribuyendo a la mejora continua de la gestión institucional | K105: 3.7.1.2 Formulación y seguimiento de los Proyectos del Sistema Nacional de Inversión Pública | L105: Porcentaje de proyectos SNIP aprobados en seguimiento | M105: Porcentaje | N105: 47% (2024) | O105: 0.9 | Q105: Dirección Planificación y Desarrollo Dirección Infraestructura y Equipos
B106: =IF('Formulario PPGR1'!$F106="","",CONCATENATE('Formulario PPGR1'!$C106,".",'Formulario PPGR1'!$D106,".",'Formulario PPGR1'!$E106,".",#REF!)) -> #REF! | C106: =IF('Formulario PPGR1'!$F106="","",#REF!) -> #REF! | D106: =IF('Formulario PPGR1'!$F106="","",#REF!) -> #REF! | E106: =IF('Formulario PPGR1'!$F106="","",#REF!) -> #REF! | F106: LE.3 - Fortalecimiento Institucional | G106: {=_xlfn.XLOOKUP($F106,LE_tbl[[#All],[Ls_LinesEstategica]],LE_tbl[[#All],[Le_code]],"",0)} -> LE.3 | H106: 3.7 Fortalecer las capacidades de planificación institucional para optimizar los procesos estratégicos, asegurando que los resultados esperados y el presupuesto se alineen de manera efectiva, contribuyendo a la mejora continua de la gestión institucional. | I106: =_xlfn.XLOOKUP($H106,Obj!$D$122:$D$134,Obj!$E$122:$E$134,"",0) -> Obj3.7 | J106: 3.7.1 Fortalecida la capacidad institucional mediante la optimización de los procesos, empoderamiento del talento humano y articulación interna contribuyendo a la mejora continua de la gestión institucional | K106: 3.7.1.3 Optimización de la Estructura Organizativa y Transformación Organizacional | L106: Porcentaje de hospitales con estructura definida | M106: Porcentaje | N106: 71% (2023) | O106: 0.85 | Q106: Dirección Planificación y Desarrollo
B107: =IF('Formulario PPGR1'!$F107="","",CONCATENATE('Formulario PPGR1'!$C107,".",'Formulario PPGR1'!$D107,".",'Formulario PPGR1'!$E107,".",#REF!)) -> #REF! | C107: =IF('Formulario PPGR1'!$F107="","",#REF!) -> #REF! | D107: =IF('Formulario PPGR1'!$F107="","",#REF!) -> #REF! | E107: =IF('Formulario PPGR1'!$F107="","",#REF!) -> #REF! | F107: LE.3 - Fortalecimiento Institucional | G107: {=_xlfn.XLOOKUP($F107,LE_tbl[[#All],[Ls_LinesEstategica]],LE_tbl[[#All],[Le_code]],"",0)} -> LE.3 | H107: 3.7 Fortalecer las capacidades de planificación institucional para optimizar los procesos estratégicos, asegurando que los resultados esperados y el presupuesto se alineen de manera efectiva, contribuyendo a la mejora continua de la gestión institucional. | I107: =_xlfn.XLOOKUP($H107,Obj!$D$122:$D$134,Obj!$E$122:$E$134,"",0) -> Obj3.7 | J107: 3.7.1 Fortalecida la capacidad institucional mediante la optimización de los procesos, empoderamiento del talento humano y articulación interna contribuyendo a la mejora continua de la gestión institucional | K107: 3.7.1.3 Optimización de la Estructura Organizativa y Transformación Organizacional | L107: Porcentaje de hospitales con manuales de funciones definidas | M107: Porcentaje | N107: 59% (2023) | O107: 0.8 | Q107: Dirección Planificación y Desarrollo
B108: =IF('Formulario PPGR1'!$F108="","",CONCATENATE('Formulario PPGR1'!$C108,".",'Formulario PPGR1'!$D108,".",'Formulario PPGR1'!$E108,".",#REF!)) -> #REF! | C108: =IF('Formulario PPGR1'!$F108="","",#REF!) -> #REF! | D108: =IF('Formulario PPGR1'!$F108="","",#REF!) -> #REF! | E108: =IF('Formulario PPGR1'!$F108="","",#REF!) -> #REF! | F108: LE.3 - Fortalecimiento Institucional | G108: {=_xlfn.XLOOKUP($F108,LE_tbl[[#All],[Ls_LinesEstategica]],LE_tbl[[#All],[Le_code]],"",0)} -> LE.3 | H108: 3.7 Fortalecer las capacidades de planificación institucional para optimizar los procesos estratégicos, asegurando que los resultados esperados y el presupuesto se alineen de manera efectiva, contribuyendo a la mejora continua de la gestión institucional. | I108: =_xlfn.XLOOKUP($H108,Obj!$D$122:$D$134,Obj!$E$122:$E$134,"",0) -> Obj3.7 | J108: 3.7.1 Fortalecida la capacidad institucional mediante la optimización de los procesos, empoderamiento del talento humano y articulación interna contribuyendo a la mejora continua de la gestión institucional | K108: 3.7.1.3 Optimización de la Estructura Organizativa y Transformación Organizacional | L108: Porcentaje de implementación del manual de cargos | M108: Porcentaje | N108: S/D | O108: 0.75 | Q108: Dirección Recursos Humanos
...

Sheet Formulario PPGR2
H2: ='Formulario PPGR1'!G2 -> Servicio Nacional de Salud
H3: ='Formulario PPGR1'!G3 -> Dirección de Planificación y Desarrollo | Z3: =IF('Formulario PPGR1'!$M$3="SNS - Dirección Central","ls_Departamento","Ls_DepartamentosSRS") -> ls_Departamento
H4: =+'Formulario PPGR1'!G4 -> Plan Operativo Anual
H5: Identificación de actividades
H6: Servicio Nacional de Salud
B8: ID_Dependendencia | C8: POA | D8: SRS | E8: AREA | F8: TIPO | G8: Productos | H8: Código | I8: Actividades Programables Presupuestables | J8: Ene | K8: Feb | L8: Mar | M8: Abr | N8: May | O8: Jun | P8: Jul | Q8: Ago | R8: Sep | S8: Oct | T8: Nov | U8: Dic | V8: Total de Acciones | W8: Medio de Verificación 1 | X8: Medio de Verificación 2 | Y8: Medio de Verificación 3 | Z8: Responsable
B9: =IF('Formulario PPGR2'!$G9="","",CONCATENATE('Formulario PPGR2'!$C9,".",'Formulario PPGR2'!$D9,".",'Formulario PPGR2'!$E9,".",'Formulario PPGR2'!$F9)) -> #REF! | C9: =IF('Formulario PPGR2'!$G9="","",'Formulario PPGR1'!#REF!) -> #REF! | D9: =IF('Formulario PPGR2'!$G9="","",'Formulario PPGR1'!#REF!) -> #REF! | E9: =IF('Formulario PPGR2'!$G9="","",'Formulario PPGR1'!#REF!) -> #REF! | F9: =IF('Formulario PPGR2'!$G9="","",'Formulario PPGR1'!#REF!) -> #REF! | G9: 1.1.1.1 Fortalecimiento del cumplimiento de buenas prácticas de almacenamiento, recepción, distribución y dispensación de medicamentos e insumos en los establecimientos del Primer Nivel | H9: DMI 1.1.1.1.01 | I9: Visita de supervisión del cumplimiento de los procedimientos operativos del SUGEMI en los SRS. | K9: 1 | L9: 1 | M9: 1 | N9: 1 | O9: 1 | P9: 1 | Q9: 1 | R9: 1 | S9: 1 | T9: 1 | V9: =+Tabla2[[#This Row],[Dic]]+Tabla2[[#This Row],[Nov]]+Tabla2[[#This Row],[Oct]]+Tabla2[[#This Row],[Sep]]+Tabla2[[#This Row],[Ago]]+Tabla2[[#This Row],[Jul]]+Tabla2[[#This Row],[Jun]]+Tabla2[[#This Row],[May]]+Tabla2[[#This Row],[Abr]]+Tabla2[[#This Row],[Mar]]+Tabla2[[#This Row],[Feb]]+Tabla2[[#This Row],[Ene]] -> 10 | W9: Listado de participación | X9: Informe | Z9: DMI
B10: =IF('Formulario PPGR2'!$G12="","",CONCATENATE('Formulario PPGR2'!$C12,".",'Formulario PPGR2'!$D12,".",'Formulario PPGR2'!$E12,".",'Formulario PPGR2'!$F12)) -> #REF! | C10: =IF('Formulario PPGR2'!$G12="","",'Formulario PPGR1'!#REF!) -> #REF! | D10: =IF('Formulario PPGR2'!$G12="","",'Formulario PPGR1'!#REF!) -> #REF! | E10: =IF('Formulario PPGR2'!$G12="","",'Formulario PPGR1'!#REF!) -> #REF! | F10: =IF('Formulario PPGR2'!$G12="","",'Formulario PPGR1'!#REF!) -> #REF! | G10: 1.1.1.2 Proyecto de Fortalecimiento de la provisión de los servicios de Salud para la prevención y gestión de las Enfermedades Crónicas No Transmisibles: Diabetes y Enfermedades Cardiovasculares. HEARTS | H10: DAR 1.1.1.2.01 | I10: Visita a seguimiento a EES que implementan la estrategia HEARTS. | K10: 1 | L10: 1 | M10: 1 | N10: 1 | O10: 1 | P10: 1 | Q10: 1 | R10: 1 | S10: 1 | T10: 1 | U10: 1 | V10: =+Tabla2[[#This Row],[Dic]]+Tabla2[[#This Row],[Nov]]+Tabla2[[#This Row],[Oct]]+Tabla2[[#This Row],[Sep]]+Tabla2[[#This Row],[Ago]]+Tabla2[[#This Row],[Jul]]+Tabla2[[#This Row],[Jun]]+Tabla2[[#This Row],[May]]+Tabla2[[#This Row],[Abr]]+Tabla2[[#This Row],[Mar]]+Tabla2[[#This Row],[Feb]]+Tabla2[[#This Row],[Ene]] -> 11 | W10: Listado de participación | X10: Informe | Z10: DGC
B11: =IF('Formulario PPGR2'!$G10="","",CONCATENATE('Formulario PPGR2'!$C10,".",'Formulario PPGR2'!$D10,".",'Formulario PPGR2'!$E10,".",'Formulario PPGR2'!$F10)) -> #REF! | C11: =IF('Formulario PPGR2'!$G10="","",'Formulario PPGR1'!#REF!) -> #REF! | D11: =IF('Formulario PPGR2'!$G10="","",'Formulario PPGR1'!#REF!) -> #REF! | E11: =IF('Formulario PPGR2'!$G10="","",'Formulario PPGR1'!#REF!) -> #REF! | F11: =IF('Formulario PPGR2'!$G10="","",'Formulario PPGR1'!#REF!) -> #REF! | G11: 1.1.1.2 Proyecto de Fortalecimiento de la provisión de los servicios de Salud para la prevención y gestión de las Enfermedades Crónicas No Transmisibles: Diabetes y Enfermedades Cardiovasculares. HEARTS | H11: DPN 1.1.1.2.01 | I11: Acompañamiento a los SRS para el seguimiento a pacientes con Enfermedades Crónicas No Transmisibles | M11: 1 | P11: 1 | U11: 1 | V11: =+Tabla2[[#This Row],[Dic]]+Tabla2[[#This Row],[Nov]]+Tabla2[[#This Row],[Oct]]+Tabla2[[#This Row],[Sep]]+Tabla2[[#This Row],[Ago]]+Tabla2[[#This Row],[Jul]]+Tabla2[[#This Row],[Jun]]+Tabla2[[#This Row],[May]]+Tabla2[[#This Row],[Abr]]+Tabla2[[#This Row],[Mar]]+Tabla2[[#This Row],[Feb]]+Tabla2[[#This Row],[Ene]] -> 3 | W11: Listado de participación | X11: Informe | Z11: DPN
B12: =IF('Formulario PPGR2'!$G11="","",CONCATENATE('Formulario PPGR2'!$C11,".",'Formulario PPGR2'!$D11,".",'Formulario PPGR2'!$E11,".",'Formulario PPGR2'!$F11)) -> #REF! | D12: =IF('Formulario PPGR2'!$G11="","",'Formulario PPGR1'!#REF!) -> #REF! | E12: =IF('Formulario PPGR2'!$G11="","",'Formulario PPGR1'!#REF!) -> #REF! | F12: =IF('Formulario PPGR2'!$G11="","",'Formulario PPGR1'!#REF!) -> #REF! | G12: 1.1.1.2 Proyecto de Fortalecimiento de la provisión de los servicios de Salud para la prevención y gestión de las Enfermedades Crónicas No Transmisibles: Diabetes y Enfermedades Cardiovasculares. HEARTS | H12: DPN 1.1.1.2.02 | I12: Seguimiento a la capacitación a los SRS para la expansión de la Estrategia HEARTS | O12: 1 | T12: 1 | V12: =+Tabla2[[#This Row],[Dic]]+Tabla2[[#This Row],[Nov]]+Tabla2[[#This Row],[Oct]]+Tabla2[[#This Row],[Sep]]+Tabla2[[#This Row],[Ago]]+Tabla2[[#This Row],[Jul]]+Tabla2[[#This Row],[Jun]]+Tabla2[[#This Row],[May]]+Tabla2[[#This Row],[Abr]]+Tabla2[[#This Row],[Mar]]+Tabla2[[#This Row],[Feb]]+Tabla2[[#This Row],[Ene]] -> 2 | W12: Otros | X12: Listado de participación | Y12: Plan de capacitación | Z12: DPN
B13: =IF('Formulario PPGR2'!$G13="","",CONCATENATE('Formulario PPGR2'!$C13,".",'Formulario PPGR2'!$D13,".",'Formulario PPGR2'!$E13,".",'Formulario PPGR2'!$F13)) -> #REF! | C13: =IF('Formulario PPGR2'!$G13="","",'Formulario PPGR1'!#REF!) -> #REF! | D13: =IF('Formulario PPGR2'!$G13="","",'Formulario PPGR1'!#REF!) -> #REF! | E13: =IF('Formulario PPGR2'!$G13="","",'Formulario PPGR1'!#REF!) -> #REF! | F13: =IF('Formulario PPGR2'!$G13="","",'Formulario PPGR1'!#REF!) -> #REF! | G13: 1.1.1.3 Mejora de la adscripción de las Fichas Familiares | H13: DPN 1.1.1.3.01 | I13: Seguimiento a los SRS para la adscripción de la población a través de las fichas familiares | L13: 1 | O13: 1 | R13: 1 | U13: 1 | V13: =+Tabla2[[#This Row],[Dic]]+Tabla2[[#This Row],[Nov]]+Tabla2[[#This Row],[Oct]]+Tabla2[[#This Row],[Sep]]+Tabla2[[#This Row],[Ago]]+Tabla2[[#This Row],[Jul]]+Tabla2[[#This Row],[Jun]]+Tabla2[[#This Row],[May]]+Tabla2[[#This Row],[Abr]]+Tabla2[[#This Row],[Mar]]+Tabla2[[#This Row],[Feb]]+Tabla2[[#This Row],[Ene]] -> 4 | W13: Informe | X13: Listado de participación | Z13: DPN
B14: =IF('Formulario PPGR2'!$G14="","",CONCATENATE('Formulario PPGR2'!$C14,".",'Formulario PPGR2'!$D14,".",'Formulario PPGR2'!$E14,".",'Formulario PPGR2'!$F14)) -> #REF! | D14: =IF('Formulario PPGR2'!$G14="","",'Formulario PPGR1'!#REF!) -> #REF! | E14: =IF('Formulario PPGR2'!$G14="","",'Formulario PPGR1'!#REF!) -> #REF! | F14: =IF('Formulario PPGR2'!$G14="","",'Formulario PPGR1'!#REF!) -> #REF! | G14: 1.1.1.3 Mejora de la adscripción de las Fichas Familiares | H14: DPN 1.1.1.3.02 | I14: Seguimiento a los SRS para la digitación de las fichas familiares en el SIRPAFF | L14: 1 | O14: 1 | R14: 1 | U14: 1 | V14: =+Tabla2[[#This Row],[Dic]]+Tabla2[[#This Row],[Nov]]+Tabla2[[#This Row],[Oct]]+Tabla2[[#This Row],[Sep]]+Tabla2[[#This Row],[Ago]]+Tabla2[[#This Row],[Jul]]+Tabla2[[#This Row],[Jun]]+Tabla2[[#This Row],[May]]+Tabla2[[#This Row],[Abr]]+Tabla2[[#This Row],[Mar]]+Tabla2[[#This Row],[Feb]]+Tabla2[[#This Row],[Ene]] -> 4 | W14: Reporte | Z14: DPN
B15: =IF('Formulario PPGR2'!$G15="","",CONCATENATE('Formulario PPGR2'!$C15,".",'Formulario PPGR2'!$D15,".",'Formulario PPGR2'!$E15,".",'Formulario PPGR2'!$F15)) -> #REF! | C15: =IF('Formulario PPGR2'!$G15="","",'Formulario PPGR1'!#REF!) -> #REF! | D15: =IF('Formulario PPGR2'!$G15="","",'Formulario PPGR1'!#REF!) -> #REF! | E15: =IF('Formulario PPGR2'!$G15="","",'Formulario PPGR1'!#REF!) -> #REF! | F15: =IF('Formulario PPGR2'!$G15="","",'Formulario PPGR1'!#REF!) -> #REF! | G15: 1.1.1.4 Direccionalizado los planes de desarrollo e inversión de los SRS hacia el fortalecimiento del PNA | H15: DPN 1.1.1.4.01 | I15: Seguimiento a los SRS en la ejecución de los planes de inversión | M15: 1 | P15: 1 | U15: 1 | V15: =+Tabla2[[#This Row],[Dic]]+Tabla2[[#This Row],[Nov]]+Tabla2[[#This Row],[Oct]]+Tabla2[[#This Row],[Sep]]+Tabla2[[#This Row],[Ago]]+Tabla2[[#This Row],[Jul]]+Tabla2[[#This Row],[Jun]]+Tabla2[[#This Row],[May]]+Tabla2[[#This Row],[Abr]]+Tabla2[[#This Row],[Mar]]+Tabla2[[#This Row],[Feb]]+Tabla2[[#This Row],[Ene]] -> 3 | W15: Informe | Z15: DPN
B16: =IF('Formulario PPGR2'!$G16="","",CONCATENATE('Formulario PPGR2'!$C16,".",'Formulario PPGR2'!$D16,".",'Formulario PPGR2'!$E16,".",'Formulario PPGR2'!$F16)) -> #REF! | D16: =IF('Formulario PPGR2'!$G16="","",'Formulario PPGR1'!#REF!) -> #REF! | E16: =IF('Formulario PPGR2'!$G16="","",'Formulario PPGR1'!#REF!) -> #REF! | F16: =IF('Formulario PPGR2'!$G16="","",'Formulario PPGR1'!#REF!) -> #REF! | G16: 1.1.1.4 Direccionalizado los planes de desarrollo e inversión de los SRS hacia el fortalecimiento del PNA | H16: DPN 1.1.1.4.02 | I16: Reunión de coordinación y avances a las acciones implementadas en el PNA | K16: 1 | M16: 1 | O16: 1 | R16: 1 | U16: 1 | V16: =+Tabla2[[#This Row],[Dic]]+Tabla2[[#This Row],[Nov]]+Tabla2[[#This Row],[Oct]]+Tabla2[[#This Row],[Sep]]+Tabla2[[#This Row],[Ago]]+Tabla2[[#This Row],[Jul]]+Tabla2[[#This Row],[Jun]]+Tabla2[[#This Row],[May]]+Tabla2[[#This Row],[Abr]]+Tabla2[[#This Row],[Mar]]+Tabla2[[#This Row],[Feb]]+Tabla2[[#This Row],[Ene]] -> 5 | W16: Listado de participación | X16: Minuta | Z16: DPN
B17: =IF('Formulario PPGR2'!$G17="","",CONCATENATE('Formulario PPGR2'!$C17,".",'Formulario PPGR2'!$D17,".",'Formulario PPGR2'!$E17,".",'Formulario PPGR2'!$F17)) -> #REF! | D17: =IF('Formulario PPGR2'!$G17="","",'Formulario PPGR1'!#REF!) -> #REF! | E17: =IF('Formulario PPGR2'!$G17="","",'Formulario PPGR1'!#REF!) -> #REF! | F17: =IF('Formulario PPGR2'!$G17="","",'Formulario PPGR1'!#REF!) -> #REF! | G17: 1.1.1.4 Direccionalizado los planes de desarrollo e inversión de los SRS hacia el fortalecimiento del PNA | H17: DPN 1.1.1.4.03 | I17: Talleres de presentación de avances de las acciones en el marco del convenio SNS-SENASA | P17: 1 | U17: 1 | V17: =+Tabla2[[#This Row],[Dic]]+Tabla2[[#This Row],[Nov]]+Tabla2[[#This Row],[Oct]]+Tabla2[[#This Row],[Sep]]+Tabla2[[#This Row],[Ago]]+Tabla2[[#This Row],[Jul]]+Tabla2[[#This Row],[Jun]]+Tabla2[[#This Row],[May]]+Tabla2[[#This Row],[Abr]]+Tabla2[[#This Row],[Mar]]+Tabla2[[#This Row],[Feb]]+Tabla2[[#This Row],[Ene]] -> 2 | W17: Listado de participación | X17: Minuta | Z17: DPN
B18: =IF('Formulario PPGR2'!$G18="","",CONCATENATE('Formulario PPGR2'!$C18,".",'Formulario PPGR2'!$D18,".",'Formulario PPGR2'!$E18,".",'Formulario PPGR2'!$F18)) -> #REF! | D18: =IF('Formulario PPGR2'!$G18="","",'Formulario PPGR1'!#REF!) -> #REF! | E18: =IF('Formulario PPGR2'!$G18="","",'Formulario PPGR1'!#REF!) -> #REF! | F18: =IF('Formulario PPGR2'!$G18="","",'Formulario PPGR1'!#REF!) -> #REF! | G18: 1.1.1.4 Direccionalizado los planes de desarrollo e inversión de los SRS hacia el fortalecimiento del PNA | H18: DPN 1.1.1.4.04 | I18: Seguimiento al proceso de facturación en los CCDx | L18: 1 | O18: 1 | R18: 1 | U18: 1 | V18: =+Tabla2[[#This Row],[Dic]]+Tabla2[[#This Row],[Nov]]+Tabla2[[#This Row],[Oct]]+Tabla2[[#This Row],[Sep]]+Tabla2[[#This Row],[Ago]]+Tabla2[[#This Row],[Jul]]+Tabla2[[#This Row],[Jun]]+Tabla2[[#This Row],[May]]+Tabla2[[#This Row],[Abr]]+Tabla2[[#This Row],[Mar]]+Tabla2[[#This Row],[Feb]]+Tabla2[[#This Row],[Ene]] -> 4 | W18: Informe | Z18: DPN
B19: =IF('Formulario PPGR2'!$G20="","",CONCATENATE('Formulario PPGR2'!$C20,".",'Formulario PPGR2'!$D20,".",'Formulario PPGR2'!$E20,".",'Formulario PPGR2'!$F20)) -> #REF! | C19: =IF('Formulario PPGR2'!$G20="","",'Formulario PPGR1'!#REF!) -> #REF! | D19: =IF('Formulario PPGR2'!$G20="","",'Formulario PPGR1'!#REF!) -> #REF! | E19: =IF('Formulario PPGR2'!$G20="","",'Formulario PPGR1'!#REF!) -> #REF! | F19: =IF('Formulario PPGR2'!$G20="","",'Formulario PPGR1'!#REF!) -> #REF! | G19: 1.1.2.1 Ampliación de la cobertura y acceso a servicios de salud mental | H19: DAR 1.1.2.1.01 | I19: Visitas de supervisión con el objetivo de identificar brechas en la atención de salud mental, con el fin de desarrollar planes de mejora para fortalecer los servicios. | L19: 1 | M19: 1 | N19: 1 | O19: 1 | P19: 1 | Q19: 1 | R19: 1 | S19: 1 | T19: 1 | V19: =+Tabla2[[#This Row],[Dic]]+Tabla2[[#This Row],[Nov]]+Tabla2[[#This Row],[Oct]]+Tabla2[[#This Row],[Sep]]+Tabla2[[#This Row],[Ago]]+Tabla2[[#This Row],[Jul]]+Tabla2[[#This Row],[Jun]]+Tabla2[[#This Row],[May]]+Tabla2[[#This Row],[Abr]]+Tabla2[[#This Row],[Mar]]+Tabla2[[#This Row],[Feb]]+Tabla2[[#This Row],[Ene]] -> 9 | W19: Informe | X19: Listado de participación | Z19: DSM
B20: =IF('Formulario PPGR2'!$G21="","",CONCATENATE('Formulario PPGR2'!$C21,".",'Formulario PPGR2'!$D21,".",'Formulario PPGR2'!$E21,".",'Formulario PPGR2'!$F21)) -> #REF! | C20: =IF('Formulario PPGR2'!$G21="","",'Formulario PPGR1'!#REF!) -> #REF! | D20: =IF('Formulario PPGR2'!$G21="","",'Formulario PPGR1'!#REF!) -> #REF! | E20: =IF('Formulario PPGR2'!$G21="","",'Formulario PPGR1'!#REF!) -> #REF! | F20: =IF('Formulario PPGR2'!$G21="","",'Formulario PPGR1'!#REF!) -> #REF! | G20: 1.1.2.1 Ampliación de la cobertura y acceso a servicios de salud mental | H20: DAR 1.1.2.1.02 | I20: Taller de capacitación en el fortalecimiento en buenas prácticas en protocolos y documentación estandarizada. | P20: 1 | S20: 1 | V20: =+Tabla2[[#This Row],[Dic]]+Tabla2[[#This Row],[Nov]]+Tabla2[[#This Row],[Oct]]+Tabla2[[#This Row],[Sep]]+Tabla2[[#This Row],[Ago]]+Tabla2[[#This Row],[Jul]]+Tabla2[[#This Row],[Jun]]+Tabla2[[#This Row],[May]]+Tabla2[[#This Row],[Abr]]+Tabla2[[#This Row],[Mar]]+Tabla2[[#This Row],[Feb]]+Tabla2[[#This Row],[Ene]] -> 2 | W20: Listado de participación | X20: Fotos | Z20: DSM
B21: =IF('Formulario PPGR2'!$G22="","",CONCATENATE('Formulario PPGR2'!$C22,".",'Formulario PPGR2'!$D22,".",'Formulario PPGR2'!$E22,".",'Formulario PPGR2'!$F22)) -> #REF! | C21: =IF('Formulario PPGR2'!$G22="","",'Formulario PPGR1'!#REF!) -> #REF! | D21: =IF('Formulario PPGR2'!$G22="","",'Formulario PPGR1'!#REF!) -> #REF! | E21: =IF('Formulario PPGR2'!$G22="","",'Formulario PPGR1'!#REF!) -> #REF! | F21: =IF('Formulario PPGR2'!$G22="","",'Formulario PPGR1'!#REF!) -> #REF! | G21: 1.1.2.1 Ampliación de la cobertura y acceso a servicios de salud mental | H21: DAR 1.1.2.1.03 | I21: Mesas de trabajo con los coordinadores regionales de salud mental para seguimiento de los levantamientos realizados en los EES. | M21: 1 | Q21: 1 | T21: 1 | V21: =+Tabla2[[#This Row],[Dic]]+Tabla2[[#This Row],[Nov]]+Tabla2[[#This Row],[Oct]]+Tabla2[[#This Row],[Sep]]+Tabla2[[#This Row],[Ago]]+Tabla2[[#This Row],[Jul]]+Tabla2[[#This Row],[Jun]]+Tabla2[[#This Row],[May]]+Tabla2[[#This Row],[Abr]]+Tabla2[[#This Row],[Mar]]+Tabla2[[#This Row],[Feb]]+Tabla2[[#This Row],[Ene]] -> 3 | W21: Listado de participación | X21: Minuta | Z21: DSM
B22: =IF('Formulario PPGR2'!$G23="","",CONCATENATE('Formulario PPGR2'!$C23,".",'Formulario PPGR2'!$D23,".",'Formulario PPGR2'!$E23,".",'Formulario PPGR2'!$F23)) -> #REF! | C22: =IF('Formulario PPGR2'!$G23="","",'Formulario PPGR1'!#REF!) -> #REF! | D22: =IF('Formulario PPGR2'!$G23="","",'Formulario PPGR1'!#REF!) -> #REF! | E22: =IF('Formulario PPGR2'!$G23="","",'Formulario PPGR1'!#REF!) -> #REF! | F22: =IF('Formulario PPGR2'!$G23="","",'Formulario PPGR1'!#REF!) -> #REF! | G22: 1.1.2.1 Ampliación de la cobertura y acceso a servicios de salud mental | H22: DAR 1.1.2.1.04 | I22: Ampliación de la estrategia MhGap de Atención Primaria, con enfoque prioritario en los Servicios Regionales Metropolitana, Valdesia y Norcentral. | O22: 1 | T22: 1 | V22: =+Tabla2[[#This Row],[Dic]]+Tabla2[[#This Row],[Nov]]+Tabla2[[#This Row],[Oct]]+Tabla2[[#This Row],[Sep]]+Tabla2[[#This Row],[Ago]]+Tabla2[[#This Row],[Jul]]+Tabla2[[#This Row],[Jun]]+Tabla2[[#This Row],[May]]+Tabla2[[#This Row],[Abr]]+Tabla2[[#This Row],[Mar]]+Tabla2[[#This Row],[Feb]]+Tabla2[[#This Row],[Ene]] -> 2 | W22: Informe | X22: Listado de participación | Z22: DSM
B23: =IF('Formulario PPGR2'!$G24="","",CONCATENATE('Formulario PPGR2'!$C24,".",'Formulario PPGR2'!$D24,".",'Formulario PPGR2'!$E24,".",'Formulario PPGR2'!$F24)) -> #REF! | C23: =IF('Formulario PPGR2'!$G24="","",'Formulario PPGR1'!#REF!) -> #REF! | D23: =IF('Formulario PPGR2'!$G24="","",'Formulario PPGR1'!#REF!) -> #REF! | E23: =IF('Formulario PPGR2'!$G24="","",'Formulario PPGR1'!#REF!) -> #REF! | F23: =IF('Formulario PPGR2'!$G24="","",'Formulario PPGR1'!#REF!) -> #REF! | G23: 1.1.2.1 Ampliación de la cobertura y acceso a servicios de salud mental | H23: DAR 1.1.2.1.05 | I23: Mesas de trabajo con la DPN y DCH para dar seguimiento y atención oportuna a los pacientes identificados con trastornos de salud mental. | L23: 1 | Q23: 1 | V23: =+Tabla2[[#This Row],[Dic]]+Tabla2[[#This Row],[Nov]]+Tabla2[[#This Row],[Oct]]+Tabla2[[#This Row],[Sep]]+Tabla2[[#This Row],[Ago]]+Tabla2[[#This Row],[Jul]]+Tabla2[[#This Row],[Jun]]+Tabla2[[#This Row],[May]]+Tabla2[[#This Row],[Abr]]+Tabla2[[#This Row],[Mar]]+Tabla2[[#This Row],[Feb]]+Tabla2[[#This Row],[Ene]] -> 2 | W23: Listado de participación | X23: Minuta | Z23: DSM
B24: =IF('Formulario PPGR2'!$G25="","",CONCATENATE('Formulario PPGR2'!$C25,".",'Formulario PPGR2'!$D25,".",'Formulario PPGR2'!$E25,".",'Formulario PPGR2'!$F25)) -> #REF! | C24: =IF('Formulario PPGR2'!$G25="","",'Formulario PPGR1'!#REF!) -> #REF! | D24: =IF('Formulario PPGR2'!$G25="","",'Formulario PPGR1'!#REF!) -> #REF! | E24: =IF('Formulario PPGR2'!$G25="","",'Formulario PPGR1'!#REF!) -> #REF! | F24: =IF('Formulario PPGR2'!$G25="","",'Formulario PPGR1'!#REF!) -> #REF! | G24: 1.1.2.1 Ampliación de la cobertura y acceso a servicios de salud mental | H24: DAR 1.1.2.1.06 | I24: Mesas de trabajo con la DGI y DTI para optimizar el registro de consultas e internamientos en Salud Mental, con la finalidad de asegurar la disponibilidad de datos actualizados y accesibles. | K24: 1 | O24: 1 | R24: 1 | V24: =+Tabla2[[#This Row],[Dic]]+Tabla2[[#This Row],[Nov]]+Tabla2[[#This Row],[Oct]]+Tabla2[[#This Row],[Sep]]+Tabla2[[#This Row],[Ago]]+Tabla2[[#This Row],[Jul]]+Tabla2[[#This Row],[Jun]]+Tabla2[[#This Row],[May]]+Tabla2[[#This Row],[Abr]]+Tabla2[[#This Row],[Mar]]+Tabla2[[#This Row],[Feb]]+Tabla2[[#This Row],[Ene]] -> 3 | W24: Listado de participación | X24: Minuta | Z24: DSM
B25: =IF('Formulario PPGR2'!$G26="","",CONCATENATE('Formulario PPGR2'!$C26,".",'Formulario PPGR2'!$D26,".",'Formulario PPGR2'!$E26,".",'Formulario PPGR2'!$F26)) -> #REF! | C25: =IF('Formulario PPGR2'!$G26="","",'Formulario PPGR1'!#REF!) -> #REF! | D25: =IF('Formulario PPGR2'!$G26="","",'Formulario PPGR1'!#REF!) -> #REF! | E25: =IF('Formulario PPGR2'!$G26="","",'Formulario PPGR1'!#REF!) -> #REF! | F25: =IF('Formulario PPGR2'!$G26="","",'Formulario PPGR1'!#REF!) -> #REF! | G25: 1.1.2.1 Ampliación de la cobertura y acceso a servicios de salud mental | H25: DAR 1.1.2.1.07 | I25: Visitas de supervisión a las Unidades de Intervención en Crisis en funcionamiento en la región. | L25: 1 | N25: 1 | P25: 1 | R25: 1 | T25: 1 | V25: =+Tabla2[[#This Row],[Dic]]+Tabla2[[#This Row],[Nov]]+Tabla2[[#This Row],[Oct]]+Tabla2[[#This Row],[Sep]]+Tabla2[[#This Row],[Ago]]+Tabla2[[#This Row],[Jul]]+Tabla2[[#This Row],[Jun]]+Tabla2[[#This Row],[May]]+Tabla2[[#This Row],[Abr]]+Tabla2[[#This Row],[Mar]]+Tabla2[[#This Row],[Feb]]+Tabla2[[#This Row],[Ene]] -> 5 | W25: Informe | X25: Listado de participación | Z25: DSM
B26: =IF('Formulario PPGR2'!$G27="","",CONCATENATE('Formulario PPGR2'!$C27,".",'Formulario PPGR2'!$D27,".",'Formulario PPGR2'!$E27,".",'Formulario PPGR2'!$F27)) -> #REF! | C26: =IF('Formulario PPGR2'!$G27="","",'Formulario PPGR1'!#REF!) -> #REF! | D26: =IF('Formulario PPGR2'!$G27="","",'Formulario PPGR1'!#REF!) -> #REF! | E26: =IF('Formulario PPGR2'!$G27="","",'Formulario PPGR1'!#REF!) -> #REF! | F26: =IF('Formulario PPGR2'!$G27="","",'Formulario PPGR1'!#REF!) -> #REF! | G26: 1.1.2.1 Ampliación de la cobertura y acceso a servicios de salud mental | H26: DAR 1.1.2.1.08 | I26: Mesas de trabajo con los coordinadores regionales de salud mental y directores regionales sobre las Unidades de Intervención en Crisis en funcionamiento en la región. | M26: 1 | Q26: 1 | V26: =+Tabla2[[#This Row],[Dic]]+Tabla2[[#This Row],[Nov]]+Tabla2[[#This Row],[Oct]]+Tabla2[[#This Row],[Sep]]+Tabla2[[#This Row],[Ago]]+Tabla2[[#This Row],[Jul]]+Tabla2[[#This Row],[Jun]]+Tabla2[[#This Row],[May]]+Tabla2[[#This Row],[Abr]]+Tabla2[[#This Row],[Mar]]+Tabla2[[#This Row],[Feb]]+Tabla2[[#This Row],[Ene]] -> 2 | W26: Listado de participación | X26: Minuta | Z26: DSM
B27: =IF('Formulario PPGR2'!$G28="","",CONCATENATE('Formulario PPGR2'!$C28,".",'Formulario PPGR2'!$D28,".",'Formulario PPGR2'!$E28,".",'Formulario PPGR2'!$F28)) -> #REF! | C27: =IF('Formulario PPGR2'!$G28="","",'Formulario PPGR1'!#REF!) -> #REF! | D27: =IF('Formulario PPGR2'!$G28="","",'Formulario PPGR1'!#REF!) -> #REF! | E27: =IF('Formulario PPGR2'!$G28="","",'Formulario PPGR1'!#REF!) -> #REF! | F27: =IF('Formulario PPGR2'!$G28="","",'Formulario PPGR1'!#REF!) -> #REF! | G27: 1.1.2.1 Ampliación de la cobertura y acceso a servicios de salud mental | H27: DAR 1.1.2.1.09 | I27: Mesas de trabajo con DMIA para seguimiento a la atención de NNA en las UIC. | L27: 1 | O27: 1 | R27: 1 | V27: =+Tabla2[[#This Row],[Dic]]+Tabla2[[#This Row],[Nov]]+Tabla2[[#This Row],[Oct]]+Tabla2[[#This Row],[Sep]]+Tabla2[[#This Row],[Ago]]+Tabla2[[#This Row],[Jul]]+Tabla2[[#This Row],[Jun]]+Tabla2[[#This Row],[May]]+Tabla2[[#This Row],[Abr]]+Tabla2[[#This Row],[Mar]]+Tabla2[[#This Row],[Feb]]+Tabla2[[#This Row],[Ene]] -> 3 | W27: Listado de participación | X27: Minuta | Z27: DSM
B28: =IF('Formulario PPGR2'!$G31="","",CONCATENATE('Formulario PPGR2'!$C31,".",'Formulario PPGR2'!$D31,".",'Formulario PPGR2'!$E31,".",'Formulario PPGR2'!$F31)) -> #REF! | C28: =IF('Formulario PPGR2'!$G31="","",'Formulario PPGR1'!#REF!) -> #REF! | D28: =IF('Formulario PPGR2'!$G31="","",'Formulario PPGR1'!#REF!) -> #REF! | E28: =IF('Formulario PPGR2'!$G31="","",'Formulario PPGR1'!#REF!) -> #REF! | F28: =IF('Formulario PPGR2'!$G31="","",'Formulario PPGR1'!#REF!) -> #REF! | G28: 1.1.2.2 Implementación del Programa Orientado a Resultados Detección Oportuna y Atención del Cáncer de Mama, Cervix y Próstata | H28: CPS 1.1.2.2.03 | I28: Elaboración del informe trimestral de ejecución del PoR 43 | L28: 1 | O28: 1 | R28: 1 | U28: 1 | V28: =+Tabla2[[#This Row],[Dic]]+Tabla2[[#This Row],[Nov]]+Tabla2[[#This Row],[Oct]]+Tabla2[[#This Row],[Sep]]+Tabla2[[#This Row],[Ago]]+Tabla2[[#This Row],[Jul]]+Tabla2[[#This Row],[Jun]]+Tabla2[[#This Row],[May]]+Tabla2[[#This Row],[Abr]]+Tabla2[[#This Row],[Mar]]+Tabla2[[#This Row],[Feb]]+Tabla2[[#This Row],[Ene]] -> 4 | W28: Informe | Z28: CPS
B29: =IF('Formulario PPGR2'!$G29="","",CONCATENATE('Formulario PPGR2'!$C29,".",'Formulario PPGR2'!$D29,".",'Formulario PPGR2'!$E29,".",'Formulario PPGR2'!$F29)) -> #REF! | C29: =IF('Formulario PPGR2'!$G29="","",'Formulario PPGR1'!#REF!) -> #REF! | D29: =IF('Formulario PPGR2'!$G29="","",'Formulario PPGR1'!#REF!) -> #REF! | E29: =IF('Formulario PPGR2'!$G29="","",'Formulario PPGR1'!#REF!) -> #REF! | F29: =IF('Formulario PPGR2'!$G29="","",'Formulario PPGR1'!#REF!) -> #REF! | G29: 1.1.2.2 Implementación del Programa Orientado a Resultados Detección Oportuna y Atención del Cáncer de Mama, Cérvix y Próstata | H29: CPS 1.1.2.2.01 | I29: Seguimiento a la ejecución y funcionalidad del PoR 43 en los hospitales priorizados | L29: 1 | O29: 1 | R29: 1 | U29: 1 | V29: =+Tabla2[[#This Row],[Dic]]+Tabla2[[#This Row],[Nov]]+Tabla2[[#This Row],[Oct]]+Tabla2[[#This Row],[Sep]]+Tabla2[[#This Row],[Ago]]+Tabla2[[#This Row],[Jul]]+Tabla2[[#This Row],[Jun]]+Tabla2[[#This Row],[May]]+Tabla2[[#This Row],[Abr]]+Tabla2[[#This Row],[Mar]]+Tabla2[[#This Row],[Feb]]+Tabla2[[#This Row],[Ene]] -> 4 | W29: Listado de participación | X29: Informe | Z29: CPS
B30: =IF('Formulario PPGR2'!$G30="","",CONCATENATE('Formulario PPGR2'!$C30,".",'Formulario PPGR2'!$D30,".",'Formulario PPGR2'!$E30,".",'Formulario PPGR2'!$F30)) -> #REF! | C30: =IF('Formulario PPGR2'!$G30="","",'Formulario PPGR1'!#REF!) -> #REF! | D30: =IF('Formulario PPGR2'!$G30="","",'Formulario PPGR1'!#REF!) -> #REF! | E30: =IF('Formulario PPGR2'!$G30="","",'Formulario PPGR1'!#REF!) -> #REF! | F30: =IF('Formulario PPGR2'!$G30="","",'Formulario PPGR1'!#REF!) -> #REF! | G30: 1.1.2.2 Implementación del Programa Orientado a Resultados Detección Oportuna y Atención del Cáncer de Mama, Cérvix y Próstata | H30: CPS 1.1.2.2.02 | I30: Seguimiento a la digitación de la producción de servicios que se ofertan a través del PoR 43 | L30: 1 | O30: 1 | R30: 1 | U30: 1 | V30: =+Tabla2[[#This Row],[Dic]]+Tabla2[[#This Row],[Nov]]+Tabla2[[#This Row],[Oct]]+Tabla2[[#This Row],[Sep]]+Tabla2[[#This Row],[Ago]]+Tabla2[[#This Row],[Jul]]+Tabla2[[#This Row],[Jun]]+Tabla2[[#This Row],[May]]+Tabla2[[#This Row],[Abr]]+Tabla2[[#This Row],[Mar]]+Tabla2[[#This Row],[Feb]]+Tabla2[[#This Row],[Ene]] -> 4 | W30: Reporte | X30: Otros | Y30: Registro digital del programa | Z30: CPS
B31: =IF('Formulario PPGR2'!$G32="","",CONCATENATE('Formulario PPGR2'!$C32,".",'Formulario PPGR2'!$D32,".",'Formulario PPGR2'!$E32,".",'Formulario PPGR2'!$F32)) -> #REF! | D31: =IF('Formulario PPGR2'!$G32="","",'Formulario PPGR1'!#REF!) -> #REF! | E31: =IF('Formulario PPGR2'!$G32="","",'Formulario PPGR1'!#REF!) -> #REF! | F31: =IF('Formulario PPGR2'!$G32="","",'Formulario PPGR1'!#REF!) -> #REF! | G31: 1.1.2.3 Implementación del Programa Orientado a Resultados Detección Temprana de Déficit Auditivo | H31: MIA 1.1.2.3.01 | I31: Evaluación y selección de CEAS para la expansión del Programa de Detección Temprana del Deficit Auditivo | L31: 1 | V31: =+Tabla2[[#This Row],[Dic]]+Tabla2[[#This Row],[Nov]]+Tabla2[[#This Row],[Oct]]+Tabla2[[#This Row],[Sep]]+Tabla2[[#This Row],[Ago]]+Tabla2[[#This Row],[Jul]]+Tabla2[[#This Row],[Jun]]+Tabla2[[#This Row],[May]]+Tabla2[[#This Row],[Abr]]+Tabla2[[#This Row],[Mar]]+Tabla2[[#This Row],[Feb]]+Tabla2[[#This Row],[Ene]] -> 1 | W31: Informe | Z31: DIA
B32: =IF('Formulario PPGR2'!$G33="","",CONCATENATE('Formulario PPGR2'!$C33,".",'Formulario PPGR2'!$D33,".",'Formulario PPGR2'!$E33,".",'Formulario PPGR2'!$F33)) -> #REF! | D32: =IF('Formulario PPGR2'!$G33="","",'Formulario PPGR1'!#REF!) -> #REF! | E32: =IF('Formulario PPGR2'!$G33="","",'Formulario PPGR1'!#REF!) -> #REF! | F32: =IF('Formulario PPGR2'!$G33="","",'Formulario PPGR1'!#REF!) -> #REF! | G32: 1.1.2.3 Implementación del Programa Orientado a Resultados Detección Temprana de Déficit Auditivo | H32: MIA 1.1.2.3.02 | I32: Seguimiento a la implementación del Programa Detección Temprana del Déficit Auditivo | L32: 1 | O32: 1 | R32: 1 | U32: 1 | V32: =+Tabla2[[#This Row],[Dic]]+Tabla2[[#This Row],[Nov]]+Tabla2[[#This Row],[Oct]]+Tabla2[[#This Row],[Sep]]+Tabla2[[#This Row],[Ago]]+Tabla2[[#This Row],[Jul]]+Tabla2[[#This Row],[Jun]]+Tabla2[[#This Row],[May]]+Tabla2[[#This Row],[Abr]]+Tabla2[[#This Row],[Mar]]+Tabla2[[#This Row],[Feb]]+Tabla2[[#This Row],[Ene]] -> 4 | W32: Informe | X32: Listado de participación | Z32: DIA
B33: =IF('Formulario PPGR2'!$G34="","",CONCATENATE('Formulario PPGR2'!$C34,".",'Formulario PPGR2'!$D34,".",'Formulario PPGR2'!$E34,".",'Formulario PPGR2'!$F34)) -> #REF! | D33: =IF('Formulario PPGR2'!$G34="","",'Formulario PPGR1'!#REF!) -> #REF! | E33: =IF('Formulario PPGR2'!$G34="","",'Formulario PPGR1'!#REF!) -> #REF! | F33: =IF('Formulario PPGR2'!$G34="","",'Formulario PPGR1'!#REF!) -> #REF! | G33: 1.1.2.3 Implementación del Programa Orientado a Resultados Detección Temprana de Déficit Auditivo | H33: MIA 1.1.2.3.03 | I33: Reunión seguimiento indicadores y desempeño Programa Detección Temprana del Deficit Auditivo | J33: 1 | N33: 1 | R33: 1 | V33: =+Tabla2[[#This Row],[Dic]]+Tabla2[[#This Row],[Nov]]+Tabla2[[#This Row],[Oct]]+Tabla2[[#This Row],[Sep]]+Tabla2[[#This Row],[Ago]]+Tabla2[[#This Row],[Jul]]+Tabla2[[#This Row],[Jun]]+Tabla2[[#This Row],[May]]+Tabla2[[#This Row],[Abr]]+Tabla2[[#This Row],[Mar]]+Tabla2[[#This Row],[Feb]]+Tabla2[[#This Row],[Ene]] -> 3 | W33: Listado de participación | X33: Minuta | Z33: DIA
B34: =IF('Formulario PPGR2'!$G36="","",CONCATENATE('Formulario PPGR2'!$C36,".",'Formulario PPGR2'!$D36,".",'Formulario PPGR2'!$E36,".",'Formulario PPGR2'!$F36)) -> #REF! | C34: =IF('Formulario PPGR2'!$G36="","",'Formulario PPGR1'!#REF!) -> #REF! | D34: =IF('Formulario PPGR2'!$G36="","",'Formulario PPGR1'!#REF!) -> #REF! | E34: =IF('Formulario PPGR2'!$G36="","",'Formulario PPGR1'!#REF!) -> #REF! | F34: =IF('Formulario PPGR2'!$G36="","",'Formulario PPGR1'!#REF!) -> #REF! | G34: 1.1.3.1 Proyecto sobre la Iniciativa Regional para la Eliminación de la Malaria (IREM) | H34: DAR 1.1.3.1.01 | I34: Visitas de seguimiento a la implementación del DTIR en EES de los SRS con y sin focos activos de malaria | K34: 1 | L34: 1 | M34: 1 | N34: 1 | O34: 1 | P34: 1 | Q34: 1 | R34: 1 | S34: 1 | T34: 1 | U34: 1 | V34: =+Tabla2[[#This Row],[Dic]]+Tabla2[[#This Row],[Nov]]+Tabla2[[#This Row],[Oct]]+Tabla2[[#This Row],[Sep]]+Tabla2[[#This Row],[Ago]]+Tabla2[[#This Row],[Jul]]+Tabla2[[#This Row],[Jun]]+Tabla2[[#This Row],[May]]+Tabla2[[#This Row],[Abr]]+Tabla2[[#This Row],[Mar]]+Tabla2[[#This Row],[Feb]]+Tabla2[[#This Row],[Ene]] -> 11 | W34: Listado de participación | X34: Informe | Z34: DGC
B35: =IF('Formulario PPGR2'!$G35="","",CONCATENATE('Formulario PPGR2'!$C35,".",'Formulario PPGR2'!$D35,".",'Formulario PPGR2'!$E35,".",'Formulario PPGR2'!$F35)) -> #REF! | C35: =IF('Formulario PPGR2'!$G35="","",'Formulario PPGR1'!#REF!) -> #REF! | D35: =IF('Formulario PPGR2'!$G35="","",'Formulario PPGR1'!#REF!) -> #REF! | E35: =IF('Formulario PPGR2'!$G35="","",'Formulario PPGR1'!#REF!) -> #REF! | F35: =IF('Formulario PPGR2'!$G35="","",'Formulario PPGR1'!#REF!) -> #REF! | G35: 1.1.3.1 Proyecto sobre la Iniciativa Regional para la Eliminación de la Malaria (IREM) | H35: DLI 1.1.3.1.01 | I35: Visita de supervisión a los SRS para verificar el cumplimiento de las acciones para el diagnóstico de malaria en los SRS. | M35: 3 | P35: 3 | S35: 3 | U35: 1 | V35: =+Tabla2[[#This Row],[Dic]]+Tabla2[[#This Row],[Nov]]+Tabla2[[#This Row],[Oct]]+Tabla2[[#This Row],[Sep]]+Tabla2[[#This Row],[Ago]]+Tabla2[[#This Row],[Jul]]+Tabla2[[#This Row],[Jun]]+Tabla2[[#This Row],[May]]+Tabla2[[#This Row],[Abr]]+Tabla2[[#This Row],[Mar]]+Tabla2[[#This Row],[Feb]]+Tabla2[[#This Row],[Ene]] -> 10 | W35: Listado de participación | X35: Informe | Z35: DLI
B36: =IF('Formulario PPGR2'!$G37="","",CONCATENATE('Formulario PPGR2'!$C37,".",'Formulario PPGR2'!$D37,".",'Formulario PPGR2'!$E37,".",'Formulario PPGR2'!$F37)) -> #REF! | C36: =IF('Formulario PPGR2'!$G37="","",'Formulario PPGR1'!#REF!) -> #REF! | D36: =IF('Formulario PPGR2'!$G37="","",'Formulario PPGR1'!#REF!) -> #REF! | E36: =IF('Formulario PPGR2'!$G37="","",'Formulario PPGR1'!#REF!) -> #REF! | F36: =IF('Formulario PPGR2'!$G37="","",'Formulario PPGR1'!#REF!) -> #REF! | G36: 1.1.3.1 Proyecto sobre la Iniciativa Regional para la Eliminación de la Malaria (IREM) | H36: DPN 1.1.3.1.01 | I36: Seguimiento a los SRS con focos activos de malaria | M36: 1 | Q36: 1 | U36: 1 | V36: =+Tabla2[[#This Row],[Dic]]+Tabla2[[#This Row],[Nov]]+Tabla2[[#This Row],[Oct]]+Tabla2[[#This Row],[Sep]]+Tabla2[[#This Row],[Ago]]+Tabla2[[#This Row],[Jul]]+Tabla2[[#This Row],[Jun]]+Tabla2[[#This Row],[May]]+Tabla2[[#This Row],[Abr]]+Tabla2[[#This Row],[Mar]]+Tabla2[[#This Row],[Feb]]+Tabla2[[#This Row],[Ene]] -> 3 | W36: Listado de participación | X36: Informe | Z36: DPN
B37: =IF('Formulario PPGR2'!$G39="","",CONCATENATE('Formulario PPGR2'!$C39,".",'Formulario PPGR2'!$D39,".",'Formulario PPGR2'!$E39,".",'Formulario PPGR2'!$F39)) -> #REF! | D37: =IF('Formulario PPGR2'!$G39="","",'Formulario PPGR1'!#REF!) -> #REF! | E37: =IF('Formulario PPGR2'!$G39="","",'Formulario PPGR1'!#REF!) -> #REF! | F37: =IF('Formulario PPGR2'!$G39="","",'Formulario PPGR1'!#REF!) -> #REF! | G37: 1.1.3.2 Programa de fortalecimiento de la gestión de los Servicios de Atención Integral (SAIs) para el VIH-SIDA en todos sus componentes | H37: DAR 1.1.3.2.01 | I37: Seguimiento a la implementación del plan de integración de los servicios de VIH en los EES de las provincias priorizadas (Distrito Nacional, Santiago, La Altagracia). | K37: 1 | L37: 1 | M37: 1 | N37: 1 | O37: 1 | P37: 1 | Q37: 1 | R37: 1 | S37: 1 | T37: 1 | V37: =+Tabla2[[#This Row],[Dic]]+Tabla2[[#This Row],[Nov]]+Tabla2[[#This Row],[Oct]]+Tabla2[[#This Row],[Sep]]+Tabla2[[#This Row],[Ago]]+Tabla2[[#This Row],[Jul]]+Tabla2[[#This Row],[Jun]]+Tabla2[[#This Row],[May]]+Tabla2[[#This Row],[Abr]]+Tabla2[[#This Row],[Mar]]+Tabla2[[#This Row],[Feb]]+Tabla2[[#This Row],[Ene]] -> 10 | W37: Listado de participación | X37: Informe | Z37: DGC
B38: =IF('Formulario PPGR2'!$G40="","",CONCATENATE('Formulario PPGR2'!$C40,".",'Formulario PPGR2'!$D40,".",'Formulario PPGR2'!$E40,".",'Formulario PPGR2'!$F40)) -> #REF! | D38: =IF('Formulario PPGR2'!$G40="","",'Formulario PPGR1'!#REF!) -> #REF! | E38: =IF('Formulario PPGR2'!$G40="","",'Formulario PPGR1'!#REF!) -> #REF! | F38: =IF('Formulario PPGR2'!$G40="","",'Formulario PPGR1'!#REF!) -> #REF! | G38: 1.1.3.2 Programa de fortalecimiento de la gestión de los Servicios de Atención Integral (SAIs) para el VIH-SIDA en todos sus componentes | H38: DAR 1.1.3.2.02 | I38: Supervisión capacitante en el Sistema de Registro Nominal de Atención Integral (SIRNAI). | K38: 1 | L38: 1 | M38: 1 | N38: 1 | O38: 1 | P38: 1 | Q38: 1 | R38: 1 | S38: 1 | T38: 1 | V38: =+Tabla2[[#This Row],[Dic]]+Tabla2[[#This Row],[Nov]]+Tabla2[[#This Row],[Oct]]+Tabla2[[#This Row],[Sep]]+Tabla2[[#This Row],[Ago]]+Tabla2[[#This Row],[Jul]]+Tabla2[[#This Row],[Jun]]+Tabla2[[#This Row],[May]]+Tabla2[[#This Row],[Abr]]+Tabla2[[#This Row],[Mar]]+Tabla2[[#This Row],[Feb]]+Tabla2[[#This Row],[Ene]] -> 10 | W38: Listado de participación | X38: Informe | Z38: DGC
B39: =IF('Formulario PPGR2'!$G41="","",CONCATENATE('Formulario PPGR2'!$C41,".",'Formulario PPGR2'!$D41,".",'Formulario PPGR2'!$E41,".",'Formulario PPGR2'!$F41)) -> #REF! | D39: =IF('Formulario PPGR2'!$G41="","",'Formulario PPGR1'!#REF!) -> #REF! | E39: =IF('Formulario PPGR2'!$G41="","",'Formulario PPGR1'!#REF!) -> #REF! | F39: =IF('Formulario PPGR2'!$G41="","",'Formulario PPGR1'!#REF!) -> #REF! | G39: 1.1.3.2 Programa de fortalecimiento de la gestión de los Servicios de Atención Integral (SAIs) para el VIH-SIDA en todos sus componentes | H39: DAR 1.1.3.2.03 | I39: Visitas de seguimiento al fortalecimiento del Sistema de Registro Nominal de Atención Integral (SIRNAI) a nivel nacional. | K39: 1 | L39: 1 | M39: 1 | N39: 1 | O39: 1 | P39: 1 | Q39: 1 | R39: 1 | S39: 1 | T39: 1 | V39: =+Tabla2[[#This Row],[Dic]]+Tabla2[[#This Row],[Nov]]+Tabla2[[#This Row],[Oct]]+Tabla2[[#This Row],[Sep]]+Tabla2[[#This Row],[Ago]]+Tabla2[[#This Row],[Jul]]+Tabla2[[#This Row],[Jun]]+Tabla2[[#This Row],[May]]+Tabla2[[#This Row],[Abr]]+Tabla2[[#This Row],[Mar]]+Tabla2[[#This Row],[Feb]]+Tabla2[[#This Row],[Ene]] -> 10 | W39: Listado de participación | X39: Informe | Z39: DGC
B40: =IF('Formulario PPGR2'!$G42="","",CONCATENATE('Formulario PPGR2'!$C42,".",'Formulario PPGR2'!$D42,".",'Formulario PPGR2'!$E42,".",'Formulario PPGR2'!$F42)) -> #REF! | D40: =IF('Formulario PPGR2'!$G42="","",'Formulario PPGR1'!#REF!) -> #REF! | E40: =IF('Formulario PPGR2'!$G42="","",'Formulario PPGR1'!#REF!) -> #REF! | F40: =IF('Formulario PPGR2'!$G42="","",'Formulario PPGR1'!#REF!) -> #REF! | G40: 1.1.3.2 Programa de fortalecimiento de la gestión de los Servicios de Atención Integral (SAIs) para el VIH-SIDA en todos sus componentes | H40: DAR 1.1.3.2.04 | I40: Visitas de supervisión para evaluar el funcionamiento de los sistemas de información del programa de VIH (Módulo de Huellas Dactilares, Módulo de CV y CD4, SIRENP Y PrEP). | K40: 2 | L40: 2 | N40: 4 | P40: 2 | Q40: 2 | S40: 3 | T40: 1 | V40: =+Tabla2[[#This Row],[Dic]]+Tabla2[[#This Row],[Nov]]+Tabla2[[#This Row],[Oct]]+Tabla2[[#This Row],[Sep]]+Tabla2[[#This Row],[Ago]]+Tabla2[[#This Row],[Jul]]+Tabla2[[#This Row],[Jun]]+Tabla2[[#This Row],[May]]+Tabla2[[#This Row],[Abr]]+Tabla2[[#This Row],[Mar]]+Tabla2[[#This Row],[Feb]]+Tabla2[[#This Row],[Ene]] -> 16 | W40: Listado de participación | X40: Informe | Z40: DGC
B41: =IF('Formulario PPGR2'!$G43="","",CONCATENATE('Formulario PPGR2'!$C43,".",'Formulario PPGR2'!$D43,".",'Formulario PPGR2'!$E43,".",'Formulario PPGR2'!$F43)) -> #REF! | D41: =IF('Formulario PPGR2'!$G43="","",'Formulario PPGR1'!#REF!) -> #REF! | E41: =IF('Formulario PPGR2'!$G43="","",'Formulario PPGR1'!#REF!) -> #REF! | F41: =IF('Formulario PPGR2'!$G43="","",'Formulario PPGR1'!#REF!) -> #REF! | G41: 1.1.3.2 Programa de fortalecimiento de la gestión de los Servicios de Atención Integral (SAIs) para el VIH-SIDA en todos sus componentes | H41: DAR 1.1.3.2.05 | I41: Visitas de supervisión Áreas de Consejería para pruebas VIH, de EES priorizados para verificar entrega y registro oportuno de pre y post consejería en el SIRENP. | K41: 5 | N41: 5 | Q41: 5 | T41: 5 | V41: =+Tabla2[[#This Row],[Dic]]+Tabla2[[#This Row],[Nov]]+Tabla2[[#This Row],[Oct]]+Tabla2[[#This Row],[Sep]]+Tabla2[[#This Row],[Ago]]+Tabla2[[#This Row],[Jul]]+Tabla2[[#This Row],[Jun]]+Tabla2[[#This Row],[May]]+Tabla2[[#This Row],[Abr]]+Tabla2[[#This Row],[Mar]]+Tabla2[[#This Row],[Feb]]+Tabla2[[#This Row],[Ene]] -> 20 | W41: Listado de participación | X41: Informe | Z41: DGC
B42: =IF('Formulario PPGR2'!$G44="","",CONCATENATE('Formulario PPGR2'!$C44,".",'Formulario PPGR2'!$D44,".",'Formulario PPGR2'!$E44,".",'Formulario PPGR2'!$F44)) -> #REF! | D42: =IF('Formulario PPGR2'!$G44="","",'Formulario PPGR1'!#REF!) -> #REF! | E42: =IF('Formulario PPGR2'!$G44="","",'Formulario PPGR1'!#REF!) -> #REF! | F42: =IF('Formulario PPGR2'!$G44="","",'Formulario PPGR1'!#REF!) -> #REF! | G42: 1.1.3.2 Programa de fortalecimiento de la gestión de los Servicios de Atención Integral (SAIs) para el VIH-SIDA en todos sus componentes | H42: DAR 1.1.3.2.06 | I42: Implementación del Sistema de Registro Nominal de Pruebas de VIH (SIRENP-VIH) en los EES priorizados. | K42: 2 | M42: 2 | O42: 1 | P42: 1 | Q42: 1 | R42: 1 | T42: 2 | V42: =+Tabla2[[#This Row],[Dic]]+Tabla2[[#This Row],[Nov]]+Tabla2[[#This Row],[Oct]]+Tabla2[[#This Row],[Sep]]+Tabla2[[#This Row],[Ago]]+Tabla2[[#This Row],[Jul]]+Tabla2[[#This Row],[Jun]]+Tabla2[[#This Row],[May]]+Tabla2[[#This Row],[Abr]]+Tabla2[[#This Row],[Mar]]+Tabla2[[#This Row],[Feb]]+Tabla2[[#This Row],[Ene]] -> 10 | W42: Listado de participación | X42: Informe | Z42: DGC
B43: =IF('Formulario PPGR2'!$G45="","",CONCATENATE('Formulario PPGR2'!$C45,".",'Formulario PPGR2'!$D45,".",'Formulario PPGR2'!$E45,".",'Formulario PPGR2'!$F45)) -> #REF! | D43: =IF('Formulario PPGR2'!$G45="","",'Formulario PPGR1'!#REF!) -> #REF! | E43: =IF('Formulario PPGR2'!$G45="","",'Formulario PPGR1'!#REF!) -> #REF! | F43: =IF('Formulario PPGR2'!$G45="","",'Formulario PPGR1'!#REF!) -> #REF! | G43: 1.1.3.2 Programa de fortalecimiento de la gestión de los Servicios de Atención Integral (SAIs) para el VIH-SIDA en todos sus componentes | H43: DAR 1.1.3.2.07 | I43: Auditoría del Sistema de Registro Nominal de Atención Integral (SIRNAI). | L43: 1 | O43: 1 | R43: 1 | U43: 1 | V43: =+Tabla2[[#This Row],[Dic]]+Tabla2[[#This Row],[Nov]]+Tabla2[[#This Row],[Oct]]+Tabla2[[#This Row],[Sep]]+Tabla2[[#This Row],[Ago]]+Tabla2[[#This Row],[Jul]]+Tabla2[[#This Row],[Jun]]+Tabla2[[#This Row],[May]]+Tabla2[[#This Row],[Abr]]+Tabla2[[#This Row],[Mar]]+Tabla2[[#This Row],[Feb]]+Tabla2[[#This Row],[Ene]] -> 4 | W43: Listado de participación | X43: Informe | Z43: DGC
B44: =IF('Formulario PPGR2'!$G46="","",CONCATENATE('Formulario PPGR2'!$C46,".",'Formulario PPGR2'!$D46,".",'Formulario PPGR2'!$E46,".",'Formulario PPGR2'!$F46)) -> #REF! | D44: =IF('Formulario PPGR2'!$G46="","",'Formulario PPGR1'!#REF!) -> #REF! | E44: =IF('Formulario PPGR2'!$G46="","",'Formulario PPGR1'!#REF!) -> #REF! | F44: =IF('Formulario PPGR2'!$G46="","",'Formulario PPGR1'!#REF!) -> #REF! | G44: 1.1.3.2 Programa de fortalecimiento de la gestión de los Servicios de Atención Integral (SAIs) para el VIH-SIDA en todos sus componentes | H44: DAR 1.1.3.2.08 | I44: Supervisión a los SAIs para impulsar el llenado de la ficha de caracterización a poblaciones claves. | K44: 1 | L44: 1 | M44: 1 | N44: 1 | O44: 1 | P44: 1 | Q44: 1 | R44: 1 | S44: 1 | T44: 1 | V44: =+Tabla2[[#This Row],[Dic]]+Tabla2[[#This Row],[Nov]]+Tabla2[[#This Row],[Oct]]+Tabla2[[#This Row],[Sep]]+Tabla2[[#This Row],[Ago]]+Tabla2[[#This Row],[Jul]]+Tabla2[[#This Row],[Jun]]+Tabla2[[#This Row],[May]]+Tabla2[[#This Row],[Abr]]+Tabla2[[#This Row],[Mar]]+Tabla2[[#This Row],[Feb]]+Tabla2[[#This Row],[Ene]] -> 10 | W44: Listado de participación | X44: Informe | Z44: DGC
B45: =IF('Formulario PPGR2'!$G47="","",CONCATENATE('Formulario PPGR2'!$C47,".",'Formulario PPGR2'!$D47,".",'Formulario PPGR2'!$E47,".",'Formulario PPGR2'!$F47)) -> #REF! | D45: =IF('Formulario PPGR2'!$G47="","",'Formulario PPGR1'!#REF!) -> #REF! | E45: =IF('Formulario PPGR2'!$G47="","",'Formulario PPGR1'!#REF!) -> #REF! | F45: =IF('Formulario PPGR2'!$G47="","",'Formulario PPGR1'!#REF!) -> #REF! | G45: 1.1.3.2 Programa de fortalecimiento de la gestión de los Servicios de Atención Integral (SAIs) para el VIH-SIDA en todos sus componentes | H45: DAR 1.1.3.2.09 | I45: Supervisión de los Servicios de Preexposición al VIH (PrEP) en los Establecimientos de Salud, para el fortalecimiento Integral de la Estrategia de Prevención del VIH. | K45: 1 | L45: 2 | M45: 2 | N45: 2 | O45: 1 | P45: 1 | Q45: 2 | R45: 2 | S45: 1 | T45: 2 | V45: =+Tabla2[[#This Row],[Dic]]+Tabla2[[#This Row],[Nov]]+Tabla2[[#This Row],[Oct]]+Tabla2[[#This Row],[Sep]]+Tabla2[[#This Row],[Ago]]+Tabla2[[#This Row],[Jul]]+Tabla2[[#This Row],[Jun]]+Tabla2[[#This Row],[May]]+Tabla2[[#This Row],[Abr]]+Tabla2[[#This Row],[Mar]]+Tabla2[[#This Row],[Feb]]+Tabla2[[#This Row],[Ene]] -> 16 | W45: Listado de participación | X45: Informe | Z45: DGC
B46: =IF('Formulario PPGR2'!$G48="","",CONCATENATE('Formulario PPGR2'!$C48,".",'Formulario PPGR2'!$D48,".",'Formulario PPGR2'!$E48,".",'Formulario PPGR2'!$F48)) -> #REF! | D46: =IF('Formulario PPGR2'!$G48="","",'Formulario PPGR1'!#REF!) -> #REF! | E46: =IF('Formulario PPGR2'!$G48="","",'Formulario PPGR1'!#REF!) -> #REF! | F46: =IF('Formulario PPGR2'!$G48="","",'Formulario PPGR1'!#REF!) -> #REF! | G46: 1.1.3.2 Programa de fortalecimiento de la gestión de los Servicios de Atención Integral (SAIs) para el VIH-SIDA en todos sus componentes | H46: DAR 1.1.3.2.10 | I46: Seguimiento a la implementación del Módulo de Psicología en el FAPPS para fortalecer la adherencia al tratamiento ARV. | K46: 2 | L46: 2 | M46: 2 | N46: 2 | O46: 2 | P46: 2 | Q46: 2 | R46: 2 | S46: 2 | T46: 2 | V46: =+Tabla2[[#This Row],[Dic]]+Tabla2[[#This Row],[Nov]]+Tabla2[[#This Row],[Oct]]+Tabla2[[#This Row],[Sep]]+Tabla2[[#This Row],[Ago]]+Tabla2[[#This Row],[Jul]]+Tabla2[[#This Row],[Jun]]+Tabla2[[#This Row],[May]]+Tabla2[[#This Row],[Abr]]+Tabla2[[#This Row],[Mar]]+Tabla2[[#This Row],[Feb]]+Tabla2[[#This Row],[Ene]] -> 20 | W46: Listado de participación | X46: Informe | Z46: DGC
B47: =IF('Formulario PPGR2'!$G49="","",CONCATENATE('Formulario PPGR2'!$C49,".",'Formulario PPGR2'!$D49,".",'Formulario PPGR2'!$E49,".",'Formulario PPGR2'!$F49)) -> #REF! | D47: =IF('Formulario PPGR2'!$G49="","",'Formulario PPGR1'!#REF!) -> #REF! | E47: =IF('Formulario PPGR2'!$G49="","",'Formulario PPGR1'!#REF!) -> #REF! | F47: =IF('Formulario PPGR2'!$G49="","",'Formulario PPGR1'!#REF!) -> #REF! | G47: 1.1.3.2 Programa de fortalecimiento de la gestión de los Servicios de Atención Integral (SAIs) para el VIH-SIDA en todos sus componentes | H47: DAR 1.1.3.2.11 | I47: Visitas de seguimiento a la implementación del registro de dispensación de medicamentos ARV en los SAIs-Farmacias de los EES priorizados. | K47: 1 | L47: 1 | M47: 1 | N47: 1 | O47: 1 | P47: 1 | Q47: 1 | R47: 1 | S47: 1 | T47: 1 | V47: =+Tabla2[[#This Row],[Dic]]+Tabla2[[#This Row],[Nov]]+Tabla2[[#This Row],[Oct]]+Tabla2[[#This Row],[Sep]]+Tabla2[[#This Row],[Ago]]+Tabla2[[#This Row],[Jul]]+Tabla2[[#This Row],[Jun]]+Tabla2[[#This Row],[May]]+Tabla2[[#This Row],[Abr]]+Tabla2[[#This Row],[Mar]]+Tabla2[[#This Row],[Feb]]+Tabla2[[#This Row],[Ene]] -> 10 | W47: Listado de participación | X47: Informe | Z47: DGC
B48: =IF('Formulario PPGR2'!$G50="","",CONCATENATE('Formulario PPGR2'!$C50,".",'Formulario PPGR2'!$D50,".",'Formulario PPGR2'!$E50,".",'Formulario PPGR2'!$F50)) -> #REF! | D48: =IF('Formulario PPGR2'!$G50="","",'Formulario PPGR1'!#REF!) -> #REF! | E48: =IF('Formulario PPGR2'!$G50="","",'Formulario PPGR1'!#REF!) -> #REF! | F48: =IF('Formulario PPGR2'!$G50="","",'Formulario PPGR1'!#REF!) -> #REF! | G48: 1.1.3.2 Programa de fortalecimiento de la gestión de los Servicios de Atención Integral (SAIs) para el VIH-SIDA en todos sus componentes | H48: DAR 1.1.3.2.12 | I48: Visitas de supervisión para la implementación de la estrategia de Profilaxis Post Exposición al VIH (PEP) y otras ITS. | L48: 5 | O48: 5 | R48: 5 | T48: 5 | V48: =+Tabla2[[#This Row],[Dic]]+Tabla2[[#This Row],[Nov]]+Tabla2[[#This Row],[Oct]]+Tabla2[[#This Row],[Sep]]+Tabla2[[#This Row],[Ago]]+Tabla2[[#This Row],[Jul]]+Tabla2[[#This Row],[Jun]]+Tabla2[[#This Row],[May]]+Tabla2[[#This Row],[Abr]]+Tabla2[[#This Row],[Mar]]+Tabla2[[#This Row],[Feb]]+Tabla2[[#This Row],[Ene]] -> 20 | W48: Listado de participación | X48: Informe | Z48: DGC
B49: =IF('Formulario PPGR2'!$G51="","",CONCATENATE('Formulario PPGR2'!$C51,".",'Formulario PPGR2'!$D51,".",'Formulario PPGR2'!$E51,".",'Formulario PPGR2'!$F51)) -> #REF! | D49: =IF('Formulario PPGR2'!$G51="","",'Formulario PPGR1'!#REF!) -> #REF! | E49: =IF('Formulario PPGR2'!$G51="","",'Formulario PPGR1'!#REF!) -> #REF! | F49: =IF('Formulario PPGR2'!$G51="","",'Formulario PPGR1'!#REF!) -> #REF! | G49: 1.1.3.2 Programa de fortalecimiento de la gestión de los Servicios de Atención Integral (SAIs) para el VIH-SIDA en todos sus componentes | H49: DAR 1.1.3.2.13 | I49: Aplicación de encuesta de satisfacción dirigida a los pacientes de los Servicios de Atención Integral para evaluar la calidad de la atención e identificar áreas de mejora, con el fin de generar propuestas que impulsen cambios en la atención. | K49: 5 | N49: 5 | Q49: 5 | T49: 5 | V49: =+Tabla2[[#This Row],[Dic]]+Tabla2[[#This Row],[Nov]]+Tabla2[[#This Row],[Oct]]+Tabla2[[#This Row],[Sep]]+Tabla2[[#This Row],[Ago]]+Tabla2[[#This Row],[Jul]]+Tabla2[[#This Row],[Jun]]+Tabla2[[#This Row],[May]]+Tabla2[[#This Row],[Abr]]+Tabla2[[#This Row],[Mar]]+Tabla2[[#This Row],[Feb]]+Tabla2[[#This Row],[Ene]] -> 20 | W49: Informe | X49: Encuesta | Z49: DGC
B50: =IF('Formulario PPGR2'!$G52="","",CONCATENATE('Formulario PPGR2'!$C52,".",'Formulario PPGR2'!$D52,".",'Formulario PPGR2'!$E52,".",'Formulario PPGR2'!$F52)) -> #REF! | D50: =IF('Formulario PPGR2'!$G52="","",'Formulario PPGR1'!#REF!) -> #REF! | E50: =IF('Formulario PPGR2'!$G52="","",'Formulario PPGR1'!#REF!) -> #REF! | F50: =IF('Formulario PPGR2'!$G52="","",'Formulario PPGR1'!#REF!) -> #REF! | G50: 1.1.3.2 Programa de fortalecimiento de la gestión de los Servicios de Atención Integral (SAIs) para el VIH-SIDA en todos sus componentes | H50: DAR 1.1.3.2.14 | I50: Visitas de supervisión a los EES que brindan atención al VIH, con el objetivo de reducir la transmisión materno-infantil del VIH y otras ITS. | K50: 1 | O50: 1 | S50: 1 | V50: =+Tabla2[[#This Row],[Dic]]+Tabla2[[#This Row],[Nov]]+Tabla2[[#This Row],[Oct]]+Tabla2[[#This Row],[Sep]]+Tabla2[[#This Row],[Ago]]+Tabla2[[#This Row],[Jul]]+Tabla2[[#This Row],[Jun]]+Tabla2[[#This Row],[May]]+Tabla2[[#This Row],[Abr]]+Tabla2[[#This Row],[Mar]]+Tabla2[[#This Row],[Feb]]+Tabla2[[#This Row],[Ene]] -> 3 | W50: Listado de participación | X50: Informe | Z50: DGC
B51: =IF('Formulario PPGR2'!$G53="","",CONCATENATE('Formulario PPGR2'!$C53,".",'Formulario PPGR2'!$D53,".",'Formulario PPGR2'!$E53,".",'Formulario PPGR2'!$F53)) -> #REF! | D51: =IF('Formulario PPGR2'!$G53="","",'Formulario PPGR1'!#REF!) -> #REF! | E51: =IF('Formulario PPGR2'!$G53="","",'Formulario PPGR1'!#REF!) -> #REF! | F51: =IF('Formulario PPGR2'!$G53="","",'Formulario PPGR1'!#REF!) -> #REF! | G51: 1.1.3.2 Programa de fortalecimiento de la gestión de los Servicios de Atención Integral (SAIs) para el VIH-SIDA en todos sus componentes | H51: DAR 1.1.3.2.15 | I51: Mesas de trabajo con el personal de los SRS para seguimiento al cumplimiento de indicadores de la cascada 95-95-95 del Programa de VIH. | K51: 1 | L51: 1 | M51: 1 | N51: 1 | O51: 1 | P51: 1 | Q51: 1 | R51: 1 | S51: 1 | V51: =+Tabla2[[#This Row],[Dic]]+Tabla2[[#This Row],[Nov]]+Tabla2[[#This Row],[Oct]]+Tabla2[[#This Row],[Sep]]+Tabla2[[#This Row],[Ago]]+Tabla2[[#This Row],[Jul]]+Tabla2[[#This Row],[Jun]]+Tabla2[[#This Row],[May]]+Tabla2[[#This Row],[Abr]]+Tabla2[[#This Row],[Mar]]+Tabla2[[#This Row],[Feb]]+Tabla2[[#This Row],[Ene]] -> 9 | W51: Listado de participación | X51: Minuta | Z51: DGC
B52: =IF('Formulario PPGR2'!$G54="","",CONCATENATE('Formulario PPGR2'!$C54,".",'Formulario PPGR2'!$D54,".",'Formulario PPGR2'!$E54,".",'Formulario PPGR2'!$F54)) -> #REF! | D52: =IF('Formulario PPGR2'!$G54="","",'Formulario PPGR1'!#REF!) -> #REF! | E52: =IF('Formulario PPGR2'!$G54="","",'Formulario PPGR1'!#REF!) -> #REF! | F52: =IF('Formulario PPGR2'!$G54="","",'Formulario PPGR1'!#REF!) -> #REF! | G52: 1.1.3.2 Programa de fortalecimiento de la gestión de los Servicios de Atención Integral (SAIs) para el VIH-SIDA en todos sus componentes | H52: DAR 1.1.3.2.16 | I52: Mesas de coordinación con DLI para el seguimiento a la toma de muestras de pruebas especiales de VIH en los EES. | P52: 1 | V52: =+Tabla2[[#This Row],[Dic]]+Tabla2[[#This Row],[Nov]]+Tabla2[[#This Row],[Oct]]+Tabla2[[#This Row],[Sep]]+Tabla2[[#This Row],[Ago]]+Tabla2[[#This Row],[Jul]]+Tabla2[[#This Row],[Jun]]+Tabla2[[#This Row],[May]]+Tabla2[[#This Row],[Abr]]+Tabla2[[#This Row],[Mar]]+Tabla2[[#This Row],[Feb]]+Tabla2[[#This Row],[Ene]] -> 1 | W52: Listado de participación | X52: Minuta | Z52: DGC
B53: =IF('Formulario PPGR2'!$G55="","",CONCATENATE('Formulario PPGR2'!$C55,".",'Formulario PPGR2'!$D55,".",'Formulario PPGR2'!$E55,".",'Formulario PPGR2'!$F55)) -> #REF! | D53: =IF('Formulario PPGR2'!$G55="","",'Formulario PPGR1'!#REF!) -> #REF! | E53: =IF('Formulario PPGR2'!$G55="","",'Formulario PPGR1'!#REF!) -> #REF! | F53: =IF('Formulario PPGR2'!$G55="","",'Formulario PPGR1'!#REF!) -> #REF! | G53: 1.1.3.2 Programa de fortalecimiento de la gestión de los Servicios de Atención Integral (SAIs) para el VIH-SIDA en todos sus componentes | H53: DAR 1.1.3.2.17 | I53: Mesas de coordinación con MIA para el seguimiento a la prestación de servicios de VIH en Hospitales Maternos y Unidades de Adolescentes en los EES priorizados. | Q53: 1 | V53: =+Tabla2[[#This Row],[Dic]]+Tabla2[[#This Row],[Nov]]+Tabla2[[#This Row],[Oct]]+Tabla2[[#This Row],[Sep]]+Tabla2[[#This Row],[Ago]]+Tabla2[[#This Row],[Jul]]+Tabla2[[#This Row],[Jun]]+Tabla2[[#This Row],[May]]+Tabla2[[#This Row],[Abr]]+Tabla2[[#This Row],[Mar]]+Tabla2[[#This Row],[Feb]]+Tabla2[[#This Row],[Ene]] -> 1 | W53: Listado de participación | X53: Minuta | Z53: DGC
B54: =IF('Formulario PPGR2'!$G56="","",CONCATENATE('Formulario PPGR2'!$C56,".",'Formulario PPGR2'!$D56,".",'Formulario PPGR2'!$E56,".",'Formulario PPGR2'!$F56)) -> #REF! | D54: =IF('Formulario PPGR2'!$G56="","",'Formulario PPGR1'!#REF!) -> #REF! | E54: =IF('Formulario PPGR2'!$G56="","",'Formulario PPGR1'!#REF!) -> #REF! | F54: =IF('Formulario PPGR2'!$G56="","",'Formulario PPGR1'!#REF!) -> #REF! | G54: 1.1.3.2 Programa de fortalecimiento de la gestión de los Servicios de Atención Integral (SAIs) para el VIH-SIDA en todos sus componentes | H54: DAR 1.1.3.2.18 | I54: Mesas de coordinación con DMI para el seguimiento a la distribución de Medicamentos ARV en los EES que cuentan con SAIs. | O54: 1 | V54: =+Tabla2[[#This Row],[Dic]]+Tabla2[[#This Row],[Nov]]+Tabla2[[#This Row],[Oct]]+Tabla2[[#This Row],[Sep]]+Tabla2[[#This Row],[Ago]]+Tabla2[[#This Row],[Jul]]+Tabla2[[#This Row],[Jun]]+Tabla2[[#This Row],[May]]+Tabla2[[#This Row],[Abr]]+Tabla2[[#This Row],[Mar]]+Tabla2[[#This Row],[Feb]]+Tabla2[[#This Row],[Ene]] -> 1 | W54: Listado de participación | X54: Minuta | Z54: DGC
B55: =IF('Formulario PPGR2'!$G57="","",CONCATENATE('Formulario PPGR2'!$C57,".",'Formulario PPGR2'!$D57,".",'Formulario PPGR2'!$E57,".",'Formulario PPGR2'!$F57)) -> #REF! | D55: =IF('Formulario PPGR2'!$G57="","",'Formulario PPGR1'!#REF!) -> #REF! | E55: =IF('Formulario PPGR2'!$G57="","",'Formulario PPGR1'!#REF!) -> #REF! | F55: =IF('Formulario PPGR2'!$G57="","",'Formulario PPGR1'!#REF!) -> #REF! | G55: 1.1.3.2 Programa de fortalecimiento de la gestión de los Servicios de Atención Integral (SAIs) para el VIH-SIDA en todos sus componentes | H55: DAR 1.1.3.2.19 | I55: Mesa de trabajo con DTI y DGI para el análisis de la calidad de los datos del FAPPS-SIRNAI. | N55: 1 | V55: =+Tabla2[[#This Row],[Dic]]+Tabla2[[#This Row],[Nov]]+Tabla2[[#This Row],[Oct]]+Tabla2[[#This Row],[Sep]]+Tabla2[[#This Row],[Ago]]+Tabla2[[#This Row],[Jul]]+Tabla2[[#This Row],[Jun]]+Tabla2[[#This Row],[May]]+Tabla2[[#This Row],[Abr]]+Tabla2[[#This Row],[Mar]]+Tabla2[[#This Row],[Feb]]+Tabla2[[#This Row],[Ene]] -> 1 | W55: Listado de participación | X55: Minuta | Z55: DGC
B56: =IF('Formulario PPGR2'!$G58="","",CONCATENATE('Formulario PPGR2'!$C58,".",'Formulario PPGR2'!$D58,".",'Formulario PPGR2'!$E58,".",'Formulario PPGR2'!$F58)) -> #REF! | D56: =IF('Formulario PPGR2'!$G58="","",'Formulario PPGR1'!#REF!) -> #REF! | E56: =IF('Formulario PPGR2'!$G58="","",'Formulario PPGR1'!#REF!) -> #REF! | F56: =IF('Formulario PPGR2'!$G58="","",'Formulario PPGR1'!#REF!) -> #REF! | G56: 1.1.3.2 Programa de fortalecimiento de la gestión de los Servicios de Atención Integral (SAIs) para el VIH-SIDA en todos sus componentes | H56: DAR 1.1.3.2.20 | I56: Mesa de trabajo con supervisores, digitadores, analistas y técnicos del programa de VIH para la formulación de propuestas que fortalezcan el alcance de la estrategia 95-95-95. | L56: 1 | O56: 1 | R56: 1 | V56: =+Tabla2[[#This Row],[Dic]]+Tabla2[[#This Row],[Nov]]+Tabla2[[#This Row],[Oct]]+Tabla2[[#This Row],[Sep]]+Tabla2[[#This Row],[Ago]]+Tabla2[[#This Row],[Jul]]+Tabla2[[#This Row],[Jun]]+Tabla2[[#This Row],[May]]+Tabla2[[#This Row],[Abr]]+Tabla2[[#This Row],[Mar]]+Tabla2[[#This Row],[Feb]]+Tabla2[[#This Row],[Ene]] -> 3 | W56: Listado de participación | X56: Minuta | Z56: DGC
B57: =IF('Formulario PPGR2'!$G59="","",CONCATENATE('Formulario PPGR2'!$C59,".",'Formulario PPGR2'!$D59,".",'Formulario PPGR2'!$E59,".",'Formulario PPGR2'!$F59)) -> #REF! | D57: =IF('Formulario PPGR2'!$G59="","",'Formulario PPGR1'!#REF!) -> #REF! | E57: =IF('Formulario PPGR2'!$G59="","",'Formulario PPGR1'!#REF!) -> #REF! | F57: =IF('Formulario PPGR2'!$G59="","",'Formulario PPGR1'!#REF!) -> #REF! | G57: 1.1.3.2 Programa de fortalecimiento de la gestión de los Servicios de Atención Integral (SAIs) para el VIH-SIDA en todos sus componentes | H57: DAR 1.1.3.2.21 | I57: Taller de capacitación del personal de salud de los SAIs en la guía de adherencia al tratamiento ARV. | P57: 1 | S57: 1 | V57: =+Tabla2[[#This Row],[Dic]]+Tabla2[[#This Row],[Nov]]+Tabla2[[#This Row],[Oct]]+Tabla2[[#This Row],[Sep]]+Tabla2[[#This Row],[Ago]]+Tabla2[[#This Row],[Jul]]+Tabla2[[#This Row],[Jun]]+Tabla2[[#This Row],[May]]+Tabla2[[#This Row],[Abr]]+Tabla2[[#This Row],[Mar]]+Tabla2[[#This Row],[Feb]]+Tabla2[[#This Row],[Ene]] -> 2 | W57: Listado de participación | X57: Agenda | Z57: DGC
B58: =IF('Formulario PPGR2'!$G60="","",CONCATENATE('Formulario PPGR2'!$C60,".",'Formulario PPGR2'!$D60,".",'Formulario PPGR2'!$E60,".",'Formulario PPGR2'!$F60)) -> #REF! | C58: =IF('Formulario PPGR2'!$G60="","",'Formulario PPGR1'!#REF!) -> #REF! | D58: =IF('Formulario PPGR2'!$G60="","",'Formulario PPGR1'!#REF!) -> #REF! | E58: =IF('Formulario PPGR2'!$G60="","",'Formulario PPGR1'!#REF!) -> #REF! | F58: =IF('Formulario PPGR2'!$G60="","",'Formulario PPGR1'!#REF!) -> #REF! | G58: 1.1.3.2 Programa de fortalecimiento de la gestión de los Servicios de Atención Integral (SAIs) para el VIH-SIDA en todos sus componentes | H58: DAR 1.1.3.2.22 | I58: Taller de capacitación al personal de salud de los SAIs en la guía de Consejería pre y post a la prueba de VIH. | Q58: 2 | V58: =+Tabla2[[#This Row],[Dic]]+Tabla2[[#This Row],[Nov]]+Tabla2[[#This Row],[Oct]]+Tabla2[[#This Row],[Sep]]+Tabla2[[#This Row],[Ago]]+Tabla2[[#This Row],[Jul]]+Tabla2[[#This Row],[Jun]]+Tabla2[[#This Row],[May]]+Tabla2[[#This Row],[Abr]]+Tabla2[[#This Row],[Mar]]+Tabla2[[#This Row],[Feb]]+Tabla2[[#This Row],[Ene]] -> 2 | W58: Listado de participación | X58: Agenda | Z58: DGC
B59: =IF('Formulario PPGR2'!$G61="","",CONCATENATE('Formulario PPGR2'!$C61,".",'Formulario PPGR2'!$D61,".",'Formulario PPGR2'!$E61,".",'Formulario PPGR2'!$F61)) -> #REF! | C59: =IF('Formulario PPGR2'!$G61="","",'Formulario PPGR1'!#REF!) -> #REF! | D59: =IF('Formulario PPGR2'!$G61="","",'Formulario PPGR1'!#REF!) -> #REF! | E59: =IF('Formulario PPGR2'!$G61="","",'Formulario PPGR1'!#REF!) -> #REF! | F59: =IF('Formulario PPGR2'!$G61="","",'Formulario PPGR1'!#REF!) -> #REF! | G59: 1.1.3.2 Programa de fortalecimiento de la gestión de los Servicios de Atención Integral (SAIs) para el VIH-SIDA en todos sus componentes | H59: DAR 1.1.3.2.23 | I59: Taller de actualización al personal de los SAIS en los reportes del Sistema de Registro Nominal de Atención Integral (SIRNAI). | O59: 1 | T59: 1 | V59: =+Tabla2[[#This Row],[Dic]]+Tabla2[[#This Row],[Nov]]+Tabla2[[#This Row],[Oct]]+Tabla2[[#This Row],[Sep]]+Tabla2[[#This Row],[Ago]]+Tabla2[[#This Row],[Jul]]+Tabla2[[#This Row],[Jun]]+Tabla2[[#This Row],[May]]+Tabla2[[#This Row],[Abr]]+Tabla2[[#This Row],[Mar]]+Tabla2[[#This Row],[Feb]]+Tabla2[[#This Row],[Ene]] -> 2 | W59: Listado de participación | X59: Agenda | Z59: DGC
B60: =IF('Formulario PPGR2'!$G62="","",CONCATENATE('Formulario PPGR2'!$C62,".",'Formulario PPGR2'!$D62,".",'Formulario PPGR2'!$E62,".",'Formulario PPGR2'!$F62)) -> #REF! | C60: =IF('Formulario PPGR2'!$G62="","",'Formulario PPGR1'!#REF!) -> #REF! | D60: =IF('Formulario PPGR2'!$G62="","",'Formulario PPGR1'!#REF!) -> #REF! | E60: =IF('Formulario PPGR2'!$G62="","",'Formulario PPGR1'!#REF!) -> #REF! | F60: =IF('Formulario PPGR2'!$G62="","",'Formulario PPGR1'!#REF!) -> #REF! | G60: 1.1.3.2 Programa de fortalecimiento de la gestión de los Servicios de Atención Integral (SAIs) para el VIH-SIDA en todos sus componentes | H60: DAR 1.1.3.2.24 | I60: Taller de capacitación sobre el manejo de la calidad de los datos y el uso eficiente de los reportes del FAPPS/SIRNAI, dirigido a los coordinadores regionales y supervisores de campo del programa de VIH. | S60: 1 | V60: =+Tabla2[[#This Row],[Dic]]+Tabla2[[#This Row],[Nov]]+Tabla2[[#This Row],[Oct]]+Tabla2[[#This Row],[Sep]]+Tabla2[[#This Row],[Ago]]+Tabla2[[#This Row],[Jul]]+Tabla2[[#This Row],[Jun]]+Tabla2[[#This Row],[May]]+Tabla2[[#This Row],[Abr]]+Tabla2[[#This Row],[Mar]]+Tabla2[[#This Row],[Feb]]+Tabla2[[#This Row],[Ene]] -> 1 | W60: Listado de participación | X60: Agenda | Z60: DGC
B61: =IF('Formulario PPGR2'!$G63="","",CONCATENATE('Formulario PPGR2'!$C63,".",'Formulario PPGR2'!$D63,".",'Formulario PPGR2'!$E63,".",'Formulario PPGR2'!$F63)) -> #REF! | C61: =IF('Formulario PPGR2'!$G63="","",'Formulario PPGR1'!#REF!) -> #REF! | D61: =IF('Formulario PPGR2'!$G63="","",'Formulario PPGR1'!#REF!) -> #REF! | E61: =IF('Formulario PPGR2'!$G63="","",'Formulario PPGR1'!#REF!) -> #REF! | F61: =IF('Formulario PPGR2'!$G63="","",'Formulario PPGR1'!#REF!) -> #REF! | G61: 1.1.3.2 Programa de fortalecimiento de la gestión de los Servicios de Atención Integral (SAIs) para el VIH-SIDA en todos sus componentes | H61: DAR 1.1.3.2.25 | I61: Taller de capacitación para la actualización del personal de los SAIs en el manejo clínico y programático de pacientes adultos, embarazadas y pediátricos con VIH. | R61: 1 | V61: =+Tabla2[[#This Row],[Dic]]+Tabla2[[#This Row],[Nov]]+Tabla2[[#This Row],[Oct]]+Tabla2[[#This Row],[Sep]]+Tabla2[[#This Row],[Ago]]+Tabla2[[#This Row],[Jul]]+Tabla2[[#This Row],[Jun]]+Tabla2[[#This Row],[May]]+Tabla2[[#This Row],[Abr]]+Tabla2[[#This Row],[Mar]]+Tabla2[[#This Row],[Feb]]+Tabla2[[#This Row],[Ene]] -> 1 | W61: Agenda | X61: Listado de participación | Z61: DGC
B62: =IF('Formulario PPGR2'!$G38="","",CONCATENATE('Formulario PPGR2'!$C38,".",'Formulario PPGR2'!$D38,".",'Formulario PPGR2'!$E38,".",'Formulario PPGR2'!$F38)) -> #REF! | C62: =IF('Formulario PPGR2'!$G38="","",'Formulario PPGR1'!#REF!) -> #REF! | D62: =IF('Formulario PPGR2'!$G38="","",'Formulario PPGR1'!#REF!) -> #REF! | E62: =IF('Formulario PPGR2'!$G38="","",'Formulario PPGR1'!#REF!) -> #REF! | F62: =IF('Formulario PPGR2'!$G38="","",'Formulario PPGR1'!#REF!) -> #REF! | G62: 1.1.3.2 Programa de fortalecimiento de la gestión de los Servicios de Atención Integral (SAIs) para el VIH-SIDA en todos sus componentes | H62: DLI 1.1.3.2.01 | I62: Seguimiento a los SRS en el levantamiento para la implementación del Sistema de Registro Nominal de VIH (SIRENP-VIH) | M62: 3 | P62: 3 | S62: 3 | U62: 1 | V62: =+Tabla2[[#This Row],[Dic]]+Tabla2[[#This Row],[Nov]]+Tabla2[[#This Row],[Oct]]+Tabla2[[#This Row],[Sep]]+Tabla2[[#This Row],[Ago]]+Tabla2[[#This Row],[Jul]]+Tabla2[[#This Row],[Jun]]+Tabla2[[#This Row],[May]]+Tabla2[[#This Row],[Abr]]+Tabla2[[#This Row],[Mar]]+Tabla2[[#This Row],[Feb]]+Tabla2[[#This Row],[Ene]] -> 10 | W62: Listado de participación | X62: Informe | Z62: DLI
B63: =IF('Formulario PPGR2'!$G64="","",CONCATENATE('Formulario PPGR2'!$C64,".",'Formulario PPGR2'!$D64,".",'Formulario PPGR2'!$E64,".",'Formulario PPGR2'!$F64)) -> #REF! | C63: =IF('Formulario PPGR2'!$G64="","",'Formulario PPGR1'!#REF!) -> #REF! | D63: =IF('Formulario PPGR2'!$G64="","",'Formulario PPGR1'!#REF!) -> #REF! | E63: =IF('Formulario PPGR2'!$G64="","",'Formulario PPGR1'!#REF!) -> #REF! | F63: =IF('Formulario PPGR2'!$G64="","",'Formulario PPGR1'!#REF!) -> #REF! | G63: 1.1.3.3 Plan de fortalecimiento de la Detección, Diagnóstico y Tratamiento (DDT) de la Tuberculosis | H63: DAR 1.1.3.3.01 | I63: Taller de Capacitación y actualización (Algoritmo, TB-DR, TB-Infantil, Diabetes y TB/VIH) al personal de salud para el fortalecimiento del programa de Tuberculosis. | L63: 2 | Q63: 2 | T63: 2 | V63: =+Tabla2[[#This Row],[Dic]]+Tabla2[[#This Row],[Nov]]+Tabla2[[#This Row],[Oct]]+Tabla2[[#This Row],[Sep]]+Tabla2[[#This Row],[Ago]]+Tabla2[[#This Row],[Jul]]+Tabla2[[#This Row],[Jun]]+Tabla2[[#This Row],[May]]+Tabla2[[#This Row],[Abr]]+Tabla2[[#This Row],[Mar]]+Tabla2[[#This Row],[Feb]]+Tabla2[[#This Row],[Ene]] -> 6 | W63: Listado de participación | X63: Agenda | Z63: DGC
B64: =IF('Formulario PPGR2'!$G65="","",CONCATENATE('Formulario PPGR2'!$C65,".",'Formulario PPGR2'!$D65,".",'Formulario PPGR2'!$E65,".",'Formulario PPGR2'!$F65)) -> #REF! | D64: =IF('Formulario PPGR2'!$G65="","",'Formulario PPGR1'!#REF!) -> #REF! | E64: =IF('Formulario PPGR2'!$G65="","",'Formulario PPGR1'!#REF!) -> #REF! | F64: =IF('Formulario PPGR2'!$G65="","",'Formulario PPGR1'!#REF!) -> #REF! | G64: 1.1.3.3 Plan de fortalecimiento de la Detección, Diagnóstico y Tratamiento (DDT) de la Tuberculosis | H64: DAR 1.1.3.3.02 | I64: Visitas de auditoría al Sistema de Información Operacional y Epidemiológico de TB (SIOE) en los EES para fortalecimiento de la calidad del dato. | L64: 15 | O64: 15 | R64: 15 | U64: 15 | V64: =+Tabla2[[#This Row],[Dic]]+Tabla2[[#This Row],[Nov]]+Tabla2[[#This Row],[Oct]]+Tabla2[[#This Row],[Sep]]+Tabla2[[#This Row],[Ago]]+Tabla2[[#This Row],[Jul]]+Tabla2[[#This Row],[Jun]]+Tabla2[[#This Row],[May]]+Tabla2[[#This Row],[Abr]]+Tabla2[[#This Row],[Mar]]+Tabla2[[#This Row],[Feb]]+Tabla2[[#This Row],[Ene]] -> 60 | W64: Informe | X64: Listado de participación | Z64: DGC
B65: =IF('Formulario PPGR2'!$G66="","",CONCATENATE('Formulario PPGR2'!$C66,".",'Formulario PPGR2'!$D66,".",'Formulario PPGR2'!$E66,".",'Formulario PPGR2'!$F66)) -> #REF! | D65: =IF('Formulario PPGR2'!$G66="","",'Formulario PPGR1'!#REF!) -> #REF! | E65: =IF('Formulario PPGR2'!$G66="","",'Formulario PPGR1'!#REF!) -> #REF! | F65: =IF('Formulario PPGR2'!$G66="","",'Formulario PPGR1'!#REF!) -> #REF! | G65: 1.1.3.3 Plan de fortalecimiento de la Detección, Diagnóstico y Tratamiento (DDT) de la Tuberculosis | H65: DAR 1.1.3.3.03 | I65: Visitas para fortalecer la implementación y el uso de los protocolos de la Terapia Preventiva de Tuberculosis (TPT) en los SAIs. | K65: 5 | M65: 5 | O65: 5 | Q65: 5 | S65: 5 | V65: =+Tabla2[[#This Row],[Dic]]+Tabla2[[#This Row],[Nov]]+Tabla2[[#This Row],[Oct]]+Tabla2[[#This Row],[Sep]]+Tabla2[[#This Row],[Ago]]+Tabla2[[#This Row],[Jul]]+Tabla2[[#This Row],[Jun]]+Tabla2[[#This Row],[May]]+Tabla2[[#This Row],[Abr]]+Tabla2[[#This Row],[Mar]]+Tabla2[[#This Row],[Feb]]+Tabla2[[#This Row],[Ene]] -> 25 | W65: Informe | X65: Listado de participación | Z65: DGC
B66: =IF('Formulario PPGR2'!$G67="","",CONCATENATE('Formulario PPGR2'!$C67,".",'Formulario PPGR2'!$D67,".",'Formulario PPGR2'!$E67,".",'Formulario PPGR2'!$F67)) -> #REF! | D66: =IF('Formulario PPGR2'!$G67="","",'Formulario PPGR1'!#REF!) -> #REF! | E66: =IF('Formulario PPGR2'!$G67="","",'Formulario PPGR1'!#REF!) -> #REF! | F66: =IF('Formulario PPGR2'!$G67="","",'Formulario PPGR1'!#REF!) -> #REF! | G66: 1.1.3.3 Plan de fortalecimiento de la Detección, Diagnóstico y Tratamiento (DDT) de la Tuberculosis | H66: DAR 1.1.3.3.04 | I66: Visitas de seguimiento a los Centros Penitenciarios para la aplicación y manejo de los protocolos, calidad del dato y la adherencia de los casos TB, TB-VIH y TB-DR. | K66: 5 | N66: 5 | Q66: 5 | T66: 5 | V66: =+Tabla2[[#This Row],[Dic]]+Tabla2[[#This Row],[Nov]]+Tabla2[[#This Row],[Oct]]+Tabla2[[#This Row],[Sep]]+Tabla2[[#This Row],[Ago]]+Tabla2[[#This Row],[Jul]]+Tabla2[[#This Row],[Jun]]+Tabla2[[#This Row],[May]]+Tabla2[[#This Row],[Abr]]+Tabla2[[#This Row],[Mar]]+Tabla2[[#This Row],[Feb]]+Tabla2[[#This Row],[Ene]] -> 20 | W66: Informe | X66: Listado de participación | Z66: DGC
